Workbook
Name CCR0: inputs!$M$2
Name rate0: inputs!$M$2
Name rate1: inputs!$M$3
Name rate10: inputs!$M$12
Name rate11: inputs!$M$13
Name rate12: inputs!$M$14
Name rate2: inputs!$M$4
Name rate3: inputs!$M$5
Name rate4: inputs!$M$6
Name rate5: inputs!$M$7
Name rate6: inputs!$M$8
Name rate7: inputs!$M$9
Name rate8: inputs!$M$10
Name rate9: inputs!$M$11

Sheet Fert Eval
B8: Diagnostics | C8: Input | D8: Cost estimate
B9: Initial Fertility Assessment (IFA)
B10: Number of diagnostic consultations with Gynecologist | C10: 2 | D10: =C10*(rate0+rate1)*40 -> 162.15098
B11: HSG required? | C11: no (default) | D11: =IF(C11="yes",(rate1*100+40*rate3+160*rate11+160*rate0+160*rate4+40*rate4+40*rate0),0) -> 0
B12: Urology or Andrology consultation with testicular ultrasound? | C12: 0 | D12: =C12*(30*rate5+90*rate11+90*rate0+90*rate4+40.99) -> 0
B13: Diagnostic operation required? | C13: no (default) | D13: =IF(C13="yes",((40*rate0)+(40*rate1)+(40*rate4)+(120*rate1)+(120*rate3)+(340*rate12)+(340*rate0)),0) -> 0
B14: Number of semen survival tests (SSTs) required? | C14: 1 | D14: =C14*((74*rate6)+(74*rate7)+(74*rate0)) -> 195.51728
C15: Initial Fertility Assessment (IFA) cost estimate | D15: =SUM(D10:D14)+IF(SUM(D10:D14)>0, ((10*rate1)+(40*(rate3))+(92.84)), 0) -> 503.16452
B17: In-vitro fertilization (IVF) intake
B18: Number of diagnostic consultations with Gynecologist | C18: 2 | D18: =C18*(rate1+rate0)*40 -> 162.15098
B19: HSG required? | C19: yes | D19: =IF(C19="yes",(rate1*100+40*rate3+160*rate11+160*rate0+160*rate4+40*rate4+40*rate0),0) -> 622.64229
B20: Urology or Andrology consultation with testicular ultrasound? | C20: 0 | D20: =C20*(30*rate5+90*rate11+90*rate0+90*rate4+40.99) -> 0
B21: Diagnostic operation required? | C21: no (default) | D21: =IF(C21="yes",((40*rate0)+(40*rate1)+(40*rate4)+(120*rate1)+(120*rate3)+(340*rate12)+(340*rate0)),0) -> 0
B22: Number of semen survival tests (SSTs) required? | C22: 1 | D22: =C22*((74*rate6)+(74*rate7)+(74*rate0)) -> 195.51728
C23: IVF intake cost estimate | D23: =SUM(D18:D22)+IF(SUM(D18:D22)>0,(71.95+7.46),0) -> 1059.7206
B25: Treatment cycles | C25: Input | D25: Cost estimate
B26: Cycle 1 | C26: OI Clomid CC or Letrozole | D26: =VLOOKUP(C26, 'Cost estimate per treatment'!$C$9:$D$25, 2, FALSE) -> 221
B27: Cycle 2 | C27: OI Clomid CC or Letrozole | D27: =VLOOKUP(C27, 'Cost estimate per treatment'!$C$9:$D$25, 2, FALSE) -> 221
B28: Cycle 3 | C28: IUI with stimulation medication | D28: =VLOOKUP(C28, 'Cost estimate per treatment'!$C$9:$D$25, 2, FALSE) -> 854
B29: Cycle 4 | C29: IVF small | D29: =VLOOKUP(C29, 'Cost estimate per treatment'!$C$9:$D$25, 2, FALSE) -> 2479
B30: Cycle 5 | C30: OI Clomid CC or Letrozole | D30: =VLOOKUP(C30, 'Cost estimate per treatment'!$C$9:$D$25, 2, FALSE) -> 221
B31: Cycle 6 | C31: FET with natural cycle | D31: =VLOOKUP(C31, 'Cost estimate per treatment'!$C$9:$D$25, 2, FALSE) -> 940
B32: Cycle 7 | C32: please select | D32: =VLOOKUP(C32, 'Cost estimate per treatment'!$C$9:$D$25, 2, FALSE) -> 0
B33: Cycle 8 | C33: please select | D33: =VLOOKUP(C33, 'Cost estimate per treatment'!$C$9:$D$25, 2, FALSE) -> 0
B34: Cycle 9 | C34: please select | D34: =VLOOKUP(C34, 'Cost estimate per treatment'!$C$9:$D$25, 2, FALSE) -> 0
B35: Cycle 10 | C35: please select | D35: =VLOOKUP(C35, 'Cost estimate per treatment'!$C$9:$D$25, 2, FALSE) -> 0
B36: Cycle 11 | C36: please select | D36: =VLOOKUP(C36, 'Cost estimate per treatment'!$C$9:$D$25, 2, FALSE) -> 0
B37: Cycle 12 | C37: please select | D37: =VLOOKUP(C37, 'Cost estimate per treatment'!$C$9:$D$25, 2, FALSE) -> 0
... B45: Cycle 20 | C45: please select | D45: =VLOOKUP(C45, 'Cost estimate per treatment'!$C$9:$D$25, 2, FALSE) -> 0
C46: Total cost estimate | D46: =SUM(D26:D42, D23, D15) -> 6498.8851

Sheet Cost estimate per treatment
B8: Item | C8: Type | D8: Cost estimate
B9: Ovulation induction | C9: OI Gonadotropins | D9: 963
C10: OI Clomid CC or Letrozole | D10: 221
B11: Intra-uterine insemination | C11: IUI with stimulation medication | D11: 854
C12: IUI with natural cycle | D12: 518
C13: IUI with stimulation medication | D13: 854
B14: In-vitro Fertilisation (IVF) | C14: IVF small | D14: 2479
C15: IVF medium | D15: 2595
C16: IVF large | D16: 2825
C17: IVF/ICSI combination medium | D17: 3010
C18: IVF/ICSI combination large | D18: 3617
C19: ICSI small | D19: 2740
C20: ICSI medium | D20: 3291
C21: ICSI large | D21: 4089
B22: Frozen embryo transfer (FET) | C22: FET with natural cycle | D22: 940
C23: FET with stimulation medication | D23: 1036
B24: Expectant monitoring | C24: Expectant monitoring | D24: 0
C25: please select | D25: 0
B28: Nr | C28: CCR name | D28: CCR per min
B29: 0 | C29: CCR0 Building, facilities, support staff | D29: 0.1087623
B30: 1 | C30: CCR1 Gynecologist and assisstant | D30: 1.918125
B31: 2 | C31: CCR2 Physician | D31: 1.0766667
B32: 3 | C32: CCR3 IVF Nurse | D32: 0.836875
B33: 4 | C33: CCR4 Clinic equipment, disposables, general medication not allocated directly | D33: 0.20695607
B34: 5 | C34: CCR5 Urology | D34: 3.3333333
B35: 6 | C35: CCR6 Staff lab (Embryologist & Clinical laboratory analysts) | D35: 2.087061
B36: 7 | C36: CCR7 General lab incl. Andrology | D36: 0.44630215
B37: 8 | C37: CCR8 Lab IVF & ICSI shared | D37: 1.8452763
B38: 9 | C38: CCR9 Lab ICSI-only | D38: 1.2050546
B39: 10 | C39: CCR10 Lab Cryopreservation | D39: 0.93812584
B40: 11 | C40: CCR11 Radiology | D40: 2.0888194
B41: 12 | C41: CCR12 OR Laparoscopy | D41: 3.193125

Sheet Fert Eval programming
A1: Step number | B1: Care Path | C1: Nr | D1: Activity | E1: Relevant CCRs | F1: n | G1: Patient time | H1: Gynecologist and DA min | I1: Arts VPG min | J1: IVF Nurse | K1: Staff Lab time (analyst and Embr) | L1: Urologist min | M1: Radiologist min | N1: Radiology lab technician min | O1: Anesthesiologist min | P1: Anesthesiologist assistant min | Q1: Pharmacy medicatieverificatie&logistiek min | R1: Pharmacy depotheek min | S1: Pharmacy productie | T1: total minutes care professional | V1: CCR0 General | W1: CCR1 Gyn with DA | X1: CCR2 Arts VPG | Y1: CCR3 IVF Nurse | Z1: CCR4 Clinic rooms (equip., disposables, meds) | AA1: CCR5 Urologist | AB1: CCR6 Lab staff | AC1: CCR7 General lab | AD1: CCR8 Lab IVF/ICSI | AE1: CCR9 Lab ICSI room | AF1: CCR10 Lab Cryo rooms | AG1: CCR11 Radiology | AH1: CCR12 OR Lapa | AI1: direct fixed disposables | AJ1: Direct medication costs | AK1: Blood test costs | AL1: total costs | AT1: Cost estimates per phase per treatment | AX1: Cost estimates from left summarized in single table (table 2 in MS)
V2: capacity cost rates
V3: =rate0 -> 0.1087623 | W3: =rate1 -> 1.918125 | X3: =rate2 -> 1.0766667 | Y3: =rate3 -> 0.836875 | Z3: =rate4 -> 0.20695607 | AA3: =rate5 -> 3.3333333 | AB3: =rate6 -> 2.087061 | AC3: =rate7 -> 0.44630215 | AD3: =rate8 -> 1.8452763 | AE3: =rate9 -> 1.2050546 | AF3: =rate10 -> 0.93812584 | AG3: =rate11 -> 2.0888194 | AH3: =rate12 -> 3.193125 | AT3: Treatment | AU3: Diagnostic | AX3: Treatment | AY3: IFA | AZ3: IUI | BA3: IUI | BB3: OI | BC3: OI | BD3: IVF | BE3: IVF | BF3: IVF | BG3: IVF | BH3: IVF | BI3: IVF
D4: Activity | AL4: total cost | AO4: item | AP4: input | AQ4: options
B5: Initial Fertility Assessment | C5: 1 | D5: Inititial Child Wish consultation | E5: CCR1 CCR4 | F5: 1 | G5: 30 | H5: 40 | I5: 0 | J5: 0 | K5: 0 | L5: 0 | M5: 0 | N5: 0 | O5: 0 | P5: 0 | Q5: 0 | R5: 0 | S5: 0 | T5: =SUM(H5:S5)*F5 -> 40 | V5: =T5*$V$3*F5 -> 4.350492 | W5: =H5*$W$3*F5 -> 76.725 | X5: =I5*$X$3*F5 -> 0 | Y5: =J5*$Y$3*F5 -> 0 | Z5: =IF(ISNUMBER(SEARCH("CCR4", E5)),(T5-K5)*$Z$3, 0) -> 8.2782429 | AA5: =L5*$AA$3*F5 -> 0 | AB5: =K5*$AB$3*F5 -> 0 | AC5: =(IF(ISNUMBER(SEARCH("CCR7", E5)),K5*$AC$3, 0))*F5 -> 0 | AD5: =(IF(ISNUMBER(SEARCH("CCR8", E5)),K5*$AD$3, 0))*F5 -> 0 | AE5: =IF(ISNUMBER(SEARCH("CCR9", E5)),K5*$AE$3*F5, 0) -> 0 | AF5: =(IF(ISNUMBER(SEARCH("CCR10", E5)),K5*$AF$3, 0))*F5 -> 0 | AG5: =(IF(ISNUMBER(SEARCH("CCR11", E5)),T5*$AG$3, 0))*F5 -> 0 | AH5: =(IF(ISNUMBER(SEARCH("CCR12", E5)),T5*$AH$3, 0))*F5 -> 0 | AI5: 0 | AK5: 0 | AL5: =SUM(V5:AK5) -> 89.353735 | AO5: HSG required (default no) | AP5: no | AQ5: no, yes | AT5: Specification of treatment | AU5: Initial Fertility Assessment | AX5: Specification of treatment | AZ5: Natural cycle | BA5: Stimulated cycle | BB5: Clomid or Letrozole | BC5: Gonado-tropins | BD5: Intake for IVF/ICSI | BE5: IVF | BF5: ½ IVF | BG5: ICSI | BH5: FET | BI5: FET
C6: 2 | D6: Life style consultation with nurse | E6: CCR3 | F6: 1 | G6: 30 | H6: 0 | I6: 0 | J6: 40 | K6: 0 | L6: 0 | M6: 0 | N6: 0 | O6: 0 | P6: 0 | Q6: 0 | R6: 0 | S6: 0 | T6: =SUM(H6:S6)*F6 -> 40 | V6: =T6*$V$3*F6 -> 4.350492 | W6: =H6*$W$3*F6 -> 0 | X6: =I6*$X$3*F6 -> 0 | Y6: =J6*$Y$3*F6 -> 33.475 | Z6: =IF(ISNUMBER(SEARCH("CCR4", E6)),(T6-K6)*$Z$3, 0) -> 0 | AA6: =L6*$AA$3*F6 -> 0 | AB6: =K6*$AB$3*F6 -> 0 | AC6: =(IF(ISNUMBER(SEARCH("CCR7", E6)),K6*$AC$3, 0))*F6 -> 0 | AD6: =(IF(ISNUMBER(SEARCH("CCR8", E6)),K6*$AD$3, 0))*F6 -> 0 | AE6: =IF(ISNUMBER(SEARCH("CCR9", E6)),K6*$AE$3*F6, 0) -> 0 | AF6: =(IF(ISNUMBER(SEARCH("CCR10", E6)),K6*$AF$3, 0))*F6 -> 0 | AG6: =IF(ISNUMBER(SEARCH("CCR11", E6)),T6*$AG$3, 0) -> 0 | AH6: =(IF(ISNUMBER(SEARCH("CCR12", E6)),T6*$AH$3, 0))*F6 -> 0 | AI6: 0 | AK6: 0 | AL6: =SUM(V6:AK6) -> 37.825492 | AO6: Laparoscopy required (default no) | AP6: no | AQ6: no, yes | BD6: internal patients | BF6: ½ICSI | BH6: Natural cycle | BI6: Stimulated cycle
C7: 3 | D7: Basal temperature cycle monitoring | E7: CCR3 | F7: 1 | G7: 10 | H7: 0 | I7: 0 | J7: 20 | K7: 0 | L7: 0 | M7: 0 | N7: 0 | O7: 0 | P7: 0 | Q7: 0 | R7: 0 | S7: 0 | T7: =SUM(H7:S7)*F7 -> 20 | V7: =T7*$V$3*F7 -> 2.175246 | W7: =H7*$W$3*F7 -> 0 | X7: =I7*$X$3*F7 -> 0 | Y7: =J7*$Y$3*F7 -> 16.7375 | Z7: =IF(ISNUMBER(SEARCH("CCR4", E7)),(T7-K7)*$Z$3, 0) -> 0 | AA7: =L7*$AA$3*F7 -> 0 | AB7: =K7*$AB$3*F7 -> 0 | AC7: =(IF(ISNUMBER(SEARCH("CCR7", E7)),K7*$AC$3, 0))*F7 -> 0 | AD7: =(IF(ISNUMBER(SEARCH("CCR8", E7)),K7*$AD$3, 0))*F7 -> 0 | AE7: =IF(ISNUMBER(SEARCH("CCR9", E7)),K7*$AE$3*F7, 0) -> 0 | AF7: =(IF(ISNUMBER(SEARCH("CCR10", E7)),K7*$AF$3, 0))*F7 -> 0 | AG7: =IF(ISNUMBER(SEARCH("CCR11", E7)),T7*$AG$3, 0) -> 0 | AH7: =(IF(ISNUMBER(SEARCH("CCR12", E7)),T7*$AH$3, 0))*F7 -> 0 | AI7: 0 | AK7: 0 | AL7: =SUM(V7:AK7) -> 18.912746 | AO7: Number of consultations Urologist or Andrologist (default 0) | AP7: 0 | AQ7: 1, 2,3… | AT7: Phase of treatment | AX7: Phase of treatment | AY7: IFA | AZ7: IUI Natural | BA7: IUI Stimulated | BB7: OI Clomid Letrozole | BC7: OI Gonadotropin | BD7: IVF Intake internal | BE7: IVF | BF7: IVF combination | BG7: ICSI | BH7: FET natural | BI7: FET stimulated
C8: 4 | D8: Blood tests throughout cycle (3) | E8: CCR3 | F8: 1 | G8: 30 | H8: 0 | I8: 0 | J8: 0 | K8: 0 | L8: 0 | M8: 0 | N8: 0 | O8: 0 | P8: 0 | Q8: 0 | R8: 0 | S8: 0 | T8: =SUM(H8:S8)*F8 -> 0 | V8: =T8*$V$3*F8 -> 0 | W8: =H8*$W$3*F8 -> 0 | X8: =I8*$X$3*F8 -> 0 | Y8: =J8*$Y$3*F8 -> 0 | Z8: =IF(ISNUMBER(SEARCH("CCR4", E8)),(T8-K8)*$Z$3, 0) -> 0 | AA8: =L8*$AA$3*F8 -> 0 | AB8: =K8*$AB$3*F8 -> 0 | AC8: =(IF(ISNUMBER(SEARCH("CCR7", E8)),K8*$AC$3, 0))*F8 -> 0 | AD8: =(IF(ISNUMBER(SEARCH("CCR8", E8)),K8*$AD$3, 0))*F8 -> 0 | AE8: =IF(ISNUMBER(SEARCH("CCR9", E8)),K8*$AE$3*F8, 0) -> 0 | AF8: =(IF(ISNUMBER(SEARCH("CCR10", E8)),K8*$AF$3, 0))*F8 -> 0 | AG8: =IF(ISNUMBER(SEARCH("CCR11", E8)),T8*$AG$3, 0) -> 0 | AH8: =(IF(ISNUMBER(SEARCH("CCR12", E8)),T8*$AH$3, 0))*F8 -> 0 | AI8: 0 | AK8: =inputs!$E$38*F8 -> 110.64 | AL8: =SUM(V8:AK8) -> 110.64 | AO8: Number of SSTs required (default 1) | AP8: 1 | AQ8: 1, 2, 3… | AT8: Intake and/or diagnostics | AU8: =SUM(AL5:AL15) -> 436.66072 | AX8: Intake and/or diagnostics | AY8: 436.66072 | AZ8: 14.18 | BA8: 14.18 | BB8: 0 | BC8: 78.116547 | BD8: 356.62 | BH8: 47.121909 | BI8: 47.12
C9: 5 | D9: Laboratory preparation for semen survival test (SST) | E9: CCR7 CCR6 | F9: =$AP$8 -> 1 | G9: 5 | H9: 0 | I9: 0 | J9: 0 | K9: 6.1 | L9: 0 | M9: 0 | N9: 0 | O9: 0 | P9: 0 | Q9: 0 | R9: 0 | S9: 0 | T9: =SUM(H9:S9)*F9 -> 6.1 | V9: =T9*$V$3*F9 -> 0.66345003 | W9: =H9*$W$3*F9 -> 0 | X9: =I9*$X$3*F9 -> 0 | Y9: =J9*$Y$3*F9 -> 0 | Z9: =IF(ISNUMBER(SEARCH("CCR4", E9)),(T9-K9)*$Z$3, 0) -> 0 | AA9: =L9*$AA$3*F9 -> 0 | AB9: =K9*$AB$3*F9 -> 12.731072 | AC9: =(IF(ISNUMBER(SEARCH("CCR7", E9)),K9*$AC$3, 0))*F9 -> 2.7224431 | AD9: =(IF(ISNUMBER(SEARCH("CCR8", E9)),K9*$AD$3, 0))*F9 -> 0 | AE9: =IF(ISNUMBER(SEARCH("CCR9", E9)),K9*$AE$3*F9, 0) -> 0 | AF9: =(IF(ISNUMBER(SEARCH("CCR10", E9)),K9*$AF$3, 0))*F9 -> 0 | AG9: =IF(ISNUMBER(SEARCH("CCR11", E9)),T9*$AG$3, 0) -> 0 | AH9: =(IF(ISNUMBER(SEARCH("CCR12", E9)),T9*$AH$3, 0))*F9 -> 0 | AI9: 0 | AK9: 0 | AL9: =SUM(V9:AK9) -> 16.116965 | AO9: Total number of consultations clinic (default 2) | AP9: 2 | AQ9: 2, 3, 4, | AT9: Stimulation and/or monitoring | AX9: Stimulation and/or monitoring | AZ9: 94.13 | BA9: 430.43 | BB9: 55.913309 | BC9: 612.38111 | BE9: 853.925 | BF9: 858.65319 | BG9: 853.925 | BH9: 113.48 | BI9: 209.56
C10: 6 | D10: Laboratory processing on day of sement surivival test (SST) | E10: CCR6 CCR7 | F10: =$AP$8 -> 1 | G10: 30 | H10: 0 | I10: 0 | J10: 0 | K10: 15 | L10: 0 | M10: 0 | N10: 0 | O10: 0 | P10: 0 | Q10: 0 | R10: 0 | S10: 0 | T10: =SUM(H10:S10)*F10 -> 15 | V10: =T10*$V$3*F10 -> 1.6314345 | W10: =H10*$W$3*F10 -> 0 | X10: =I10*$X$3*F10 -> 0 | Y10: =J10*$Y$3*F10 -> 0 | Z10: =IF(ISNUMBER(SEARCH("CCR4", E10)),(T10-K10)*$Z$3, 0) -> 0 | AA10: =L10*$AA$3*F10 -> 0 | AB10: =K10*$AB$3*F10 -> 31.305915 | AC10: =(IF(ISNUMBER(SEARCH("CCR7", E10)),K10*$AC$3, 0))*F10 -> 6.6945322 | AD10: =(IF(ISNUMBER(SEARCH("CCR8", E10)),K10*$AD$3, 0))*F10 -> 0 | AE10: =IF(ISNUMBER(SEARCH("CCR9", E10)),K10*$AE$3*F10, 0) -> 0 | AF10: =(IF(ISNUMBER(SEARCH("CCR10", E10)),K10*$AF$3, 0))*F10 -> 0 | AG10: =IF(ISNUMBER(SEARCH("CCR11", E10)),T10*$AG$3, 0) -> 0 | AH10: =(IF(ISNUMBER(SEARCH("CCR12", E10)),T10*$AH$3, 0))*F10 -> 0 | AI10: 0 | AK10: 0 | AL10: =SUM(V10:AK10) -> 39.631882 | AT10: Egg retrieval | AX10: Egg retrieval | BE10: 637.66173 | BF10: 1025.9702 | BG10: 995.38314
C11: 7 | D11: SST in laboratory, including wash, count, evaluation and administration | E11: CCR7 CCR6 | F11: =$AP$8 -> 1 | G11: 30 | H11: 0 | I11: 0 | J11: 0 | K11: =47 -> 47 | L11: 0 | M11: 0 | N11: 0 | O11: 0 | P11: 0 | Q11: 0 | R11: 0 | S11: 0 | T11: =SUM(H11:S11)*F11 -> 47 | V11: =T11*$V$3*F11 -> 5.1118281 | W11: =H11*$W$3*F11 -> 0 | X11: =I11*$X$3*F11 -> 0 | Y11: =J11*$Y$3*F11 -> 0 | Z11: =IF(ISNUMBER(SEARCH("CCR4", E11)),(T11-K11)*$Z$3, 0) -> 0 | AA11: =L11*$AA$3*F11 -> 0 | AB11: =K11*$AB$3*F11 -> 98.091868 | AC11: =(IF(ISNUMBER(SEARCH("CCR7", E11)),K11*$AC$3, 0))*F11 -> 20.976201 | AD11: =(IF(ISNUMBER(SEARCH("CCR8", E11)),K11*$AD$3, 0))*F11 -> 0 | AE11: =IF(ISNUMBER(SEARCH("CCR9", E11)),K11*$AE$3*F11, 0) -> 0 | AF11: =(IF(ISNUMBER(SEARCH("CCR10", E11)),K11*$AF$3, 0))*F11 -> 0 | AG11: =IF(ISNUMBER(SEARCH("CCR11", E11)),T11*$AG$3, 0) -> 0 | AH11: =(IF(ISNUMBER(SEARCH("CCR12", E11)),T11*$AH$3, 0))*F11 -> 0 | AI11: 0 | AK11: 0 | AL11: =SUM(V11:AK11) -> 124.1799 | AT11: Insemination and/or fertilization | AX11: Insemination and/or fertilization | AZ11: 234.85 | BA11: 234.85 | BE11: 441.75445 | BF11: 632.06982 | BG11: 479.19302
C12: 8 | D12: Consultation in case HSG or Laparoscopy are required | E12: CCR1 CCR2 CCR4 | F12: =IF(OR(AP5 ="yes", AP6="yes"), 1, 0) -> 0 | G12: 30 | H12: 30 | I12: 0 | J12: 0 | K12: 0 | L12: 0 | M12: 0 | N12: 0 | O12: 0 | P12: 0 | Q12: 0 | R12: 0 | S12: 0 | T12: =SUM(H12:S12)*F12 -> 0 | V12: =T12*$V$3*F12 -> 0 | W12: =H12*$W$3*F12 -> 0 | X12: =I12*$X$3*F12 -> 0 | Y12: =J12*$Y$3*F12 -> 0 | Z12: =IF(ISNUMBER(SEARCH("CCR4", E12)),(T12-K12)*$Z$3, 0) -> 0 | AA12: =L12*$AA$3*F12 -> 0 | AB12: =K12*$AB$3*F12 -> 0 | AC12: =(IF(ISNUMBER(SEARCH("CCR7", E12)),K12*$AC$3, 0))*F12 -> 0 | AD12: =(IF(ISNUMBER(SEARCH("CCR8", E12)),K12*$AD$3, 0))*F12 -> 0 | AE12: =IF(ISNUMBER(SEARCH("CCR9", E12)),K12*$AE$3*F12, 0) -> 0 | AF12: =(IF(ISNUMBER(SEARCH("CCR10", E12)),K12*$AF$3, 0))*F12 -> 0 | AG12: =IF(ISNUMBER(SEARCH("CCR11", E12)),T12*$AG$3, 0) -> 0 | AH12: =(IF(ISNUMBER(SEARCH("CCR12", E12)),T12*$AH$3, 0))*F12 -> 0 | AI12: 0 | AK12: 0 | AL12: =SUM(V12:AK12) -> 0 | AT12: Embryo Transfer | AX12: Embryo Transfer | BE12: 293.98836 | BF12: 293.98836 | BG12: 293.98836 | BH12: 293.99 | BI12: 293.99
C13: 9a | D13: Diagnostics: Hysterosalpingography (HSG) | E13: CCR1 CCR3 CCR11 CCR4 | F13: =IF(AP5="yes", 1, 0) -> 0 | G13: 30 | H13: 60 | I13: 0 | J13: 40 | K13: 0 | L13: 0 | M13: 30 | N13: 30 | O13: 0 | P13: 0 | Q13: 0 | R13: 0 | S13: 0 | T13: =SUM(H13:S13)*F13 -> 0 | V13: =T13*$V$3*F13 -> 0 | W13: =H13*$W$3*F13 -> 0 | X13: =I13*$X$3*F13 -> 0 | Y13: =J13*$Y$3*F13 -> 0 | Z13: =IF(ISNUMBER(SEARCH("CCR4", E13)),(T13-K13)*$Z$3, 0) -> 0 | AA13: =L13*$AA$3*F13 -> 0 | AB13: =K13*$AB$3*F13 -> 0 | AC13: =(IF(ISNUMBER(SEARCH("CCR7", E13)),K13*$AC$3, 0))*F13 -> 0 | AD13: =(IF(ISNUMBER(SEARCH("CCR8", E13)),K13*$AD$3, 0))*F13 -> 0 | AE13: =IF(ISNUMBER(SEARCH("CCR9", E13)),K13*$AE$3*F13, 0) -> 0 | AF13: =(IF(ISNUMBER(SEARCH("CCR10", E13)),K13*$AF$3, 0))*F13 -> 0 | AG13: =IF(ISNUMBER(SEARCH("CCR11", E13)),T13*$AG$3, 0) -> 0 | AH13: =(IF(ISNUMBER(SEARCH("CCR12", E13)),T13*$AH$3, 0))*F13 -> 0 | AI13: 0 | AK13: 0 | AL13: =SUM(V13:AK13) -> 0 | AT13: Freezing or thawing | AX13: Freezing or thawing | BE13: 207.55321 | BF13: 207.55321 | BG13: 207.55321 | BH13: 301.11 | BI13: 301.11
C14: 9b | D14: Diagnostics: Laparoscopy | E14: CCR1 CCR12 CCR3 | F14: =IF(AP6="yes", 1, 0) -> 0 | G14: 60 | H14: 120 | I14: 0 | J14: 120 | K14: 0 | L14: 0 | M14: 0 | N14: 0 | O14: 40 | P14: 40 | Q14: 20 | R14: 0 | S14: 0 | T14: =SUM(H14:S14)*F14 -> 0 | V14: =T14*$V$3*F14 -> 0 | W14: =H14*$W$3*F14 -> 0 | X14: =I14*$X$3*F14 -> 0 | Y14: =J14*$Y$3*F14 -> 0 | Z14: =IF(ISNUMBER(SEARCH("CCR4", E14)),(T14-K14)*$Z$3, 0) -> 0 | AA14: =L14*$AA$3*F14 -> 0 | AB14: =K14*$AB$3*F14 -> 0 | AC14: =(IF(ISNUMBER(SEARCH("CCR7", E14)),K14*$AC$3, 0))*F14 -> 0 | AD14: =(IF(ISNUMBER(SEARCH("CCR8", E14)),K14*$AD$3, 0))*F14 -> 0 | AE14: =IF(ISNUMBER(SEARCH("CCR9", E14)),K14*$AE$3*F14, 0) -> 0 | AF14: =(IF(ISNUMBER(SEARCH("CCR10", E14)),K14*$AF$3, 0))*F14 -> 0 | AG14: =IF(ISNUMBER(SEARCH("CCR11", E14)),T14*$AG$3, 0) -> 0 | AH14: =(IF(ISNUMBER(SEARCH("CCR12", E14)),T14*$AH$3, 0))*F14 -> 0 | AI14: 0 | AK14: 0 | AL14: =SUM(V14:AK14) -> 0 | AT14: Evaluation | AU14: 67.02 | AX14: Evaluation | AY14: 67.02 | AZ14: 174.84 | BA14: 174.84 | BB14: 165.5106 | BC14: 272.87208 | BE14: 174.84465 | BF14: 174.84465 | BG14: 174.84465 | BH14: 184.18 | BI14: 184.18
C15: 10 | D15: Diagnostics: Consultation with Urologist or Andrologist and testicular ultrasound | E15: CCR4 CCR5 CCR11 | F15: =AP7 -> 0 | G15: 30 | H15: 0 | I15: 0 | J15: 0 | K15: 0 | L15: 30 | M15: 30 | N15: 30 | O15: 0 | P15: 0 | Q15: 0 | R15: 0 | S15: 0 | T15: =SUM(H15:S15)*F15 -> 0 | V15: =T15*$V$3*F15 -> 0 | W15: =H15*$W$3*F15 -> 0 | X15: =I15*$X$3*F15 -> 0 | Y15: =J15*$Y$3*F15 -> 0 | Z15: =IF(ISNUMBER(SEARCH("CCR4", E15)),(T15-K15)*$Z$3, 0) -> 0 | AA15: =L15*$AA$3*F15 -> 0 | AB15: =K15*$AB$3*F15 -> 0 | AC15: =(IF(ISNUMBER(SEARCH("CCR7", E15)),K15*$AC$3, 0))*F15 -> 0 | AD15: =(IF(ISNUMBER(SEARCH("CCR8", E15)),K15*$AD$3, 0))*F15 -> 0 | AE15: =IF(ISNUMBER(SEARCH("CCR9", E15)),K15*$AE$3*F15, 0) -> 0 | AF15: =(IF(ISNUMBER(SEARCH("CCR10", E15)),K15*$AF$3, 0))*F15 -> 0 | AG15: =IF(ISNUMBER(SEARCH("CCR11", E15)),T15*$AG$3, 0) -> 0 | AH15: =(IF(ISNUMBER(SEARCH("CCR12", E15)),T15*$AH$3, 0))*F15 -> 0 | AI15: 0 | AK15: =(inputs!E55)*F15 -> 0 | AL15: =SUM(V15:AK15) -> 0 | AT15: Total | AU15: =SUM(AU8:AU14) -> 503.68072 | AX15: Total | AY15: =SUM(AY8:AY14) -> 503.68072 | AZ15: 518 | BA15: =SUM(BA8:BA14) -> 854.3 | BB15: =SUM(BB8:BB14) -> 221.42391 | BC15: =SUM(BC8:BC14) -> 963.36974 | BD15: =SUM(BD8:BD14) -> 356.62 | BE15: =SUM(BE8:BE14) -> 2609.7274 | BF15: =SUM(BF8:BF14) -> 3193.0794 | BG15: =SUM(BG8:BG14) -> 3004.8874 | BH15: =SUM(BH8:BH14) -> 939.88191 | BI15: 1035.96
C16: 11 | D16: Concluding consultation to discuss IFA results and treatment plan | E16: CCR1 CCR4 | F16: =AP9-1-F12 -> 1 | G16: 30 | H16: 30 | I16: 0 | J16: 0 | K16: 0 | L16: 0 | M16: 0 | N16: 0 | O16: 0 | P16: 0 | Q16: 0 | R16: 0 | S16: 0 | T16: =SUM(H16:S16)*F16 -> 30 | V16: =T16*$V$3*F16 -> 3.262869 | W16: =H16*$W$3*F16 -> 57.54375 | X16: =I16*$X$3*F16 -> 0 | Y16: =J16*$Y$3*F16 -> 0 | Z16: =IF(ISNUMBER(SEARCH("CCR4", E16)),(T16-K16)*$Z$3, 0) -> 6.2086821 | AA16: =L16*$AA$3*F16 -> 0 | AB16: =K16*$AB$3*F16 -> 0 | AC16: =(IF(ISNUMBER(SEARCH("CCR7", E16)),K16*$AC$3, 0))*F16 -> 0 | AD16: =(IF(ISNUMBER(SEARCH("CCR8", E16)),K16*$AD$3, 0))*F16 -> 0 | AE16: =IF(ISNUMBER(SEARCH("CCR9", E16)),K16*$AE$3*F16, 0) -> 0 | AF16: =(IF(ISNUMBER(SEARCH("CCR10", E16)),K16*$AF$3, 0))*F16 -> 0 | AG16: =IF(ISNUMBER(SEARCH("CCR11", E16)),T16*$AG$3, 0) -> 0 | AH16: =(IF(ISNUMBER(SEARCH("CCR12", E16)),T16*$AH$3, 0))*F16 -> 0 | AI16: 0 | AK16: 0 | AL16: =SUM(V16:AK16) -> 67.015301 | AX16: Cost breakdown/stratification:
E17: Totals configured | G17: =($F5*G5)+($F6*G6)+($F7*G7)+($F8*G8)+($F9*G9)+($F10*G10)+($F11*G11)+($F12*G12)+($F13*G13)+($F14*G14)+($F15*G15)+($F16*G16) -> 195 | H17: =($F5*H5)+($F6*H6)+($F7*H7)+($F8*H8)+($F9*H9)+($F10*H10)+($F11*H11)+($F12*H12)+($F13*H13)+($F14*H14)+($F15*H15)+($F16*H16) -> 70 | I17: =($F5*I5)+($F6*I6)+($F7*I7)+($F8*I8)+($F9*I9)+($F10*I10)+($F11*I11)+($F12*I12)+($F13*I13)+($F14*I14)+($F15*I15)+($F16*I16) -> 0 | J17: =($F5*J5)+($F6*J6)+($F7*J7)+($F8*J8)+($F9*J9)+($F10*J10)+($F11*J11)+($F12*J12)+($F13*J13)+($F14*J14)+($F15*J15)+($F16*J16) -> 60 | K17: =($F5*K5)+($F6*K6)+($F7*K7)+($F8*K8)+($F9*K9)+($F10*K10)+($F11*K11)+($F12*K12)+($F13*K13)+($F14*K14)+($F15*K15)+($F16*K16) -> 68.1 | L17: =($F5*L5)+($F6*L6)+($F7*L7)+($F8*L8)+($F9*L9)+($F10*L10)+($F11*L11)+($F12*L12)+($F13*L13)+($F14*L14)+($F15*L15)+($F16*L16) -> 0 | M17: =($F5*M5)+($F6*M6)+($F7*M7)+($F8*M8)+($F9*M9)+($F10*M10)+($F11*M11)+($F12*M12)+($F13*M13)+($F14*M14)+($F15*M15)+($F16*M16) -> 0 | N17: =($F5*N5)+($F6*N6)+($F7*N7)+($F8*N8)+($F9*N9)+($F10*N10)+($F11*N11)+($F12*N12)+($F13*N13)+($F14*N14)+($F15*N15)+($F16*N16) -> 0 | ... S17: =($F5*S5)+($F6*S6)+($F7*S7)+($F8*S8)+($F9*S9)+($F10*S10)+($F11*S11)+($F12*S12)+($F13*S13)+($F14*S14)+($F15*S15)+($F16*S16) -> 0 | T17: =SUM(T5:T16) -> 198.1 | V17: =SUM(V5:V16) -> 21.545811 | W17: =SUM(W5:W16) -> 134.26875 | X17: =SUM(X5:X16) -> 0 | Y17: =SUM(Y5:Y16) -> 50.2125 | Z17: =SUM(Z5:Z16) -> 14.486925 | AA17: =SUM(AA5:AA16) -> 0 | AB17: =SUM(AB5:AB16) -> 142.12885 | AC17: =SUM(AC5:AC16) -> 30.393176 | ... AL17: =SUM(AL5:AL16) -> 503.67602
E18: Totals | G18: =SUM(G5:G16) -> 345 | H18: =SUM(H5:H16) -> 280 | I18: =SUM(I5:I16) -> 0 | J18: =SUM(J5:J16) -> 220 | K18: =SUM(K5:K16) -> 68.1 | L18: =SUM(L5:L16) -> 30 | M18: =SUM(M5:M16) -> 60 | N18: =SUM(N5:N16) -> 60 | ... S18: =SUM(S5:S16) -> 0 | T18: =SUM(H18:S18) -> 818.1
B20: OI Letrozol of Clomid CC | C20: 1 | D20: Prepatory treatment with progestin (if needed) | E20: CCR1 CCR3 | F20: =IF($AP$26="no", 0, 1) -> 0 | G20: 30 | H20: 10 | I20: 0 | J20: 0 | K20: 0 | L20: 0 | M20: 0 | N20: 0 | O20: 0 | P20: 0 | Q20: 0 | R20: 0 | S20: 0 | T20: =SUM(H20:S20)*F20 -> 0 | V20: =T20*$V$3*F20 -> 0 | W20: =H20*$W$3*F20 -> 0 | X20: =I20*$X$3*F20 -> 0 | Y20: =J20*$Y$3*F20 -> 0 | Z20: =IF(ISNUMBER(SEARCH("CCR4", E20)),(T20-K20)*$Z$3, 0) -> 0 | AA20: =L20*$AA$3*F20 -> 0 | AB20: =K20*$AB$3*F20 -> 0 | AC20: =(IF(ISNUMBER(SEARCH("CCR7", E20)),K20*$AC$3, 0))*F20 -> 0 | AD20: =(IF(ISNUMBER(SEARCH("CCR8", E20)),K20*$AD$3, 0))*F20 -> 0 | AE20: =IF(ISNUMBER(SEARCH("CCR9", E20)),K20*$AE$3*F20, 0) -> 0 | AF20: =(IF(ISNUMBER(SEARCH("CCR10", E20)),K20*$AF$3, 0))*F20 -> 0 | AG20: =IF(ISNUMBER(SEARCH("CCR11", E20)),T20*$AG$3, 0) -> 0 | AH20: =(IF(ISNUMBER(SEARCH("CCR12", E20)),T20*$AH$3, 0))*F20 -> 0 | AI20: 0 | AK20: 0 | AL20: =SUM(V20:AK20) -> 0 | AX20: Significant disposables, blood tests | AY20: =SUM(AK5:AK16)+SUM(AI5:AI16) -> 110.64 | AZ20: =SUM(AK220:AK236)+SUM(AI220:AI236) -> 44.4906 | BA20: 205.37631 | BB20: =SUM(AI20:AI34)+SUM(AK20:AK34) -> 52.49 | BC20: =SUM(AI38:AI58)+SUM(AK38:AK58) -> 85.2 | BD20: 71.95 | BE20: 173.70293 | BF20: 173.70293 | BG20: 243.5776 | BH20: 73.506833 | BI20: 73.506833
C21: 2 | D21: Treatment | E21: CCR1 | F21: 1 | G21: 30 | H21: 15 | I21: 0 | J21: 0 | K21: 0 | L21: 0 | M21: 0 | N21: 0 | O21: 0 | P21: 0 | Q21: 0 | R21: 0 | S21: 0 | T21: =SUM(H21:S21)*F21 -> 15 | V21: =T21*$V$3*F21 -> 1.6314345 | W21: =H21*$W$3*F21 -> 28.771875 | X21: =I21*$X$3*F21 -> 0 | Y21: =J21*$Y$3*F21 -> 0 | Z21: =IF(ISNUMBER(SEARCH("CCR4", E21)),(T21-K21)*$Z$3, 0) -> 0 | AA21: =L21*$AA$3*F21 -> 0 | AB21: =K21*$AB$3*F21 -> 0 | AC21: =(IF(ISNUMBER(SEARCH("CCR7", E21)),K21*$AC$3, 0))*F21 -> 0 | AD21: =(IF(ISNUMBER(SEARCH("CCR8", E21)),K21*$AD$3, 0))*F21 -> 0 | AE21: =IF(ISNUMBER(SEARCH("CCR9", E21)),K21*$AE$3*F21, 0) -> 0 | AF21: =(IF(ISNUMBER(SEARCH("CCR10", E21)),K21*$AF$3, 0))*F21 -> 0 | AG21: =IF(ISNUMBER(SEARCH("CCR11", E21)),T21*$AG$3, 0) -> 0 | AH21: =(IF(ISNUMBER(SEARCH("CCR12", E21)),T21*$AH$3, 0))*F21 -> 0 | AI21: 0 | AJ21: =inputs!$E$26 -> 4.5 | AK21: 0 | AL21: =SUM(V21:AK21) -> 34.903309 | AO21: item | AP21: input | AQ21: options | AT21: Treatment | AU21: OI | AX21: Direct medication costs | AY21: =SUM(AJ5:AJ16) -> 0 | AZ21: =SUM(AJ220:AJ236) -> 0 | BA21: 22.72 | BB21: =SUM(AJ20:AJ34) -> 4.5 | BC21: =SUM(AJ38:AJ58) -> 182.02 | BD21: 0 | BE21: 526.80571 | BF21: 526.80571 | BG21: 526.80571 | BH21: 18.22 | BI21: 47.105714
C22: 3 | D22: Evaluation consultation with ultrasound | E22: CCR1 CCR3 CCR4 | F22: 0 | G22: 30 | H22: 30 | I22: 0 | J22: 0 | K22: 0 | L22: 0 | M22: 0 | N22: 0 | O22: 0 | P22: 0 | Q22: 0 | R22: 0 | S22: 0 | T22: =SUM(H22:S22)*F22 -> 0 | V22: =T22*$V$3*F22 -> 0 | W22: =H22*$W$3*F22 -> 0 | X22: =I22*$X$3*F22 -> 0 | Y22: =J22*$Y$3*F22 -> 0 | Z22: =IF(ISNUMBER(SEARCH("CCR4", E22)),(T22-K22)*$Z$3, 0) -> 0 | AA22: =L22*$AA$3*F22 -> 0 | AB22: =K22*$AB$3*F22 -> 0 | AC22: =(IF(ISNUMBER(SEARCH("CCR7", E22)),K22*$AC$3, 0))*F22 -> 0 | AD22: =(IF(ISNUMBER(SEARCH("CCR8", E22)),K22*$AD$3, 0))*F22 -> 0 | AE22: =IF(ISNUMBER(SEARCH("CCR9", E22)),K22*$AE$3*F22, 0) -> 0 | AF22: =(IF(ISNUMBER(SEARCH("CCR10", E22)),K22*$AF$3, 0))*F22 -> 0 | AG22: =IF(ISNUMBER(SEARCH("CCR11", E22)),T22*$AG$3, 0) -> 0 | AH22: =(IF(ISNUMBER(SEARCH("CCR12", E22)),T22*$AH$3, 0))*F22 -> 0 | AI22: 0 | AK22: 0 | AL22: =SUM(V22:AK22) -> 0 | AO22: HSG required (default no) | AP22: no | AQ22: no, yes | AT22: Specification of treatment | AU22: Clomid or Letrozole | AX22: CCR0: building, facilities, support staff | AY22: =SUM(V5:V16) -> 21.545811 | AZ22: =SUM(V220:V236) -> 33.901209 | BA22: 58.916538 | BB22: =SUM(V20:V34) -> 8.1571724 | BC22: =SUM(V38:V58) -> 69.06406 | BD22: 12.47564 | BE22: 102.04079 | BF22: 116.90812 | BG22: 110.00965 | BH22: 45.176907 | BI22: 54.965514
C23: 4 | D23: Blood test | E23: CCR3 | F23: 1 | G23: 10 | H23: 0 | I23: 0 | J23: 0 | K23: 0 | L23: 0 | M23: 0 | N23: 0 | O23: 0 | P23: 0 | Q23: 0 | R23: 0 | S23: 0 | T23: =SUM(H23:S23)*F23 -> 0 | V23: =T23*$V$3*F23 -> 0 | W23: =H23*$W$3*F23 -> 0 | X23: =I23*$X$3*F23 -> 0 | Y23: =J23*$Y$3*F23 -> 0 | Z23: =IF(ISNUMBER(SEARCH("CCR4", E23)),(T23-K23)*$Z$3, 0) -> 0 | AA23: =L23*$AA$3*F23 -> 0 | AB23: =K23*$AB$3*F23 -> 0 | AC23: =(IF(ISNUMBER(SEARCH("CCR7", E23)),K23*$AC$3, 0))*F23 -> 0 | AD23: =(IF(ISNUMBER(SEARCH("CCR8", E23)),K23*$AD$3, 0))*F23 -> 0 | AE23: =IF(ISNUMBER(SEARCH("CCR9", E23)),K23*$AE$3*F23, 0) -> 0 | AF23: =(IF(ISNUMBER(SEARCH("CCR10", E23)),K23*$AF$3, 0))*F23 -> 0 | AG23: =IF(ISNUMBER(SEARCH("CCR11", E23)),T23*$AG$3, 0) -> 0 | AH23: =(IF(ISNUMBER(SEARCH("CCR12", E23)),T23*$AH$3, 0))*F23 -> 0 | AI23: 0 | AK23: =inputs!E56*F23 -> 21.01 | AL23: =SUM(V23:AK23) -> 21.01 | AO23: Laparoscopy required (default no) | AP23: no | AQ23: no, yes | AX23: CCR1: Gyn with DA | AY23: =SUM(W5:W16) -> 134.26875 | AZ23: =SUM(W220:W236) -> 57.54375 | BA23: 57.54375 | BB23: =SUM(W20:W34) -> 143.85938 | BC23: =SUM(W38:W58) -> 57.54375 | BD23: 76.725 | BE23: 57.54375 | BF23: 57.54375 | BG23: 57.54375 | BH23: 0 | BI23: 0
C24: 5 | D24: Treatment with fixed dosage | E24: CCR1 CCR3 | F24: 0 | G24: 30 | H24: 15 | I24: 0 | J24: 0 | K24: 0 | L24: 0 | M24: 0 | N24: 0 | O24: 0 | P24: 0 | Q24: 0 | R24: 0 | S24: 0 | T24: =SUM(H24:S24)*F24 -> 0 | V24: =T24*$V$3*F24 -> 0 | W24: =H24*$W$3*F24 -> 0 | X24: =I24*$X$3*F24 -> 0 | Y24: =J24*$Y$3*F24 -> 0 | Z24: =IF(ISNUMBER(SEARCH("CCR4", E24)),(T24-K24)*$Z$3, 0) -> 0 | AA24: =L24*$AA$3*F24 -> 0 | AB24: =K24*$AB$3*F24 -> 0 | AC24: =(IF(ISNUMBER(SEARCH("CCR7", E24)),K24*$AC$3, 0))*F24 -> 0 | AD24: =(IF(ISNUMBER(SEARCH("CCR8", E24)),K24*$AD$3, 0))*F24 -> 0 | AE24: =IF(ISNUMBER(SEARCH("CCR9", E24)),K24*$AE$3*F24, 0) -> 0 | AF24: =(IF(ISNUMBER(SEARCH("CCR10", E24)),K24*$AF$3, 0))*F24 -> 0 | AG24: =IF(ISNUMBER(SEARCH("CCR11", E24)),T24*$AG$3, 0) -> 0 | AH24: =(IF(ISNUMBER(SEARCH("CCR12", E24)),T24*$AH$3, 0))*F24 -> 0 | AI24: 0 | AK24: 0 | AL24: =SUM(V24:AK24) -> 0 | AO24: Total number of consultations (default 1 per round) | AP24: 1 | AQ24: 6, 7, 8, 9 | AT24: Phase of treatment | AX24: CCR2 Physician/Arts VPG | AY24: =SUM(X5:X16) -> 0 | AZ24: =SUM(X220:X236) -> 123.81667 | BA24: 172.26667 | BB24: =SUM(X20:X34) -> 0 | BC24: =SUM(X38:X58) -> 258.4 | BD24: 0 | BE24: 204.56667 | BF24: 204.56667 | BG24: 204.56667 | BH24: 129.2 | BI24: 161.5
C25: 6 | D25: Evaluation consultation with ultrasound | E25: CCR1 CCR3 CCR4 | F25: 0 | G25: 30 | H25: 30 | I25: 0 | J25: 0 | K25: 0 | L25: 0 | M25: 0 | N25: 0 | O25: 0 | P25: 0 | Q25: 0 | R25: 0 | S25: 0 | T25: =SUM(H25:S25)*F25 -> 0 | V25: =T25*$V$3*F25 -> 0 | W25: =H25*$W$3*F25 -> 0 | X25: =I25*$X$3*F25 -> 0 | Y25: =J25*$Y$3*F25 -> 0 | Z25: =IF(ISNUMBER(SEARCH("CCR4", E25)),(T25-K25)*$Z$3, 0) -> 0 | AA25: =L25*$AA$3*F25 -> 0 | AB25: =K25*$AB$3*F25 -> 0 | AC25: =(IF(ISNUMBER(SEARCH("CCR7", E25)),K25*$AC$3, 0))*F25 -> 0 | AD25: =(IF(ISNUMBER(SEARCH("CCR8", E25)),K25*$AD$3, 0))*F25 -> 0 | AE25: =IF(ISNUMBER(SEARCH("CCR9", E25)),K25*$AE$3*F25, 0) -> 0 | AF25: =(IF(ISNUMBER(SEARCH("CCR10", E25)),K25*$AF$3, 0))*F25 -> 0 | AG25: =IF(ISNUMBER(SEARCH("CCR11", E25)),T25*$AG$3, 0) -> 0 | AH25: =(IF(ISNUMBER(SEARCH("CCR12", E25)),T25*$AH$3, 0))*F25 -> 0 | AI25: 0 | AK25: 0 | AL25: =SUM(V25:AK25) -> 0 | AO25: Number of blood tests ordered total (default 1 per round) | AP25: 1 | AQ25: 1, 2, 3, 4, | AT25: Intake and/or diagnostics | AU25: =SUM(AL30:AL31) -> 0 | AX25: CCR3 IVF Nurse | AY25: =SUM(Y5:Y16) -> 50.2125 | AZ25: =SUM(Y220:Y236) -> 96.240625 | BA25: 150.6375 | BB25: =SUM(Y20:Y34) -> 0 | BC25: =SUM(Y38:Y58) -> 196.66563 | BD25: 0 | BE25: 288.72188 | BF25: 292.90625 | BG25: 288.72188 | BH25: 154.82188 | BI25: 179.92813
C26: 7 | D26: Blood test | E26: CCR3 | F26: =AP25-F23 -> 0 | G26: 10 | H26: 0 | I26: 0 | J26: 5 | K26: 0 | L26: 0 | M26: 0 | N26: 0 | O26: 0 | P26: 0 | Q26: 0 | R26: 0 | S26: 0 | T26: =SUM(H26:S26)*F26 -> 0 | V26: =T26*$V$3*F26 -> 0 | W26: =H26*$W$3*F26 -> 0 | X26: =I26*$X$3*F26 -> 0 | Y26: =J26*$Y$3*F26 -> 0 | Z26: =IF(ISNUMBER(SEARCH("CCR4", E26)),(T26-K26)*$Z$3, 0) -> 0 | AA26: =L26*$AA$3*F26 -> 0 | AB26: =K26*$AB$3*F26 -> 0 | AC26: =(IF(ISNUMBER(SEARCH("CCR7", E26)),K26*$AC$3, 0))*F26 -> 0 | AD26: =(IF(ISNUMBER(SEARCH("CCR8", E26)),K26*$AD$3, 0))*F26 -> 0 | AE26: =IF(ISNUMBER(SEARCH("CCR9", E26)),K26*$AE$3*F26, 0) -> 0 | AF26: =(IF(ISNUMBER(SEARCH("CCR10", E26)),K26*$AF$3, 0))*F26 -> 0 | AG26: =IF(ISNUMBER(SEARCH("CCR11", E26)),T26*$AG$3, 0) -> 0 | AH26: =(IF(ISNUMBER(SEARCH("CCR12", E26)),T26*$AH$3, 0))*F26 -> 0 | AI26: 0 | AK26: 0 | AL26: =SUM(V26:AK26) -> 0 | AO26: Withdrawal bleeding required (progestin) (default no) | AP26: no | AQ26: no, yes | AT26: Stimulation and/or monitoring | AU26: =SUM(AL20:AL29) -> 55.913309 | AX26: CCR4 Clinic equipment and disp. | AY26: =SUM(Z5:Z16) -> 14.486925 | AZ26: =SUM(Z220:Z236) -> 31.043411 | BA26: 55.878139 | BB26: =SUM(Z20:Z34) -> 12.417364 | BC26: =SUM(Z38:Z58) -> 80.712868 | BD26: 6.2086821 | BE26: 91.060671 | BF26: 91.060671 | BG26: 91.060671 | BH26: 55.878139 | BI26: 55.878139
C27: 8 | D27: Treatment with fixed dosage | E27: CCR1 | F27: 0 | G27: 30 | H27: 30 | I27: 0 | J27: 0 | K27: 0 | L27: 0 | M27: 0 | N27: 0 | O27: 0 | P27: 0 | Q27: 0 | R27: 0 | S27: 0 | T27: =SUM(H27:S27)*F27 -> 0 | V27: =T27*$V$3*F27 -> 0 | W27: =H27*$W$3*F27 -> 0 | X27: =I27*$X$3*F27 -> 0 | Y27: =J27*$Y$3*F27 -> 0 | Z27: =IF(ISNUMBER(SEARCH("CCR4", E27)),(T27-K27)*$Z$3, 0) -> 0 | AA27: =L27*$AA$3*F27 -> 0 | AB27: =K27*$AB$3*F27 -> 0 | AC27: =(IF(ISNUMBER(SEARCH("CCR7", E27)),K27*$AC$3, 0))*F27 -> 0 | AD27: =(IF(ISNUMBER(SEARCH("CCR8", E27)),K27*$AD$3, 0))*F27 -> 0 | AE27: =IF(ISNUMBER(SEARCH("CCR9", E27)),K27*$AE$3*F27, 0) -> 0 | AF27: =(IF(ISNUMBER(SEARCH("CCR10", E27)),K27*$AF$3, 0))*F27 -> 0 | AG27: =IF(ISNUMBER(SEARCH("CCR11", E27)),T27*$AG$3, 0) -> 0 | AH27: =(IF(ISNUMBER(SEARCH("CCR12", E27)),T27*$AH$3, 0))*F27 -> 0 | AI27: 0 | AK27: 0 | AL27: =SUM(V27:AK27) -> 0 | AO27: First cycle | AP27: yes | AQ27: yes, no | AT27: Egg retrieval | AX27: CCR5 Urologist | AY27: =SUM(AA5:AA16) -> 0 | AZ27: =SUM(AA220:AA236) -> 0 | BA27: 0 | BB27: =SUM(AA20:AA34) -> 0 | BC27: =SUM(AA38:AA58) -> 0 | BD27: 0 | BE27: 0 | BF27: 0 | BG27: 0 | BH27: 0 | BI27: 0
C28: 9 | D28: Blood test | E28: CCR3 | F28: =AP25-F23-F26 -> 0 | G28: 10 | H28: 0 | I28: 0 | J28: 5 | K28: 0 | L28: 0 | M28: 0 | N28: 0 | O28: 0 | P28: 0 | Q28: 0 | R28: 0 | S28: 0 | T28: =SUM(H28:S28)*F28 -> 0 | V28: =T28*$V$3*F28 -> 0 | W28: =H28*$W$3*F28 -> 0 | X28: =I28*$X$3*F28 -> 0 | Y28: =J28*$Y$3*F28 -> 0 | Z28: =IF(ISNUMBER(SEARCH("CCR4", E28)),(T28-K28)*$Z$3, 0) -> 0 | AA28: =L28*$AA$3*F28 -> 0 | AB28: =K28*$AB$3*F28 -> 0 | AC28: =(IF(ISNUMBER(SEARCH("CCR7", E28)),K28*$AC$3, 0))*F28 -> 0 | AD28: =(IF(ISNUMBER(SEARCH("CCR8", E28)),K28*$AD$3, 0))*F28 -> 0 | AE28: =IF(ISNUMBER(SEARCH("CCR9", E28)),K28*$AE$3*F28, 0) -> 0 | AF28: =(IF(ISNUMBER(SEARCH("CCR10", E28)),K28*$AF$3, 0))*F28 -> 0 | AG28: =IF(ISNUMBER(SEARCH("CCR11", E28)),T28*$AG$3, 0) -> 0 | AH28: =(IF(ISNUMBER(SEARCH("CCR12", E28)),T28*$AH$3, 0))*F28 -> 0 | AI28: 0 | AK28: 0 | AL28: =SUM(V28:AK28) -> 0 | AO28: Second cycle | AP28: no | AQ28: yes, no | AT28: Insemination and/or fertilization | AX28: CCR6 Staff IVF lab | AY28: =SUM(AB5:AB16) -> 142.12885 | AZ28: =SUM(AB220:AB236) -> 107.90105 | BA28: 107.90105 | BB28: =SUM(AB20:AB34) -> 0 | BC28: =SUM(AB38:AB58) -> 0 | BD28: 155.91505 | BE28: 653.66751 | BF28: 928.52423 | BG28: 806.58359 | BH28: 230.35489 | BI28: 230.35489
C29: 10 | D29: Evaluation consultation with ultrasound | E29: CCR1 CCR3 CCR4 | F29: 0 | G29: 30 | H29: 30 | I29: 0 | J29: 0 | K29: 0 | L29: 0 | M29: 0 | N29: 0 | O29: 0 | P29: 0 | Q29: 0 | R29: 0 | S29: 0 | T29: =SUM(H29:S29)*F29 -> 0 | V29: =T29*$V$3*F29 -> 0 | W29: =H29*$W$3*F29 -> 0 | X29: =I29*$X$3*F29 -> 0 | Y29: =J29*$Y$3*F29 -> 0 | Z29: =IF(ISNUMBER(SEARCH("CCR4", E29)),(T29-K29)*$Z$3, 0) -> 0 | AA29: =L29*$AA$3*F29 -> 0 | AB29: =K29*$AB$3*F29 -> 0 | AC29: =(IF(ISNUMBER(SEARCH("CCR7", E29)),K29*$AC$3, 0))*F29 -> 0 | AD29: =(IF(ISNUMBER(SEARCH("CCR8", E29)),K29*$AD$3, 0))*F29 -> 0 | AE29: =IF(ISNUMBER(SEARCH("CCR9", E29)),K29*$AE$3*F29, 0) -> 0 | AF29: =(IF(ISNUMBER(SEARCH("CCR10", E29)),K29*$AF$3, 0))*F29 -> 0 | AG29: =IF(ISNUMBER(SEARCH("CCR11", E29)),T29*$AG$3, 0) -> 0 | AH29: =(IF(ISNUMBER(SEARCH("CCR12", E29)),T29*$AH$3, 0))*F29 -> 0 | AI29: 0 | AK29: 0 | AL29: =SUM(V29:AK29) -> 0 | AT29: Embryo Transfer | AX29: CCR7 Semen lab | AY29: =SUM(AC5:AC16) -> 30.393176 | AZ29: =SUM(AC220:AC236) -> 23.073821 | BA29: 23.073821 | BB29: 0 | BC29: =SUM(AC38:AC58) -> 0 | BD29: 33.34125 | BE29: 86.537986 | BF29: 156.27352 | BG29: 125.53637 | BH29: 0 | BI29: 0
C30: 11 | D30: Diagnostics: HSG | E30: CCR1 CCR3 CCR11 | F30: =IF($AP$22="no", 0, 1) -> 0 | G30: 30 | H30: 60 | I30: 0 | J30: 40 | K30: 0 | L30: 0 | M30: 40 | N30: 40 | O30: 0 | P30: 0 | Q30: 0 | R30: 0 | S30: 0 | T30: =SUM(H30:S30)*F30 -> 0 | V30: =T30*$V$3*F30 -> 0 | W30: =H30*$W$3*F30 -> 0 | X30: =I30*$X$3*F30 -> 0 | Y30: =J30*$Y$3*F30 -> 0 | Z30: =IF(ISNUMBER(SEARCH("CCR4", E30)),(T30-K30)*$Z$3, 0) -> 0 | AA30: =L30*$AA$3*F30 -> 0 | AB30: =K30*$AB$3*F30 -> 0 | AC30: =(IF(ISNUMBER(SEARCH("CCR7", E30)),K30*$AC$3, 0))*F30 -> 0 | AD30: =(IF(ISNUMBER(SEARCH("CCR8", E30)),K30*$AD$3, 0))*F30 -> 0 | AE30: =IF(ISNUMBER(SEARCH("CCR9", E30)),K30*$AE$3*F30, 0) -> 0 | AF30: =(IF(ISNUMBER(SEARCH("CCR10", E30)),K30*$AF$3, 0))*F30 -> 0 | AG30: =IF(ISNUMBER(SEARCH("CCR11", E30)),T30*$AG$3, 0) -> 0 | AH30: =(IF(ISNUMBER(SEARCH("CCR12", E30)),T30*$AH$3, 0))*F30 -> 0 | AI30: 0 | AK30: 0 | AL30: =SUM(V30:AK30) -> 0 | AT30: Freezing or thawing | AX30: CCR8 IVF & ICSI lab | AY30: =SUM(AD5:AD16) -> 0 | AZ30: =SUM(AD220:AD236) -> 0 | BA30: 0 | BB30: 0 | BC30: =SUM(AD38:AD58) -> 0 | BD30: 0 | BE30: 384.74011 | BF30: 424.18234 | BG30: 299.62674 | BH30: 175.98927 | BI30: 175.98927
C31: 12 | D31: Diagnostics: Laparascopy | E31: CCR1 CCR3 CCR12 | F31: =IF($AP$23="no", 0, 1) -> 0 | G31: 60 | H31: 120 | I31: 0 | J31: 120 | K31: 0 | L31: 0 | M31: 0 | N31: 0 | O31: 40 | P31: 40 | Q31: 30 | R31: 0 | S31: 0 | T31: =SUM(H31:S31)*F31 -> 0 | V31: =T31*$V$3*F31 -> 0 | W31: =H31*$W$3*F31 -> 0 | X31: =I31*$X$3*F31 -> 0 | Y31: =J31*$Y$3*F31 -> 0 | Z31: =IF(ISNUMBER(SEARCH("CCR4", E31)),(T31-K31)*$Z$3, 0) -> 0 | AA31: =L31*$AA$3*F31 -> 0 | AB31: =K31*$AB$3*F31 -> 0 | AC31: =(IF(ISNUMBER(SEARCH("CCR7", E31)),K31*$AC$3, 0))*F31 -> 0 | AD31: =(IF(ISNUMBER(SEARCH("CCR8", E31)),K31*$AD$3, 0))*F31 -> 0 | AE31: =IF(ISNUMBER(SEARCH("CCR9", E31)),K31*$AE$3*F31, 0) -> 0 | AF31: =(IF(ISNUMBER(SEARCH("CCR10", E31)),K31*$AF$3, 0))*F31 -> 0 | AG31: =IF(ISNUMBER(SEARCH("CCR11", E31)),T31*$AG$3, 0) -> 0 | AH31: =(IF(ISNUMBER(SEARCH("CCR12", E31)),T31*$AH$3, 0))*F31 -> 0 | AI31: 0 | AK31: 0 | AL31: =SUM(V31:AK31) -> 0 | AT31: Evaluation | AU31: =SUM(AL32:AL34) -> 165.5106 | AX31: CCR9 ICSI lab | AY31: =SUM(AE5:AE16) -> 0 | AZ31: =SUM(AE220:AE236) -> 0 | BA31: 0 | BB31: 0 | BC31: =SUM(AE38:AE58) -> 0 | BD31: 0 | BE31: 0 | BF31: 180.2658 | BG31: 210.51536 | BH31: 0 | BI31: 0
C32: 13 | D32: Evaluation consultation with ultrasound | E32: CCR1 CCR3 CCR4 | F32: 0 | G32: 30 | H32: 30 | I32: 0 | J32: 0 | K32: 0 | L32: 0 | M32: 0 | N32: 0 | O32: 0 | P32: 0 | Q32: 0 | R32: 0 | S32: 0 | T32: =SUM(H32:S32)*F32 -> 0 | V32: =T32*$V$3*F32 -> 0 | W32: =H32*$W$3*F32 -> 0 | X32: =I32*$X$3*F32 -> 0 | Y32: =J32*$Y$3*F32 -> 0 | Z32: =IF(ISNUMBER(SEARCH("CCR4", E32)),(T32-K32)*$Z$3, 0) -> 0 | AA32: =L32*$AA$3*F32 -> 0 | AB32: =K32*$AB$3*F32 -> 0 | AC32: =(IF(ISNUMBER(SEARCH("CCR7", E32)),K32*$AC$3, 0))*F32 -> 0 | AD32: =(IF(ISNUMBER(SEARCH("CCR8", E32)),K32*$AD$3, 0))*F32 -> 0 | AE32: =IF(ISNUMBER(SEARCH("CCR9", E32)),K32*$AE$3*F32, 0) -> 0 | AF32: =(IF(ISNUMBER(SEARCH("CCR10", E32)),K32*$AF$3, 0))*F32 -> 0 | AG32: =IF(ISNUMBER(SEARCH("CCR11", E32)),T32*$AG$3, 0) -> 0 | AH32: =(IF(ISNUMBER(SEARCH("CCR12", E32)),T32*$AH$3, 0))*F32 -> 0 | AI32: 0 | AK32: 0 | AL32: =SUM(V32:AK32) -> 0 | AT32: Total | AU32: =SUM(AU25:AU31) -> 221.42391 | AX32: CCR10 Cryopreservation lab | AY32: =SUM(AF5:AF16) -> 0 | AZ32: =SUM(AF220:AF236) -> 0 | BA32: 0 | BB32: 0 | BC32: =SUM(AF38:AF58) -> 0 | BD32: 0 | BE32: 40.339411 | BF32: 40.339411 | BG32: 40.339411 | BH32: 56.73115 | BI32: 56.73115
C33: 14 | D33: Pregnancy test, consultation and ultrasound | E33: CCR1 CCR4 | F33: 1 | G33: 30 | H33: 30 | I33: 0 | J33: 0 | K33: 0 | L33: 0 | M33: 0 | N33: 0 | O33: 0 | P33: 0 | Q33: 0 | R33: 0 | S33: 0 | T33: =SUM(H33:S33)*F33 -> 30 | V33: =T33*$V$3*F33 -> 3.262869 | W33: =H33*$W$3*F33 -> 57.54375 | X33: =I33*$X$3*F33 -> 0 | Y33: =J33*$Y$3*F33 -> 0 | Z33: =IF(ISNUMBER(SEARCH("CCR4", E33)),(T33-K33)*$Z$3, 0) -> 6.2086821 | AA33: =L33*$AA$3*F33 -> 0 | AB33: =K33*$AB$3*F33 -> 0 | AC33: =(IF(ISNUMBER(SEARCH("CCR7", E33)),K33*$AC$3, 0))*F33 -> 0 | AD33: =(IF(ISNUMBER(SEARCH("CCR8", E33)),K33*$AD$3, 0))*F33 -> 0 | AE33: =IF(ISNUMBER(SEARCH("CCR9", E33)),K33*$AE$3*F33, 0) -> 0 | AF33: =(IF(ISNUMBER(SEARCH("CCR10", E33)),K33*$AF$3, 0))*F33 -> 0 | AG33: =IF(ISNUMBER(SEARCH("CCR11", E33)),T33*$AG$3, 0) -> 0 | AH33: =(IF(ISNUMBER(SEARCH("CCR12", E33)),T33*$AH$3, 0))*F33 -> 0 | AI33: 0 | AK33: =inputs!$E$40*F33 -> 31.48 | AL33: =SUM(V33:AK33) -> 98.495301 | AX33: CCR11 Radiology | AY33: =SUM(AG5:AG16) -> 0 | AZ33: =SUM(AG217:AG235) -> 0 | BA33: 0 | BB33: 0 | BC33: =SUM(AG38:AG58) -> 0 | BD33: 0 | BE33: 0 | BF33: 0 | BG33: 0 | BH33: 0 | BI33: 0
C34: 15 | D34: Pregnancy test, consultation and ultrasound | E34: CCR1 CCR4 | F34: 1 | G34: 30 | H34: 30 | I34: 0 | J34: 0 | K34: 0 | L34: 0 | M34: 0 | N34: 0 | O34: 0 | P34: 0 | Q34: 0 | R34: 0 | S34: 0 | T34: =SUM(H34:S34)*F34 -> 30 | V34: =T34*$V$3*F34 -> 3.262869 | W34: =H34*$W$3*F34 -> 57.54375 | X34: =I34*$X$3*F34 -> 0 | Y34: =J34*$Y$3*F34 -> 0 | Z34: =IF(ISNUMBER(SEARCH("CCR4", E34)),(T34-K34)*$Z$3, 0) -> 6.2086821 | AA34: =L34*$AA$3*F34 -> 0 | AB34: =K34*$AB$3*F34 -> 0 | AC34: =(IF(ISNUMBER(SEARCH("CCR7", E34)),K34*$AC$3, 0))*F34 -> 0 | AD34: =(IF(ISNUMBER(SEARCH("CCR8", E34)),K34*$AD$3, 0))*F34 -> 0 | AE34: =IF(ISNUMBER(SEARCH("CCR9", E34)),K34*$AE$3*F34, 0) -> 0 | AF34: =(IF(ISNUMBER(SEARCH("CCR10", E34)),K34*$AF$3, 0))*F34 -> 0 | AG34: =IF(ISNUMBER(SEARCH("CCR11", E34)),T34*$AG$3, 0) -> 0 | AH34: =(IF(ISNUMBER(SEARCH("CCR12", E34)),T34*$AH$3, 0))*F34 -> 0 | AI34: 0 | AK34: 0 | AL34: =SUM(V34:AK34) -> 67.015301 | AM34: =SUM(AL20:AL34) -> 221.42391 | AX34: CCR12 Laparoscopy | AY34: =SUM(AH5:AH16) -> 0 | AZ34: =SUM(AF217:AF235) -> #REF! | BA34: 0 | BB34: 0 | BC34: =SUM(AH38:AH58) -> 0 | BD34: 0 | BE34: 0 | BF34: 0 | BG34: 0 | BH34: 0 | BI34: 0
E35: Totals configured | G35: =($F23*G23)+($F24*G24)+($F25*G25)+($F26*G26)+($F27*G27)+($F28*G28)+($F29*G29)+($F30*G30)+($F31*G31)+($F32*G32)+($F33*G33)+($F34*G34)+($F22*G22)+($F21*G21)+($F20*G20) -> 100 | H35: =($F23*H23)+($F24*H24)+($F25*H25)+($F26*H26)+($F27*H27)+($F28*H28)+($F29*H29)+($F30*H30)+($F31*H31)+($F32*H32)+($F33*H33)+($F34*H34)+($F22*H22)+($F21*H21)+($F20*H20) -> 75 | I35: =($F23*I23)+($F24*I24)+($F25*I25)+($F26*I26)+($F27*I27)+($F28*I28)+($F29*I29)+($F30*I30)+($F31*I31)+($F32*I32)+($F33*I33)+($F34*I34)+($F22*I22)+($F21*I21)+($F20*I20) -> 0 | J35: =($F23*J23)+($F24*J24)+($F25*J25)+($F26*J26)+($F27*J27)+($F28*J28)+($F29*J29)+($F30*J30)+($F31*J31)+($F32*J32)+($F33*J33)+($F34*J34)+($F22*J22)+($F21*J21)+($F20*J20) -> 0 | K35: =($F23*K23)+($F24*K24)+($F25*K25)+($F26*K26)+($F27*K27)+($F28*K28)+($F29*K29)+($F30*K30)+($F31*K31)+($F32*K32)+($F33*K33)+($F34*K34)+($F22*K22)+($F21*K21)+($F20*K20) -> 0 | L35: =($F23*L23)+($F24*L24)+($F25*L25)+($F26*L26)+($F27*L27)+($F28*L28)+($F29*L29)+($F30*L30)+($F31*L31)+($F32*L32)+($F33*L33)+($F34*L34)+($F22*L22)+($F21*L21)+($F20*L20) -> 0 | M35: =($F23*M23)+($F24*M24)+($F25*M25)+($F26*M26)+($F27*M27)+($F28*M28)+($F29*M29)+($F30*M30)+($F31*M31)+($F32*M32)+($F33*M33)+($F34*M34)+($F22*M22)+($F21*M21)+($F20*M20) -> 0 | N35: =($F23*N23)+($F24*N24)+($F25*N25)+($F26*N26)+($F27*N27)+($F28*N28)+($F29*N29)+($F30*N30)+($F31*N31)+($F32*N32)+($F33*N33)+($F34*N34)+($F22*N22)+($F21*N21)+($F20*N20) -> 0 | ... T35: =($F23*T23)+($F24*T24)+($F25*T25)+($F26*T26)+($F27*T27)+($F28*T28)+($F29*T29)+($F30*T30)+($F31*T31)+($F32*T32)+($F33*T33)+($F34*T34)+($F22*T22)+($F21*T21)+($F20*T20) -> 75 | V35: =SUM(V20:V34) -> 8.1571724 | W35: =SUM(W20:W34) -> 143.85938 | X35: =SUM(X20:X34) -> 0 | Y35: =SUM(Y20:Y34) -> 0 | Z35: =SUM(Z20:Z34) -> 12.417364 | AA35: =SUM(AA20:AA34) -> 0 | AB35: =SUM(AB20:AB34) -> 0 | AC35: =SUM(AC20:AC34) -> 0 | ... AL35: =SUM(AL20:AL34) -> 221.42391
E36: Totals | G36: =SUM(G20:G34) -> 420 | H36: =SUM(H20:H34) -> 430 | I36: =SUM(I20:I34) -> 0 | J36: =SUM(J20:J34) -> 170 | K36: =SUM(K20:K34) -> 0 | L36: =SUM(L20:L34) -> 0 | M36: =SUM(M20:M34) -> 40 | N36: =SUM(N20:N34) -> 40 | ... U36: =SUM(U20:U34) -> 0 | V36: =SUM(V20:V35) -> 16.314345 | W36: =SUM(W20:W34) -> 143.85938 | X36: =SUM(X20:X34) -> 0 | Y36: =SUM(Y20:Y34) -> 0 | Z36: =SUM(Z20:Z34) -> 12.417364 | AA36: =SUM(AA20:AA34) -> 0 | AB36: =SUM(AB20:AB34) -> 0 | AC36: =SUM(AC20:AC34) -> 0 | AD36: =SUM(AD20:AD34) -> 0 | ... AK36: =SUM(AK20:AK34) -> 52.49
B38: OI Gonadotropins/FSH | C38: 0 | D38: Patient emails nurse to inform her of her cycle start day | E38: CCR3 | F38: 1 | G38: 15 | H38: 0 | I38: 0 | J38: 15 | K38: 0 | L38: 0 | M38: 0 | N38: 0 | O38: 0 | P38: 0 | Q38: 0 | R38: 0 | S38: 0 | T38: =SUM(H38:S38)*F38 -> 15 | V38: =T38*$V$3*F38 -> 1.6314345 | W38: =H38*$W$3*F38 -> 0 | X38: =I38*$X$3*F38 -> 0 | Y38: =J38*$Y$3*F38 -> 12.553125 | Z38: =IF(ISNUMBER(SEARCH("CCR4", E38)),(T38-K38)*$Z$3, 0) -> 0 | AA38: =L38*$AA$3*F38 -> 0 | AB38: =K38*$AB$3*F38 -> 0 | AC38: =(IF(ISNUMBER(SEARCH("CCR7", E38)),K38*$AC$3, 0))*F38 -> 0 | AD38: =(IF(ISNUMBER(SEARCH("CCR8", E38)),K38*$AD$3, 0))*F38 -> 0 | AE38: =IF(ISNUMBER(SEARCH("CCR9", E38)),K38*$AE$3*F38, 0) -> 0 | AF38: =(IF(ISNUMBER(SEARCH("CCR10", E38)),K38*$AF$3, 0))*F38 -> 0 | AG38: =IF(ISNUMBER(SEARCH("CCR11", E38)),T38*$AG$3, 0) -> 0 | AH38: =(IF(ISNUMBER(SEARCH("CCR12", E38)),T38*$AH$3, 0))*F38 -> 0 | AI38: 0 | AK38: 0 | AL38: =SUM(V38:AK38) -> 14.184559 | AT38: Treatment | AU38: OI
C39: 1 | D39: Prepatory treatment with progestin (if needed) | E39: CCR2 | F39: =IF(AP45="no", 0, 1) -> 0 | G39: 10 | H39: 0 | I39: 15 | J39: 15 | K39: 0 | L39: 0 | M39: 0 | N39: 0 | O39: 0 | P39: 0.33 | Q39: 0 | R39: 0 | S39: 0 | T39: =SUM(H39:S39)*F39 -> 0 | V39: =T39*$V$3*F39 -> 0 | W39: =H39*$W$3*F39 -> 0 | X39: =I39*$X$3*F39 -> 0 | Y39: =J39*$Y$3*F39 -> 0 | Z39: =IF(ISNUMBER(SEARCH("CCR4", E39)),(T39-K39)*$Z$3, 0) -> 0 | AA39: =L39*$AA$3*F39 -> 0 | AB39: =K39*$AB$3*F39 -> 0 | AC39: =(IF(ISNUMBER(SEARCH("CCR7", E39)),K39*$AC$3, 0))*F39 -> 0 | AD39: =(IF(ISNUMBER(SEARCH("CCR8", E39)),K39*$AD$3, 0))*F39 -> 0 | AE39: =IF(ISNUMBER(SEARCH("CCR9", E39)),K39*$AE$3*F39, 0) -> 0 | AF39: =(IF(ISNUMBER(SEARCH("CCR10", E39)),K39*$AF$3, 0))*F39 -> 0 | AG39: =IF(ISNUMBER(SEARCH("CCR11", E39)),T39*$AG$3, 0) -> 0 | AH39: =(IF(ISNUMBER(SEARCH("CCR12", E39)),T39*$AH$3, 0))*F39 -> 0 | AI39: 0 | AK39: 0 | AL39: =SUM(V39:AK39) -> 0 | AO39: item | AP39: input | AQ39: options | AT39: Specification of treatment | AU39: Gonadotropins | AX39: sum | AY39: =SUM(AY16:AY38) -> 503.67602 | AZ39: =SUM(AZ16:AZ38) -> #REF! | BA39: =SUM(BA20:BA38) -> 854.31378 | BB39: =SUM(BB16:BB38) -> 221.42391 | BC39: =SUM(BC16:BC38) -> 929.6063 | BD39: =SUM(BD16:BD38) -> 356.61562 | BE39: =SUM(BE20:BE38) -> 2609.7274 | BF39: =SUM(BF16:BF38) -> 3193.0794 | BG39: =SUM(BG16:BG38) -> 3004.8874 | BH39: =SUM(BH16:BH38) -> 939.87906 | BI39: 1035.9596
C40: 2 | D40: Initial ultrasound and consultation | E40: CCR2 | F40: 1 | G40: 30 | H40: 0 | I40: 30 | J40: 30 | K40: 0 | L40: 0 | M40: 0 | N40: 0 | O40: 0 | P40: 0 | Q40: 0 | R40: 0 | S40: 0 | T40: =SUM(H40:S40)*F40 -> 60 | V40: =T40*$V$3*F40 -> 6.525738 | W40: =H40*$W$3*F40 -> 0 | X40: =I40*$X$3*F40 -> 32.3 | Y40: =J40*$Y$3*F40 -> 25.10625 | Z40: =IF(ISNUMBER(SEARCH("CCR4", E40)),(T40-K40)*$Z$3, 0) -> 0 | AA40: =L40*$AA$3*F40 -> 0 | AB40: =K40*$AB$3*F40 -> 0 | AC40: =(IF(ISNUMBER(SEARCH("CCR7", E40)),K40*$AC$3, 0))*F40 -> 0 | AD40: =(IF(ISNUMBER(SEARCH("CCR8", E40)),K40*$AD$3, 0))*F40 -> 0 | AE40: =IF(ISNUMBER(SEARCH("CCR9", E40)),K40*$AE$3*F40, 0) -> 0 | AF40: =(IF(ISNUMBER(SEARCH("CCR10", E40)),K40*$AF$3, 0))*F40 -> 0 | AG40: =IF(ISNUMBER(SEARCH("CCR11", E40)),T40*$AG$3, 0) -> 0 | AH40: =(IF(ISNUMBER(SEARCH("CCR12", E40)),T40*$AH$3, 0))*F40 -> 0 | AI40: 0 | AK40: 0 | AL40: =SUM(V40:AK40) -> 63.931988 | AO40: HSG required (default no) | AP40: no | AX40: check match bottom half/top half of table | AY40: =AY39-AY15 -> -0.0046988819 | AZ40: =AZ39-AZ15 -> #REF! | BA40: =BA39-BA15 -> 0.013783045 | BB40: =BB39-BB15 -> 0 | BC40: =BC39-BC15 -> -33.763432 | BD40: =BD39-BD15 -> -0.0043756906 | BE40: =BE39-BE15 -> 0 | BF40: =BF39-BF15 -> 0 | ... BH40: =BH39-BH15 -> -0.0028458075 | BI40: -0.00036542834
C41: 3 | D41: Diagnostics: HSG | E41: CCR1 CCR3 CCR11 | F41: =IF(AP40="no", 0, 1) -> 0 | G41: 30 | H41: 60 | I41: 0 | J41: 40 | K41: 0 | L41: 0 | M41: 40 | N41: 40 | O41: 0 | P41: 0 | Q41: 0 | R41: 0 | S41: 0 | T41: =SUM(H41:S41)*F41 -> 0 | V41: =T41*$V$3*F41 -> 0 | W41: =H41*$W$3*F41 -> 0 | X41: =I41*$X$3*F41 -> 0 | Y41: =J41*$Y$3*F41 -> 0 | Z41: =IF(ISNUMBER(SEARCH("CCR4", E41)),(T41-K41)*$Z$3, 0) -> 0 | AA41: =L41*$AA$3*F41 -> 0 | AB41: =K41*$AB$3*F41 -> 0 | AC41: =(IF(ISNUMBER(SEARCH("CCR7", E41)),K41*$AC$3, 0))*F41 -> 0 | AD41: =(IF(ISNUMBER(SEARCH("CCR8", E41)),K41*$AD$3, 0))*F41 -> 0 | AE41: =IF(ISNUMBER(SEARCH("CCR9", E41)),K41*$AE$3*F41, 0) -> 0 | AF41: =(IF(ISNUMBER(SEARCH("CCR10", E41)),K41*$AF$3, 0))*F41 -> 0 | AG41: =IF(ISNUMBER(SEARCH("CCR11", E41)),T41*$AG$3, 0) -> 0 | AH41: =(IF(ISNUMBER(SEARCH("CCR12", E41)),T41*$AH$3, 0))*F41 -> 0 | AI41: 0 | AK41: 0 | AL41: =SUM(V41:AK41) -> 0 | AO41: Laparoscopy required (default no) | AP41: no | AT41: Phase of treatment
C42: 4 | D42: Diagnostics: Laparascopy | E42: CCR1 CCR3 CCR12 | F42: =IF(AP41="no", 0, 1) -> 0 | G42: 60 | H42: 120 | I42: 0 | J42: 120 | K42: 0 | L42: 0 | M42: 0 | N42: 0 | O42: 40 | P42: 40 | Q42: 30 | R42: 0 | S42: 0 | T42: =SUM(H42:S42)*F42 -> 0 | V42: =T42*$V$3*F42 -> 0 | W42: =H42*$W$3*F42 -> 0 | X42: =I42*$X$3*F42 -> 0 | Y42: =J42*$Y$3*F42 -> 0 | Z42: =IF(ISNUMBER(SEARCH("CCR4", E42)),(T42-K42)*$Z$3, 0) -> 0 | AA42: =L42*$AA$3*F42 -> 0 | AB42: =K42*$AB$3*F42 -> 0 | AC42: =(IF(ISNUMBER(SEARCH("CCR7", E42)),K42*$AC$3, 0))*F42 -> 0 | AD42: =(IF(ISNUMBER(SEARCH("CCR8", E42)),K42*$AD$3, 0))*F42 -> 0 | AE42: =IF(ISNUMBER(SEARCH("CCR9", E42)),K42*$AE$3*F42, 0) -> 0 | AF42: =(IF(ISNUMBER(SEARCH("CCR10", E42)),K42*$AF$3, 0))*F42 -> 0 | AG42: =IF(ISNUMBER(SEARCH("CCR11", E42)),T42*$AG$3, 0) -> 0 | AH42: =(IF(ISNUMBER(SEARCH("CCR12", E42)),T42*$AH$3, 0))*F42 -> 0 | AI42: 0 | AK42: 0 | AL42: =SUM(V42:AK42) -> 0 | AO42: Number of consultations (default 4 before trigger, 7 total) | AP42: 7 | AT42: Intake and/or diagnostics | AU42: =SUM(AL38:AL42) -> 78.116547
C43: 5 | D43: Evaluation consultation with ultrasound | E43: CCR2 CCR3 CCR4 | F43: 1 | G43: 30 | H43: 0 | I43: 30 | J43: 30 | K43: 0 | L43: 0 | M43: 0 | N43: 0 | O43: 0 | P43: 0 | Q43: 0 | R43: 0 | S43: 0 | T43: =SUM(H43:S43)*F43 -> 60 | V43: =T43*$V$3*F43 -> 6.525738 | W43: =H43*$W$3*F43 -> 0 | X43: =I43*$X$3*F43 -> 32.3 | Y43: =J43*$Y$3*F43 -> 25.10625 | Z43: =IF(ISNUMBER(SEARCH("CCR4", E43)),(T43-K43)*$Z$3, 0) -> 12.417364 | AA43: =L43*$AA$3*F43 -> 0 | AB43: =K43*$AB$3*F43 -> 0 | AC43: =(IF(ISNUMBER(SEARCH("CCR7", E43)),K43*$AC$3, 0))*F43 -> 0 | AD43: =(IF(ISNUMBER(SEARCH("CCR8", E43)),K43*$AD$3, 0))*F43 -> 0 | AE43: =IF(ISNUMBER(SEARCH("CCR9", E43)),K43*$AE$3*F43, 0) -> 0 | AF43: =(IF(ISNUMBER(SEARCH("CCR10", E43)),K43*$AF$3, 0))*F43 -> 0 | AG43: =IF(ISNUMBER(SEARCH("CCR11", E43)),T43*$AG$3, 0) -> 0 | AH43: =(IF(ISNUMBER(SEARCH("CCR12", E43)),T43*$AH$3, 0))*F43 -> 0 | AI43: 0 | AK43: 0 | AL43: =SUM(V43:AK43) -> 76.349352 | AO43: Number of blood tests ordered total (default 2) | AP43: 2 | AQ43: 3, 4, 5, 6, | AT43: Stimulation and/or monitoring | AU43: =SUM(AL43:AL51) -> 612.38111 | AZ43: =AY39+6*(BA39)+BF39+3*BI39 -> 11930.517
C44: 6 | D44: In case of cysts, wait until these have shrunk | F44: 0 | G44: 10 | H44: 0 | I44: 10 | J44: 10 | K44: 0 | L44: 0 | M44: 0 | N44: 0 | O44: 0 | P44: 0 | Q44: 0 | R44: 0 | S44: 0 | T44: =SUM(H44:S44)*F44 -> 0 | V44: =T44*$V$3*F44 -> 0 | W44: =H44*$W$3*F44 -> 0 | X44: =I44*$X$3*F44 -> 0 | Y44: =J44*$Y$3*F44 -> 0 | Z44: =IF(ISNUMBER(SEARCH("CCR4", E44)),(T44-K44)*$Z$3, 0) -> 0 | AA44: =L44*$AA$3*F44 -> 0 | AB44: =K44*$AB$3*F44 -> 0 | AC44: =(IF(ISNUMBER(SEARCH("CCR7", E44)),K44*$AC$3, 0))*F44 -> 0 | AD44: =(IF(ISNUMBER(SEARCH("CCR8", E44)),K44*$AD$3, 0))*F44 -> 0 | AE44: =IF(ISNUMBER(SEARCH("CCR9", E44)),K44*$AE$3*F44, 0) -> 0 | AF44: =(IF(ISNUMBER(SEARCH("CCR10", E44)),K44*$AF$3, 0))*F44 -> 0 | AG44: =IF(ISNUMBER(SEARCH("CCR11", E44)),T44*$AG$3, 0) -> 0 | AH44: =(IF(ISNUMBER(SEARCH("CCR12", E44)),T44*$AH$3, 0))*F44 -> 0 | AI44: 0 | AK44: 0 | AL44: =SUM(V44:AK44) -> 0 | AO44: IUI (default no) | AP44: no | AQ44: no, yes | AT44: Egg retrieval | BC44: =2*BC39+AY39 -> 2362.8886
C45: 7 | D45: Treatment | E45: CCR2 | F45: =F44 -> 0 | G45: 10 | H45: 0 | I45: 10 | J45: 10 | K45: 0 | L45: 0 | M45: 0 | N45: 0 | O45: 0 | P45: 0 | Q45: 0 | R45: 0 | S45: 0 | T45: =SUM(H45:S45)*F45 -> 0 | V45: =T45*$V$3*F45 -> 0 | W45: =H45*$W$3*F45 -> 0 | X45: =I45*$X$3*F45 -> 0 | Y45: =J45*$Y$3*F45 -> 0 | Z45: =IF(ISNUMBER(SEARCH("CCR4", E45)),(T45-K45)*$Z$3, 0) -> 0 | AA45: =L45*$AA$3*F45 -> 0 | AB45: =K45*$AB$3*F45 -> 0 | AC45: =(IF(ISNUMBER(SEARCH("CCR7", E45)),K45*$AC$3, 0))*F45 -> 0 | AD45: =(IF(ISNUMBER(SEARCH("CCR8", E45)),K45*$AD$3, 0))*F45 -> 0 | AE45: =IF(ISNUMBER(SEARCH("CCR9", E45)),K45*$AE$3*F45, 0) -> 0 | AF45: =(IF(ISNUMBER(SEARCH("CCR10", E45)),K45*$AF$3, 0))*F45 -> 0 | AG45: =IF(ISNUMBER(SEARCH("CCR11", E45)),T45*$AG$3, 0) -> 0 | AH45: =(IF(ISNUMBER(SEARCH("CCR12", E45)),T45*$AH$3, 0))*F45 -> 0 | AI45: 0 | AJ45: =inputs!$E$25 -> 163.8 | AK45: 0 | AL45: =SUM(V45:AK45) -> 163.8 | AO45: Withdrawal bleeding required (progestin) (default no) | AP45: no | AQ45: no, yes | AT45: Insemination and/or fertilization
C46: 8 | D46: Evaluation consultation with ultrasound | E46: CCR2 CCR3 CCR4 | F46: 1 | G46: 30 | H46: 0 | I46: 30 | J46: 30 | K46: 0 | L46: 0 | M46: 0 | N46: 0 | O46: 0 | P46: 0 | Q46: 0 | R46: 0 | S46: 0 | T46: =SUM(H46:S46)*F46 -> 60 | V46: =T46*$V$3*F46 -> 6.525738 | W46: =H46*$W$3*F46 -> 0 | X46: =I46*$X$3*F46 -> 32.3 | Y46: =J46*$Y$3*F46 -> 25.10625 | Z46: =IF(ISNUMBER(SEARCH("CCR4", E46)),(T46-K46)*$Z$3, 0) -> 12.417364 | AA46: =L46*$AA$3*F46 -> 0 | AB46: =K46*$AB$3*F46 -> 0 | AC46: =(IF(ISNUMBER(SEARCH("CCR7", E46)),K46*$AC$3, 0))*F46 -> 0 | AD46: =(IF(ISNUMBER(SEARCH("CCR8", E46)),K46*$AD$3, 0))*F46 -> 0 | AE46: =IF(ISNUMBER(SEARCH("CCR9", E46)),K46*$AE$3*F46, 0) -> 0 | AF46: =(IF(ISNUMBER(SEARCH("CCR10", E46)),K46*$AF$3, 0))*F46 -> 0 | AG46: =IF(ISNUMBER(SEARCH("CCR11", E46)),T46*$AG$3, 0) -> 0 | AH46: =(IF(ISNUMBER(SEARCH("CCR12", E46)),T46*$AH$3, 0))*F46 -> 0 | AI46: 0 | AK46: 0 | AL46: =SUM(V46:AK46) -> 76.349352 | AT46: Embryo Transfer
C47: 9 | D47: Treatment | E47: CCR2 | F47: 1 | G47: 30 | H47: 0 | I47: 15 | J47: 0 | K47: 0 | L47: 0 | M47: 0 | N47: 0 | O47: 0 | P47: 0 | Q47: 0 | R47: 0 | S47: 0 | T47: =SUM(H47:S47)*F47 -> 15 | V47: =T47*$V$3*F47 -> 1.6314345 | W47: =H47*$W$3*F47 -> 0 | X47: =I47*$X$3*F47 -> 16.15 | Y47: =J47*$Y$3*F47 -> 0 | Z47: =IF(ISNUMBER(SEARCH("CCR4", E47)),(T47-K47)*$Z$3, 0) -> 0 | AA47: =L47*$AA$3*F47 -> 0 | AB47: =K47*$AB$3*F47 -> 0 | AC47: =(IF(ISNUMBER(SEARCH("CCR7", E47)),K47*$AC$3, 0))*F47 -> 0 | AD47: =(IF(ISNUMBER(SEARCH("CCR8", E47)),K47*$AD$3, 0))*F47 -> 0 | AE47: =IF(ISNUMBER(SEARCH("CCR9", E47)),K47*$AE$3*F47, 0) -> 0 | AF47: =(IF(ISNUMBER(SEARCH("CCR10", E47)),K47*$AF$3, 0))*F47 -> 0 | AG47: =IF(ISNUMBER(SEARCH("CCR11", E47)),T47*$AG$3, 0) -> 0 | AH47: =(IF(ISNUMBER(SEARCH("CCR12", E47)),T47*$AH$3, 0))*F47 -> 0 | AI47: 0 | AK47: 0 | AL47: =SUM(V47:AK47) -> 17.781434 | AT47: Freezing or thawing
C48: 10 | D48: Evaluation consultation with ultrasound | E48: CCR2 CCR3 CCR4 | F48: 1 | G48: 30 | H48: 0 | I48: 30 | J48: 30 | K48: 0 | L48: 0 | M48: 0 | N48: 0 | O48: 0 | P48: 0 | Q48: 0 | R48: 0 | S48: 0 | T48: =SUM(H48:S48)*F48 -> 60 | V48: =T48*$V$3*F48 -> 6.525738 | W48: =H48*$W$3*F48 -> 0 | X48: =I48*$X$3*F48 -> 32.3 | Y48: =J48*$Y$3*F48 -> 25.10625 | Z48: =IF(ISNUMBER(SEARCH("CCR4", E48)),(T48-K48)*$Z$3, 0) -> 12.417364 | AA48: =L48*$AA$3*F48 -> 0 | AB48: =K48*$AB$3*F48 -> 0 | AC48: =(IF(ISNUMBER(SEARCH("CCR7", E48)),K48*$AC$3, 0))*F48 -> 0 | AD48: =(IF(ISNUMBER(SEARCH("CCR8", E48)),K48*$AD$3, 0))*F48 -> 0 | AE48: =IF(ISNUMBER(SEARCH("CCR9", E48)),K48*$AE$3*F48, 0) -> 0 | AF48: =(IF(ISNUMBER(SEARCH("CCR10", E48)),K48*$AF$3, 0))*F48 -> 0 | AG48: =IF(ISNUMBER(SEARCH("CCR11", E48)),T48*$AG$3, 0) -> 0 | AH48: =(IF(ISNUMBER(SEARCH("CCR12", E48)),T48*$AH$3, 0))*F48 -> 0 | AI48: 0 | AK48: 0 | AL48: =SUM(V48:AK48) -> 76.349352 | AT48: Evaluation | AU48: =SUM(AL54:AL58) -> 239.10865
C49: 11 | D49: Treatment | E49: CCR2 | F49: 1 | G49: 30 | H49: 0 | I49: 15 | J49: 0 | K49: 0 | L49: 0 | M49: 0 | N49: 0 | O49: 0 | P49: 0 | Q49: 0 | R49: 0 | S49: 0 | T49: =SUM(H49:S49)*F49 -> 15 | V49: =T49*$V$3*F49 -> 1.6314345 | W49: =H49*$W$3*F49 -> 0 | X49: =I49*$X$3*F49 -> 16.15 | Y49: =J49*$Y$3*F49 -> 0 | Z49: =IF(ISNUMBER(SEARCH("CCR4", E49)),(T49-K49)*$Z$3, 0) -> 0 | AA49: =L49*$AA$3*F49 -> 0 | AB49: =K49*$AB$3*F49 -> 0 | AC49: =(IF(ISNUMBER(SEARCH("CCR7", E49)),K49*$AC$3, 0))*F49 -> 0 | AD49: =(IF(ISNUMBER(SEARCH("CCR8", E49)),K49*$AD$3, 0))*F49 -> 0 | AE49: =IF(ISNUMBER(SEARCH("CCR9", E49)),K49*$AE$3*F49, 0) -> 0 | AF49: =(IF(ISNUMBER(SEARCH("CCR10", E49)),K49*$AF$3, 0))*F49 -> 0 | AG49: =IF(ISNUMBER(SEARCH("CCR11", E49)),T49*$AG$3, 0) -> 0 | AH49: =(IF(ISNUMBER(SEARCH("CCR12", E49)),T49*$AH$3, 0))*F49 -> 0 | AI49: 0 | AK49: 0 | AL49: =SUM(V49:AK49) -> 17.781434 | AT49: Total | AU49: =SUM(AU42:AU48) -> 929.6063
C50: 12 | D50: Evaluation consultation with ultrasound | E50: CCR2 CCR3 CCR4 | F50: 2 | G50: 30 | H50: 0 | I50: 30 | J50: 30 | K50: 0 | L50: 0 | M50: 0 | N50: 0 | O50: 0 | P50: 0 | Q50: 0 | R50: 0 | S50: 0 | T50: =SUM(H50:S50)*F50 -> 120 | V50: =T50*$V$3*F50 -> 26.102952 | W50: =H50*$W$3*F50 -> 0 | X50: =I50*$X$3*F50 -> 64.6 | Y50: =J50*$Y$3*F50 -> 50.2125 | Z50: =IF(ISNUMBER(SEARCH("CCR4", E50)),(T50-K50)*$Z$3, 0) -> 24.834729 | AA50: =L50*$AA$3*F50 -> 0 | AB50: =K50*$AB$3*F50 -> 0 | AC50: =(IF(ISNUMBER(SEARCH("CCR7", E50)),K50*$AC$3, 0))*F50 -> 0 | AD50: =(IF(ISNUMBER(SEARCH("CCR8", E50)),K50*$AD$3, 0))*F50 -> 0 | AE50: =IF(ISNUMBER(SEARCH("CCR9", E50)),K50*$AE$3*F50, 0) -> 0 | AF50: =(IF(ISNUMBER(SEARCH("CCR10", E50)),K50*$AF$3, 0))*F50 -> 0 | AG50: =IF(ISNUMBER(SEARCH("CCR11", E50)),T50*$AG$3, 0) -> 0 | AH50: =(IF(ISNUMBER(SEARCH("CCR12", E50)),T50*$AH$3, 0))*F50 -> 0 | AI50: 0 | AK50: 0 | AL50: =SUM(V50:AK50) -> 165.75018
C51: 13 | D51: Ovulation trigger injection | F51: 1 | G51: 0 | H51: 0 | I51: 0 | J51: 0 | K51: 0 | L51: 0 | M51: 0 | N51: 0 | O51: 0 | P51: 0 | Q51: 0 | R51: 0 | S51: 0 | T51: =SUM(H51:S51)*F51 -> 0 | V51: =T51*$V$3*F51 -> 0 | W51: =H51*$W$3*F51 -> 0 | X51: =I51*$X$3*F51 -> 0 | Y51: =J51*$Y$3*F51 -> 0 | Z51: =IF(ISNUMBER(SEARCH("CCR4", E51)),(T51-K51)*$Z$3, 0) -> 0 | AA51: =L51*$AA$3*F51 -> 0 | AB51: =K51*$AB$3*F51 -> 0 | AC51: =(IF(ISNUMBER(SEARCH("CCR7", E51)),K51*$AC$3, 0))*F51 -> 0 | AD51: =(IF(ISNUMBER(SEARCH("CCR8", E51)),K51*$AD$3, 0))*F51 -> 0 | AE51: =IF(ISNUMBER(SEARCH("CCR9", E51)),K51*$AE$3*F51, 0) -> 0 | AF51: =(IF(ISNUMBER(SEARCH("CCR10", E51)),K51*$AF$3, 0))*F51 -> 0 | AG51: =IF(ISNUMBER(SEARCH("CCR11", E51)),T51*$AG$3, 0) -> 0 | AH51: =(IF(ISNUMBER(SEARCH("CCR12", E51)),T51*$AH$3, 0))*F51 -> 0 | AI51: 0 | AJ51: =inputs!$E$30*F51 -> 18.22 | AK51: 0 | AL51: =SUM(V51:AK51) -> 18.22
C52: 14 | D52: In case of IUI: IUI preparation in laboratory (including wash, count, administration) | E52: CCR8 | F52: =IF(AP44="no", 0, 1) -> 0 | G52: 10 | H52: 0 | I52: 0 | J52: 0 | K52: 46 | L52: 0 | M52: 0 | N52: 0 | O52: 0 | P52: 0 | Q52: 0 | R52: 0 | S52: 0 | T52: =SUM(H52:S52)*F52 -> 0 | V52: =T52*$V$3*F52 -> 0 | W52: =H52*$W$3*F52 -> 0 | X52: =I52*$X$3*F52 -> 0 | Y52: =J52*$Y$3*F52 -> 0 | Z52: =IF(ISNUMBER(SEARCH("CCR4", E52)),(T52-K52)*$Z$3, 0) -> 0 | AA52: =L52*$AA$3*F52 -> 0 | AB52: =K52*$AB$3*F52 -> 0 | AC52: =(IF(ISNUMBER(SEARCH("CCR7", E52)),K52*$AC$3, 0))*F52 -> 0 | AD52: =(IF(ISNUMBER(SEARCH("CCR8", E52)),K52*$AD$3, 0))*F52 -> 0 | AE52: =IF(ISNUMBER(SEARCH("CCR9", E52)),K52*$AE$3*F52, 0) -> 0 | AF52: =(IF(ISNUMBER(SEARCH("CCR10", E52)),K52*$AF$3, 0))*F52 -> 0 | AG52: =IF(ISNUMBER(SEARCH("CCR11", E52)),T52*$AG$3, 0) -> 0 | AH52: =(IF(ISNUMBER(SEARCH("CCR12", E52)),T52*$AH$3, 0))*F52 -> 0 | AI52: =F53*inputs!E45 -> 0 | AJ52: =inputs!E45*F53 -> 0 | AK52: 0 | AL52: =SUM(V52:AK52) -> 0
C53: 15 | D53: In case of IUI: IUI insemination | E53: CCR8 | F53: =IF(AP44="no", 0, 1) -> 0 | G53: 30 | H53: 0 | I53: 40 | J53: 40 | K53: 5.7 | L53: 0 | M53: 0 | N53: 0 | O53: 0 | P53: 0 | Q53: 10 | R53: 0 | S53: 0 | T53: =SUM(H53:S53)*F53 -> 0 | V53: =T53*$V$3*F53 -> 0 | W53: =H53*$W$3*F53 -> 0 | X53: =I53*$X$3*F53 -> 0 | Y53: =J53*$Y$3*F53 -> 0 | Z53: =IF(ISNUMBER(SEARCH("CCR4", E53)),(T53-K53)*$Z$3, 0) -> 0 | AA53: =L53*$AA$3*F53 -> 0 | AB53: =K53*$AB$3*F53 -> 0 | AC53: =(IF(ISNUMBER(SEARCH("CCR7", E53)),K53*$AC$3, 0))*F53 -> 0 | AD53: =(IF(ISNUMBER(SEARCH("CCR8", E53)),K53*$AD$3, 0))*F53 -> 0 | AE53: =IF(ISNUMBER(SEARCH("CCR9", E53)),K53*$AE$3*F53, 0) -> 0 | AF53: =(IF(ISNUMBER(SEARCH("CCR10", E53)),K53*$AF$3, 0))*F53 -> 0 | AG53: =IF(ISNUMBER(SEARCH("CCR11", E53)),T53*$AG$3, 0) -> 0 | AH53: =(IF(ISNUMBER(SEARCH("CCR12", E53)),T53*$AH$3, 0))*F53 -> 0 | AI53: =inputs!E45*F246 -> 0 | AK53: 0 | AL53: =SUM(V53:AK53) -> 0
C54: 16 | D54: Pregnancy test | F54: 1 | G54: 0 | H54: 0 | I54: 0 | J54: 0 | K54: 0 | L54: 0 | M54: 0 | N54: 0 | O54: 0 | P54: 0 | Q54: 0 | R54: 0 | S54: 0 | T54: =SUM(H54:S54)*F54 -> 0 | V54: =T54*$V$3*F54 -> 0 | W54: =H54*$W$3*F54 -> 0 | X54: =I54*$X$3*F54 -> 0 | Y54: =J54*$Y$3*F54 -> 0 | Z54: =IF(ISNUMBER(SEARCH("CCR4", E54)),(T54-K54)*$Z$3, 0) -> 0 | AA54: =L54*$AA$3*F54 -> 0 | AB54: =K54*$AB$3*F54 -> 0 | AC54: =(IF(ISNUMBER(SEARCH("CCR7", E54)),K54*$AC$3, 0))*F54 -> 0 | AD54: =(IF(ISNUMBER(SEARCH("CCR8", E54)),K54*$AD$3, 0))*F54 -> 0 | AE54: =IF(ISNUMBER(SEARCH("CCR9", E54)),K54*$AE$3*F54, 0) -> 0 | AF54: =(IF(ISNUMBER(SEARCH("CCR10", E54)),K54*$AF$3, 0))*F54 -> 0 | AG54: =IF(ISNUMBER(SEARCH("CCR11", E54)),T54*$AG$3, 0) -> 0 | AH54: =(IF(ISNUMBER(SEARCH("CCR12", E54)),T54*$AH$3, 0))*F54 -> 0 | AI54: 0 | AK54: 0 | AL54: =SUM(V54:AK54) -> 0 | AX54: Cost breakdown/stratification: | AY54: IVF Intake (internal) | AZ54: IVF Intake (external)
C55: 17 | D55: Blood test | E55: CCR3 | F55: =AP43 -> 2 | G55: 10 | H55: 0 | I55: 0 | J55: 5 | K55: 0 | L55: 0 | M55: 0 | N55: 0 | O55: 0 | P55: 0 | Q55: 0 | R55: 0 | S55: 0 | T55: =SUM(H55:S55)*F55 -> 10 | V55: =T55*$V$3*F55 -> 2.175246 | W55: =H55*$W$3*F55 -> 0 | X55: =I55*$X$3*F55 -> 0 | Y55: =J55*$Y$3*F55 -> 8.36875 | Z55: =IF(ISNUMBER(SEARCH("CCR4", E55)),(T55-K55)*$Z$3, 0) -> 0 | AA55: =L55*$AA$3*F55 -> 0 | AB55: =K55*$AB$3*F55 -> 0 | AC55: =(IF(ISNUMBER(SEARCH("CCR7", E55)),K55*$AC$3, 0))*F55 -> 0 | AD55: =(IF(ISNUMBER(SEARCH("CCR8", E55)),K55*$AD$3, 0))*F55 -> 0 | AE55: =IF(ISNUMBER(SEARCH("CCR9", E55)),K55*$AE$3*F55, 0) -> 0 | AF55: =(IF(ISNUMBER(SEARCH("CCR10", E55)),K55*$AF$3, 0))*F55 -> 0 | AG55: =IF(ISNUMBER(SEARCH("CCR11", E55)),T55*$AG$3, 0) -> 0 | AH55: =(IF(ISNUMBER(SEARCH("CCR12", E55)),T55*$AH$3, 0))*F55 -> 0 | AI55: 0 | AK55: =inputs!$E$37*F55 -> 53.72 | AL55: =SUM(V55:AK55) -> 64.263996 | AX55: Significant disposables, blood tests | AY55: =SUM(AI61:AI73)+SUM(AK61:AK73) -> 223.58 | AZ55: 223.58
C56: 18 | D56: Telephone consult | E56: CCR2 | F56: 0 | G56: 30 | H56: 0 | I56: 30 | J56: 10 | K56: 0 | L56: 0 | M56: 0 | N56: 0 | O56: 0 | P56: 0 | Q56: 0 | R56: 0 | S56: 0 | T56: =SUM(H56:S56)*F56 -> 0 | V56: =T56*$V$3*F56 -> 0 | W56: =H56*$W$3*F56 -> 0 | X56: =I56*$X$3*F56 -> 0 | Y56: =J56*$Y$3*F56 -> 0 | Z56: =IF(ISNUMBER(SEARCH("CCR4", E56)),(T56-K56)*$Z$3, 0) -> 0 | AA56: =L56*$AA$3*F56 -> 0 | AB56: =K56*$AB$3*F56 -> 0 | AC56: =(IF(ISNUMBER(SEARCH("CCR7", E56)),K56*$AC$3, 0))*F56 -> 0 | AD56: =(IF(ISNUMBER(SEARCH("CCR8", E56)),K56*$AD$3, 0))*F56 -> 0 | AE56: =IF(ISNUMBER(SEARCH("CCR9", E56)),K56*$AE$3*F56, 0) -> 0 | AF56: =(IF(ISNUMBER(SEARCH("CCR10", E56)),K56*$AF$3, 0))*F56 -> 0 | AG56: =IF(ISNUMBER(SEARCH("CCR11", E56)),T56*$AG$3, 0) -> 0 | AH56: =(IF(ISNUMBER(SEARCH("CCR12", E56)),T56*$AH$3, 0))*F56 -> 0 | AI56: 0 | AK56: 0 | AL56: =SUM(V56:AK56) -> 0 | AX56: Direct medication costs | AY56: =SUM(AJ61:AJ73) -> 0 | AZ56: 0
C57: 19 | D57: If pregnant: evaluation consultation with ultrasound | E57: CCR2 CCR3 CCR4 | F57: 1 | G57: 30 | H57: 0 | I57: 30 | J57: 30 | K57: 0 | L57: 0 | M57: 0 | N57: 0 | O57: 0 | P57: 0 | Q57: 0 | R57: 0 | S57: 0 | T57: =SUM(H57:S57)*F57 -> 60 | V57: =T57*$V$3*F57 -> 6.525738 | W57: =H57*$W$3*F57 -> 0 | X57: =I57*$X$3*F57 -> 32.3 | Y57: =J57*$Y$3*F57 -> 25.10625 | Z57: =IF(ISNUMBER(SEARCH("CCR4", E57)),(T57-K57)*$Z$3, 0) -> 12.417364 | AA57: =L57*$AA$3*F57 -> 0 | AB57: =K57*$AB$3*F57 -> 0 | AC57: =(IF(ISNUMBER(SEARCH("CCR7", E57)),K57*$AC$3, 0))*F57 -> 0 | AD57: =(IF(ISNUMBER(SEARCH("CCR8", E57)),K57*$AD$3, 0))*F57 -> 0 | AE57: =IF(ISNUMBER(SEARCH("CCR9", E57)),K57*$AE$3*F57, 0) -> 0 | AF57: =(IF(ISNUMBER(SEARCH("CCR10", E57)),K57*$AF$3, 0))*F57 -> 0 | AG57: =IF(ISNUMBER(SEARCH("CCR11", E57)),T57*$AG$3, 0) -> 0 | AH57: =(IF(ISNUMBER(SEARCH("CCR12", E57)),T57*$AH$3, 0))*F57 -> 0 | AI57: 0 | AK57: =inputs!$E$40*F57 -> 31.48 | AL57: =SUM(V57:AK57) -> 107.82935 | AX57: CCR0: building, facilities, support staff | AY57: =SUM(V61:V73) -> 32.422041 | AZ57: 33.140477
C58: 20 | D58: Evaluation consultation with ultrasound | E58: CCR2 CCR3 CCR4 | F58: 1 | G58: 30 | H58: 30 | I58: 0 | J58: 0 | K58: 0 | L58: 0 | M58: 0 | N58: 0 | O58: 0 | P58: 0 | Q58: 0 | R58: 0 | S58: 0 | T58: =SUM(H58:S58)*F58 -> 30 | V58: =T58*$V$3*F58 -> 3.262869 | W58: =H58*$W$3*F58 -> 57.54375 | X58: =I58*$X$3*F58 -> 0 | Y58: =J58*$Y$3*F58 -> 0 | Z58: =IF(ISNUMBER(SEARCH("CCR4", E58)),(T58-K58)*$Z$3, 0) -> 6.2086821 | AA58: =L58*$AA$3*F58 -> 0 | AB58: =K58*$AB$3*F58 -> 0 | AC58: =(IF(ISNUMBER(SEARCH("CCR7", E58)),K58*$AC$3, 0))*F58 -> 0 | AD58: =(IF(ISNUMBER(SEARCH("CCR8", E58)),K58*$AD$3, 0))*F58 -> 0 | AE58: =IF(ISNUMBER(SEARCH("CCR9", E58)),K58*$AE$3*F58, 0) -> 0 | AF58: =(IF(ISNUMBER(SEARCH("CCR10", E58)),K58*$AF$3, 0))*F58 -> 0 | AG58: =IF(ISNUMBER(SEARCH("CCR11", E58)),T58*$AG$3, 0) -> 0 | AH58: =(IF(ISNUMBER(SEARCH("CCR12", E58)),T58*$AH$3, 0))*F58 -> 0 | AI58: 0 | AK58: 0 | AL58: =SUM(V58:AK58) -> 67.015301 | AM58: =SUM(AL38:AL58) -> 929.6063 | AT58: Treatment | AU58: Diagnostic | AX58: CCR1: Gyn with DA | AY58: =SUM(W61:W73) -> 153.45 | AZ58: 153.45
E59: Totals configured | G59: =($F47*G47)+($F48*G48)+($F49*G49)+($F50*G50)+($F51*G51)+($F52*G52)+($F53*G53)+($F54*G54)+($F55*G55)+($F56*G56)+($F57*G57)+($F58*G58)+($F46*G46)+($F45*G45)+($F44*G44)+($F43*G43)+($F42*G42)+($F41*G41)+($F40*G40)+($F39*G39)+($F38*G38) -> 335 | H59: =($F47*H47)+($F48*H48)+($F49*H49)+($F50*H50)+($F51*H51)+($F52*H52)+($F53*H53)+($F54*H54)+($F55*H55)+($F56*H56)+($F57*H57)+($F58*H58)+($F46*H46)+($F45*H45)+($F44*H44)+($F43*H43)+($F42*H42)+($F41*H41)+($F40*H40)+($F39*H39)+($F38*H38) -> 30 | I59: =($F47*I47)+($F48*I48)+($F49*I49)+($F50*I50)+($F51*I51)+($F52*I52)+($F53*I53)+($F54*I54)+($F55*I55)+($F56*I56)+($F57*I57)+($F58*I58)+($F46*I46)+($F45*I45)+($F44*I44)+($F43*I43)+($F42*I42)+($F41*I41)+($F40*I40)+($F39*I39)+($F38*I38) -> 240 | J59: =($F47*J47)+($F48*J48)+($F49*J49)+($F50*J50)+($F51*J51)+($F52*J52)+($F53*J53)+($F54*J54)+($F55*J55)+($F56*J56)+($F57*J57)+($F58*J58)+($F46*J46)+($F45*J45)+($F44*J44)+($F43*J43)+($F42*J42)+($F41*J41)+($F40*J40)+($F39*J39)+($F38*J38) -> 235 | K59: =($F47*K47)+($F48*K48)+($F49*K49)+($F50*K50)+($F51*K51)+($F52*K52)+($F53*K53)+($F54*K54)+($F55*K55)+($F56*K56)+($F57*K57)+($F58*K58)+($F46*K46)+($F45*K45)+($F44*K44)+($F43*K43)+($F42*K42)+($F41*K41)+($F40*K40)+($F39*K39)+($F38*K38) -> 0 | L59: =($F47*L47)+($F48*L48)+($F49*L49)+($F50*L50)+($F51*L51)+($F52*L52)+($F53*L53)+($F54*L54)+($F55*L55)+($F56*L56)+($F57*L57)+($F58*L58)+($F46*L46)+($F45*L45)+($F44*L44)+($F43*L43)+($F42*L42)+($F41*L41)+($F40*L40)+($F39*L39)+($F38*L38) -> 0 | M59: =($F47*M47)+($F48*M48)+($F49*M49)+($F50*M50)+($F51*M51)+($F52*M52)+($F53*M53)+($F54*M54)+($F55*M55)+($F56*M56)+($F57*M57)+($F58*M58)+($F46*M46)+($F45*M45)+($F44*M44)+($F43*M43)+($F42*M42)+($F41*M41)+($F40*M40)+($F39*M39)+($F38*M38) -> 0 | N59: =($F47*N47)+($F48*N48)+($F49*N49)+($F50*N50)+($F51*N51)+($F52*N52)+($F53*N53)+($F54*N54)+($F55*N55)+($F56*N56)+($F57*N57)+($F58*N58)+($F46*N46)+($F45*N45)+($F44*N44)+($F43*N43)+($F42*N42)+($F41*N41)+($F40*N40)+($F39*N39)+($F38*N38) -> 0 | ... S59: =($F47*S47)+($F48*S48)+($F49*S49)+($F50*S50)+($F51*S51)+($F52*S52)+($F53*S53)+($F54*S54)+($F55*S55)+($F56*S56)+($F57*S57)+($F58*S58)+($F46*S46)+($F45*S45)+($F44*S44)+($F43*S43)+($F42*S42)+($F41*S41)+($F40*S40)+($F39*S39)+($F38*S38) -> 0 | T59: =SUM(T38:T58) -> 505 | V59: =SUM(V38:V58) -> 69.06406 | W59: =SUM(W38:W58) -> 57.54375 | X59: =SUM(X38:X58) -> 258.4 | Y59: =SUM(Y38:Y58) -> 196.66563 | Z59: =SUM(Z38:Z58) -> 80.712868 | AA59: =SUM(AA38:AA58) -> 0 | AB59: =SUM(AB38:AB58) -> 0 | AC59: =SUM(AC38:AC58) -> 0 | ... AK59: =SUM(AK38:AK58) -> 85.2 | AL59: =SUM(AL38:AL57) -> 862.591
B61: intake IVF/ICSI | C61: 1 | D61: if necessary (e.g. patient from other clinic): Initial Child Wish consultation | E61: CCR1 CCR2 CCR3 CCR4 | F61: =IF($AP$62="internal", 0, 1) -> 1 | G61: 30 | H61: 40 | I61: 0 | J61: 0 | K61: 0 | L61: 0 | M61: 0 | N61: 0 | O61: 0 | P61: 0 | Q61: 0 | R61: 0 | S61: 0 | T61: =SUM(H61:S61)*F61 -> 40 | V61: =T61*$V$3*F61 -> 4.350492 | W61: =H61*$W$3*F61 -> 76.725 | X61: =I61*$X$3*F61 -> 0 | Y61: =J61*$Y$3*F61 -> 0 | Z61: =IF(ISNUMBER(SEARCH("CCR4", E61)),(T61-K61)*$Z$3, 0) -> 8.2782429 | AA61: =L61*$AA$3*F61 -> 0 | AB61: =K61*$AB$3*F61 -> 0 | AC61: =(IF(ISNUMBER(SEARCH("CCR7", E61)),K61*$AC$3, 0))*F61 -> 0 | AD61: =(IF(ISNUMBER(SEARCH("CCR8", E61)),K61*$AD$3, 0))*F61 -> 0 | AE61: =IF(ISNUMBER(SEARCH("CCR9", E61)),K61*$AE$3*F61, 0) -> 0 | AF61: =(IF(ISNUMBER(SEARCH("CCR10", E61)),K61*$AF$3, 0))*F61 -> 0 | AG61: =IF(ISNUMBER(SEARCH("CCR11", E61)),T61*$AG$3, 0) -> 0 | AH61: =(IF(ISNUMBER(SEARCH("CCR12", E61)),T61*$AH$3, 0))*F61 -> 0 | AI61: 0 | AK61: 0 | AL61: =SUM(V61:AK61) -> 89.353735 | AO61: item | AP61: input | AQ61: options | AT61: Specification of treatment | AU61: IVF Intake | AX61: CCR2 Physician/Arts VPG | AY61: =SUM(X61:X73) -> 0 | AZ61: 0
C62: 2 | D62: if necessary (e.g. patient from other clinic): Lifestyle consultation with nurse | E62: CCR3 | F62: =IF($AP$62="internal", 0, 1) -> 1 | G62: 30 | H62: 0 | I62: 0 | J62: 40 | K62: 0 | L62: 0 | M62: 0 | N62: 0 | O62: 0 | P62: 0 | Q62: 0 | R62: 0 | S62: 0 | T62: =SUM(H62:S62)*F62 -> 40 | V62: =T62*$V$3*F62 -> 4.350492 | W62: =H62*$W$3*F62 -> 0 | X62: =I62*$X$3*F62 -> 0 | Y62: =J62*$Y$3*F62 -> 33.475 | Z62: =IF(ISNUMBER(SEARCH("CCR4", E62)),(T62-K62)*$Z$3, 0) -> 0 | AA62: =L62*$AA$3*F62 -> 0 | AB62: =K62*$AB$3*F62 -> 0 | AC62: =(IF(ISNUMBER(SEARCH("CCR7", E62)),K62*$AC$3, 0))*F62 -> 0 | AD62: =(IF(ISNUMBER(SEARCH("CCR8", E62)),K62*$AD$3, 0))*F62 -> 0 | AE62: =IF(ISNUMBER(SEARCH("CCR9", E62)),K62*$AE$3*F62, 0) -> 0 | AF62: =(IF(ISNUMBER(SEARCH("CCR10", E62)),K62*$AF$3, 0))*F62 -> 0 | AG62: =IF(ISNUMBER(SEARCH("CCR11", E62)),T62*$AG$3, 0) -> 0 | AH62: =(IF(ISNUMBER(SEARCH("CCR12", E62)),T62*$AH$3, 0))*F62 -> 0 | AI62: 0 | AK62: 0 | AL62: =SUM(V62:AK62) -> 37.825492 | AO62: internal vs. external patient (OFO done locally and recently or not) | AP62: external | AQ62: internal, external | AX62: CCR3 IVF Nurse | AY62: =SUM(Y61:Y73) -> 50.2125 | AZ62: 50.2125
C63: 3 | D63: if necessary (e.g. patient from other clinic): Basal temperature cycle monitoring | E63: CCR2 | F63: =IF($AP$62="internal", 0, 1) -> 1 | G63: 30 | H63: 0 | I63: 0 | J63: 20 | K63: 0 | L63: 0 | M63: 0 | N63: 0 | O63: 0 | P63: 0 | Q63: 0 | R63: 0 | S63: 0 | T63: =SUM(H63:S63)*F63 -> 20 | V63: =T63*$V$3*F63 -> 2.175246 | W63: =H63*$W$3*F63 -> 0 | X63: =I63*$X$3*F63 -> 0 | Y63: =J63*$Y$3*F63 -> 16.7375 | Z63: =IF(ISNUMBER(SEARCH("CCR4", E63)),(T63-K63)*$Z$3, 0) -> 0 | AA63: =L63*$AA$3*F63 -> 0 | AB63: =K63*$AB$3*F63 -> 0 | AC63: =(IF(ISNUMBER(SEARCH("CCR7", E63)),K63*$AC$3, 0))*F63 -> 0 | AD63: =(IF(ISNUMBER(SEARCH("CCR8", E63)),K63*$AD$3, 0))*F63 -> 0 | AE63: =IF(ISNUMBER(SEARCH("CCR9", E63)),K63*$AE$3*F63, 0) -> 0 | AF63: =(IF(ISNUMBER(SEARCH("CCR10", E63)),K63*$AF$3, 0))*F63 -> 0 | AG63: =IF(ISNUMBER(SEARCH("CCR11", E63)),T63*$AG$3, 0) -> 0 | AH63: =(IF(ISNUMBER(SEARCH("CCR12", E63)),T63*$AH$3, 0))*F63 -> 0 | AI63: 0 | AK63: =inputs!E38*F63 -> 110.64 | AL63: =SUM(V63:AK63) -> 129.55275 | AO63: HSG required (default no) | AP63: no | AQ63: no, yes | AT63: Phase of treatment | AX63: CCR4 Clinic equipment and disp. | AY63: =SUM(Z61:Z73) -> 20.695607 | AZ63: 20.695607
C64: 4 | D64: if necessary (e.g. patient from other clinic): Testicular ultrasound | E64: CCR11 | F64: =AP65 -> 1 | G64: 30 | H64: 0 | I64: 0 | J64: 0 | K64: 0 | L64: 0 | M64: 30 | N64: 30 | O64: 0 | P64: 0 | Q64: 0 | R64: 0 | S64: 0 | T64: =SUM(H64:S64)*F64 -> 60 | V64: =T64*$V$3*F64 -> 6.525738 | W64: =H64*$W$3*F64 -> 0 | X64: =I64*$X$3*F64 -> 0 | Y64: =J64*$Y$3*F64 -> 0 | Z64: =IF(ISNUMBER(SEARCH("CCR4", E64)),(T64-K64)*$Z$3, 0) -> 0 | AA64: =L64*$AA$3*F64 -> 0 | AB64: =K64*$AB$3*F64 -> 0 | AC64: =(IF(ISNUMBER(SEARCH("CCR7", E64)),K64*$AC$3, 0))*F64 -> 0 | AD64: =(IF(ISNUMBER(SEARCH("CCR8", E64)),K64*$AD$3, 0))*F64 -> 0 | AE64: =IF(ISNUMBER(SEARCH("CCR9", E64)),K64*$AE$3*F64, 0) -> 0 | AF64: =(IF(ISNUMBER(SEARCH("CCR10", E64)),K64*$AF$3, 0))*F64 -> 0 | AG64: =IF(ISNUMBER(SEARCH("CCR11", E64)),T64*$AG$3, 0) -> 125.32917 | AH64: =(IF(ISNUMBER(SEARCH("CCR12", E64)),T64*$AH$3, 0))*F64 -> 0 | AI64: 0 | AK64: =inputs!E55*F64 -> 40.99 | AL64: =SUM(V64:AK64) -> 172.8449 | AO64: Laparoscopy required (default no) | AP64: no | AQ64: no, yes | AT64: Intake and/or diagnostics | AU64: =SUM(AL61:AL73) -> 878.21135 | AX64: CCR5 Urologist | AY64: =SUM(AA61:AA73) -> 100 | AZ64: 100
C65: 5 | D65: Infection screening (serology) | F65: 1 | G65: 5 | H65: 0 | I65: 0 | J65: 0 | K65: 0 | L65: 0 | M65: 0 | N65: 0 | O65: 0 | P65: 0 | Q65: 0 | R65: 0 | S65: 0 | T65: =SUM(H65:S65)*F65 -> 0 | V65: =T65*$V$3*F65 -> 0 | W65: =H65*$W$3*F65 -> 0 | X65: =I65*$X$3*F65 -> 0 | Y65: =J65*$Y$3*F65 -> 0 | Z65: =IF(ISNUMBER(SEARCH("CCR4", E65)),(T65-K65)*$Z$3, 0) -> 0 | AA65: =L65*$AA$3*F65 -> 0 | AB65: =K65*$AB$3*F65 -> 0 | AC65: =(IF(ISNUMBER(SEARCH("CCR7", E65)),K65*$AC$3, 0))*F65 -> 0 | AD65: =(IF(ISNUMBER(SEARCH("CCR8", E65)),K65*$AD$3, 0))*F65 -> 0 | AE65: =IF(ISNUMBER(SEARCH("CCR9", E65)),K65*$AE$3*F65, 0) -> 0 | AF65: =(IF(ISNUMBER(SEARCH("CCR10", E65)),K65*$AF$3, 0))*F65 -> 0 | AG65: =IF(ISNUMBER(SEARCH("CCR11", E65)),T65*$AG$3, 0) -> 0 | AH65: =(IF(ISNUMBER(SEARCH("CCR12", E65)),T65*$AH$3, 0))*F65 -> 0 | AI65: 0 | AK65: =inputs!E39 -> 71.95 | AL65: =SUM(V65:AK65) -> 71.95 | AO65: Number of consultations Urologist or Andrologist | AP65: 1 | AQ65: 0, 1, 2,3… | AT65: Stimulation and/or monitoring | AX65: CCR6 Staff IVF lab | AY65: =SUM(AB61:AB73) -> 142.12885 | AZ65: 155.91505
C66: 6a | D66: if necessary: diagnostic HSG | E66: CCR1 CCR3 CCR11 | F66: =IF($AP$63="no", 0, 1) -> 0 | G66: 30 | H66: 60 | I66: 0 | J66: 40 | K66: 0 | L66: 0 | M66: 40 | N66: 40 | O66: 0 | P66: 0 | Q66: 0 | R66: 0 | S66: 0 | T66: =SUM(H66:S66)*F66 -> 0 | V66: =T66*$V$3*F66 -> 0 | W66: =H66*$W$3*F66 -> 0 | X66: =I66*$X$3*F66 -> 0 | Y66: =J66*$Y$3*F66 -> 0 | Z66: =IF(ISNUMBER(SEARCH("CCR4", E66)),(T66-K66)*$Z$3, 0) -> 0 | AA66: =L66*$AA$3*F66 -> 0 | AB66: =K66*$AB$3*F66 -> 0 | AC66: =(IF(ISNUMBER(SEARCH("CCR7", E66)),K66*$AC$3, 0))*F66 -> 0 | AD66: =(IF(ISNUMBER(SEARCH("CCR8", E66)),K66*$AD$3, 0))*F66 -> 0 | AE66: =IF(ISNUMBER(SEARCH("CCR9", E66)),K66*$AE$3*F66, 0) -> 0 | AF66: =(IF(ISNUMBER(SEARCH("CCR10", E66)),K66*$AF$3, 0))*F66 -> 0 | AG66: =IF(ISNUMBER(SEARCH("CCR11", E66)),T66*$AG$3, 0) -> 0 | AH66: =(IF(ISNUMBER(SEARCH("CCR12", E66)),T66*$AH$3, 0))*F66 -> 0 | AI66: 0 | AK66: 0 | AL66: =SUM(V66:AK66) -> 0 | AO66: Total number of clinic consultations (default 2) | AP66: 2 | AQ66: 1, 2,3,4… | AT66: Egg retrieval | AX66: CCR7 Semen lab | AY66: =SUM(AC61:AC73) -> 30.393176 | AZ66: 33.34125
C67: 6b | D67: if necessary: diagnostic Laparoscopy | E67: CCR1 CCR12 CCR3 | F67: =IF($AP$64="no", 0, 1) -> 0 | G67: 60 | H67: 120 | I67: 0 | J67: 120 | K67: 0 | L67: 0 | M67: 0 | N67: 0 | O67: 40 | P67: 40 | Q67: 20 | R67: 0 | S67: 0 | T67: =SUM(H67:S67)*F67 -> 0 | V67: =T67*$V$3*F67 -> 0 | W67: =H67*$W$3*F67 -> 0 | X67: =I67*$X$3*F67 -> 0 | Y67: =J67*$Y$3*F67 -> 0 | Z67: =IF(ISNUMBER(SEARCH("CCR4", E67)),(T67-K67)*$Z$3, 0) -> 0 | AA67: =L67*$AA$3*F67 -> 0 | AB67: =K67*$AB$3*F67 -> 0 | AC67: =(IF(ISNUMBER(SEARCH("CCR7", E67)),K67*$AC$3, 0))*F67 -> 0 | AD67: =(IF(ISNUMBER(SEARCH("CCR8", E67)),K67*$AD$3, 0))*F67 -> 0 | AE67: =IF(ISNUMBER(SEARCH("CCR9", E67)),K67*$AE$3*F67, 0) -> 0 | AF67: =(IF(ISNUMBER(SEARCH("CCR10", E67)),K67*$AF$3, 0))*F67 -> 0 | AG67: =IF(ISNUMBER(SEARCH("CCR11", E67)),T67*$AG$3, 0) -> 0 | AH67: =(IF(ISNUMBER(SEARCH("CCR12", E67)),T67*$AH$3, 0))*F67 -> 0 | AI67: 0 | AK67: 0 | AL67: =SUM(V67:AK67) -> 0 | AO67: Number of SSTs (SOTs) required | AP67: 1 | AQ67: 0, 1, 2, 3… | AT67: Insemination and/or fertilization | AX67: CCR8 IVF & ICSI lab | AY67: =SUM(AD61:AD73) -> 0 | AZ67: 0
C68: 12 | D68: Consultation in case diagnostics are required (HSG or Lapa) | E68: CCR1 | F68: =IF($AP$64="no", 0, 1) -> 0 | G68: 30 | H68: 30 | I68: 0 | J68: 0 | K68: 0 | L68: 0 | M68: 0 | N68: 0 | O68: 0 | P68: 0 | Q68: 0 | R68: 0 | S68: 0 | T68: 0 | V68: =T68*$V$3*F68 -> 0 | W68: =H68*$W$3*F68 -> 0 | X68: =I68*$X$3*F68 -> 0 | Y68: =J68*$Y$3*F68 -> 0 | Z68: =IF(ISNUMBER(SEARCH("CCR4", E68)),(T68-K68)*$Z$3, 0) -> 0 | AA68: =L68*$AA$3*F68 -> 0 | AB68: =K68*$AB$3*F68 -> 0 | AC68: =(IF(ISNUMBER(SEARCH("CCR7", E68)),K68*$AC$3, 0))*F68 -> 0 | AD68: =(IF(ISNUMBER(SEARCH("CCR8", E68)),K68*$AD$3, 0))*F68 -> 0 | AE68: =IF(ISNUMBER(SEARCH("CCR9", E68)),K68*$AE$3*F68, 0) -> 0 | AF68: =(IF(ISNUMBER(SEARCH("CCR10", E68)),K68*$AF$3, 0))*F68 -> 0 | AG68: =IF(ISNUMBER(SEARCH("CCR11", E68)),T68*$AG$3, 0) -> 0 | AH68: =(IF(ISNUMBER(SEARCH("CCR12", E68)),T68*$AH$3, 0))*F68 -> 0 | AI68: 0 | AK68: 0 | AL68: =SUM(V68:AK68) -> 0 | AT68: Embryo Transfer | AX68: CCR9 ICSI lab | AY68: =SUM(AE61:AE73) -> 0 | AZ68: 0
C69: 7 | D69: if necessary (e.g. patient from other clinic): Consultation with Urologist or Andrologist | E69: CCR4 CCR5 | F69: =$AP$65 -> 1 | G69: 30 | H69: 0 | I69: 0 | J69: 0 | K69: 0 | L69: 30 | M69: 0 | N69: 0 | O69: 0 | P69: 0 | Q69: 0 | R69: 0 | S69: 0 | T69: =SUM(H69:S69)*F69 -> 30 | V69: =T69*$V$3*F69 -> 3.262869 | W69: =H69*$W$3*F69 -> 0 | X69: =I69*$X$3*F69 -> 0 | Y69: =J69*$Y$3*F69 -> 0 | Z69: =IF(ISNUMBER(SEARCH("CCR4", E69)),(T69-K69)*$Z$3*F69, 0) -> 6.2086821 | AA69: =L69*$AA$3*F69 -> 100 | AB69: =K69*$AB$3*F69 -> 0 | AC69: =(IF(ISNUMBER(SEARCH("CCR7", E69)),K69*$AC$3, 0))*F69 -> 0 | AD69: =(IF(ISNUMBER(SEARCH("CCR8", E69)),K69*$AD$3, 0))*F69 -> 0 | AE69: =IF(ISNUMBER(SEARCH("CCR9", E69)),K69*$AE$3*F69, 0) -> 0 | AF69: =(IF(ISNUMBER(SEARCH("CCR10", E69)),K69*$AF$3, 0))*F69 -> 0 | AG69: =IF(ISNUMBER(SEARCH("CCR11", E69)),T69*$AG$3, 0) -> 0 | AH69: =(IF(ISNUMBER(SEARCH("CCR12", E69)),T69*$AH$3, 0))*F69 -> 0 | AI69: 0 | AK69: 0 | AL69: =SUM(V69:AK69)*1 -> 109.47155 | AT69: Freezing or thawing | AX69: CCR10 Cryopreservation lab | AY69: =SUM(AF61:AF73) -> 0 | AZ69: 0
C70: 8 | D70: Laboratory preparation for semen survival test (SST) | E70: CCR7 CCR6 | F70: =$AP$67 -> 1 | G70: 5 | H70: 10 | I70: 0 | J70: 0 | K70: =K9 -> 6.1 | L70: 0 | M70: 0 | N70: 0 | O70: 0 | P70: 0 | Q70: 0 | R70: 0 | S70: 0 | T70: =SUM(H70:S70)*F70 -> 16.1 | V70: =T70*$V$3*F70 -> 1.751073 | W70: =H70*$W$3*F70 -> 19.18125 | X70: =I70*$X$3*F70 -> 0 | Y70: =J70*$Y$3*F70 -> 0 | Z70: =IF(ISNUMBER(SEARCH("CCR4", E70)),(T70-K70)*$Z$3, 0) -> 0 | AA70: =L70*$AA$3*F70 -> 0 | AB70: =K70*$AB$3*F70 -> 12.731072 | AC70: =(IF(ISNUMBER(SEARCH("CCR7", E70)),K70*$AC$3, 0))*F70 -> 2.7224431 | AD70: =(IF(ISNUMBER(SEARCH("CCR8", E70)),K70*$AD$3, 0))*F70 -> 0 | AE70: =IF(ISNUMBER(SEARCH("CCR9", E70)),K70*$AE$3*F70, 0) -> 0 | AF70: =(IF(ISNUMBER(SEARCH("CCR10", E70)),K70*$AF$3, 0))*F70 -> 0 | AG70: =IF(ISNUMBER(SEARCH("CCR11", E70)),T70*$AG$3, 0) -> 0 | AH70: =(IF(ISNUMBER(SEARCH("CCR12", E70)),T70*$AH$3, 0))*F70 -> 0 | AI70: 0 | AK70: 0 | AL70: =SUM(V70:AK70) -> 36.385838 | AO70: =SUM(V61:AK73) -> 878.21135 | AT70: Evaluation | AX70: CCR11 Radiology | AY70: =SUM(AG61:AG73) -> 125.32917 | AZ70: 125.32917
C71: 9 | D71: Laboratory receives SST | E71: CCR6 CCR7 | F71: =$AP$67 -> 1 | G71: 30 | H71: 0 | I71: 0 | J71: 0 | K71: 15 | L71: 0 | M71: 0 | N71: 0 | O71: 0 | P71: 0 | Q71: 0 | R71: 0 | S71: 0 | T71: =SUM(H71:S71)*F71 -> 15 | V71: =T71*$V$3*F71 -> 1.6314345 | W71: =H71*$W$3*F71 -> 0 | X71: =I71*$X$3*F71 -> 0 | Y71: =J71*$Y$3*F71 -> 0 | Z71: =IF(ISNUMBER(SEARCH("CCR4", E71)),(T71-K71)*$Z$3, 0) -> 0 | AA71: =L71*$AA$3*F71 -> 0 | AB71: =K71*$AB$3*F71 -> 31.305915 | AC71: =(IF(ISNUMBER(SEARCH("CCR7", E71)),K71*$AC$3, 0))*F71 -> 6.6945322 | AD71: =(IF(ISNUMBER(SEARCH("CCR8", E71)),K71*$AD$3, 0))*F71 -> 0 | AE71: =IF(ISNUMBER(SEARCH("CCR9", E71)),K71*$AE$3*F71, 0) -> 0 | AF71: =(IF(ISNUMBER(SEARCH("CCR10", E71)),K71*$AF$3, 0))*F71 -> 0 | AG71: =IF(ISNUMBER(SEARCH("CCR11", E71)),T71*$AG$3, 0) -> 0 | AH71: =(IF(ISNUMBER(SEARCH("CCR12", E71)),T71*$AH$3, 0))*F71 -> 0 | AI71: 0 | AK71: 0 | AL71: =SUM(V71:AK71) -> 39.631882 | AT71: Total | AU71: =SUM(AU64:AU70) -> 878.21135 | AX71: CCR12 Laparoscopy | AY71: =SUM(AH61:AH73) -> 0 | AZ71: 0
C72: 10 | D72: Laboratory processing on day of SST | E72: CCR7 CCR6 | F72: =$AP$67 -> 1 | G72: 30 | H72: 0 | I72: 0 | J72: 0 | K72: =K11 -> 47 | L72: 0 | M72: 0 | N72: 0 | O72: 0 | P72: 0 | Q72: 0 | R72: 0 | S72: 0 | T72: =SUM(H72:S72)*F72 -> 47 | V72: =T72*$V$3*F72 -> 5.1118281 | W72: =H72*$W$3*F72 -> 0 | X72: =I72*$X$3*F72 -> 0 | Y72: =J72*$Y$3*F72 -> 0 | Z72: =IF(ISNUMBER(SEARCH("CCR4", E72)),(T72-K72)*$Z$3, 0) -> 0 | AA72: =L72*$AA$3*F72 -> 0 | AB72: =K72*$AB$3*F72 -> 98.091868 | AC72: =(IF(ISNUMBER(SEARCH("CCR7", E72)),K72*$AC$3, 0))*F72 -> 20.976201 | AD72: =(IF(ISNUMBER(SEARCH("CCR8", E72)),K72*$AD$3, 0))*F72 -> 0 | AE72: =IF(ISNUMBER(SEARCH("CCR9", E72)),K72*$AE$3*F72, 0) -> 0 | AF72: =(IF(ISNUMBER(SEARCH("CCR10", E72)),K72*$AF$3, 0))*F72 -> 0 | AG72: =IF(ISNUMBER(SEARCH("CCR11", E72)),T72*$AG$3, 0) -> 0 | AH72: =(IF(ISNUMBER(SEARCH("CCR12", E72)),T72*$AH$3, 0))*F72 -> 0 | AI72: 0 | AK72: 0 | AL72: =SUM(V72:AK72) -> 124.1799 | AY72: =SUM(AY54:AY71) -> 878.21135 | AZ72: 895.66405
C73: 11 | D73: Evaluation consultation with ultrasound; treatment protocol is chosen | E73: CCR1 CCR3 CCR4 | F73: =AP66-1 -> 1 | G73: 30 | H73: 30 | I73: 0 | J73: 0 | K73: 0 | L73: 0 | M73: 0 | N73: 0 | O73: 0 | P73: 0 | Q73: 0 | R73: 0 | S73: 0 | T73: =SUM(H73:S73)*F73 -> 30 | V73: =T73*$V$3*F73 -> 3.262869 | W73: =H73*$W$3*F73 -> 57.54375 | X73: =I73*$X$3*F73 -> 0 | Y73: =J73*$Y$3*F73 -> 0 | Z73: =IF(ISNUMBER(SEARCH("CCR4", E73)),(T73-K73)*$Z$3, 0) -> 6.2086821 | AA73: =L73*$AA$3*F73 -> 0 | AB73: =K73*$AB$3*F73 -> 0 | AC73: =(IF(ISNUMBER(SEARCH("CCR7", E73)),K73*$AC$3, 0))*F73 -> 0 | AD73: =(IF(ISNUMBER(SEARCH("CCR8", E73)),K73*$AD$3, 0))*F73 -> 0 | AE73: =IF(ISNUMBER(SEARCH("CCR9", E73)),K73*$AE$3*F73, 0) -> 0 | AF73: =(IF(ISNUMBER(SEARCH("CCR10", E73)),K73*$AF$3, 0))*F73 -> 0 | AG73: =IF(ISNUMBER(SEARCH("CCR11", E73)),T73*$AG$3, 0) -> 0 | AH73: =(IF(ISNUMBER(SEARCH("CCR12", E73)),T73*$AH$3, 0))*F73 -> 0 | AI73: 0 | AK73: 0 | AL73: =SUM(V73:AK73) -> 67.015301 | AM73: =SUM(AL61:AL73) -> 878.21135
E74: Totals configured | G74: =($F62*G62)+($F63*G63)+($F64*G64)+($F65*G65)+($F66*G66)+($F67*G67)+($F68*G68)+($F69*G69)+($F70*G70)+($F71*G71)+($F72*G72)+($F73*G73)+($F61*G61) -> 250 | H74: =($F62*H62)+($F63*H63)+($F64*H64)+($F65*H65)+($F66*H66)+($F67*H67)+($F68*H68)+($F69*H69)+($F70*H70)+($F71*H71)+($F72*H72)+($F73*H73)+($F61*H61) -> 80 | I74: =($F62*I62)+($F63*I63)+($F64*I64)+($F65*I65)+($F66*I66)+($F67*I67)+($F68*I68)+($F69*I69)+($F70*I70)+($F71*I71)+($F72*I72)+($F73*I73)+($F61*I61) -> 0 | J74: =($F62*J62)+($F63*J63)+($F64*J64)+($F65*J65)+($F66*J66)+($F67*J67)+($F68*J68)+($F69*J69)+($F70*J70)+($F71*J71)+($F72*J72)+($F73*J73)+($F61*J61) -> 60 | K74: =($F62*K62)+($F63*K63)+($F64*K64)+($F65*K65)+($F66*K66)+($F67*K67)+($F68*K68)+($F69*K69)+($F70*K70)+($F71*K71)+($F72*K72)+($F73*K73)+($F61*K61) -> 68.1 | L74: =($F62*L62)+($F63*L63)+($F64*L64)+($F65*L65)+($F66*L66)+($F67*L67)+($F68*L68)+($F69*L69)+($F70*L70)+($F71*L71)+($F72*L72)+($F73*L73)+($F61*L61) -> 30 | M74: =($F62*M62)+($F63*M63)+($F64*M64)+($F65*M65)+($F66*M66)+($F67*M67)+($F68*M68)+($F69*M69)+($F70*M70)+($F71*M71)+($F72*M72)+($F73*M73)+($F61*M61) -> 30 | N74: =($F62*N62)+($F63*N63)+($F64*N64)+($F65*N65)+($F66*N66)+($F67*N67)+($F68*N68)+($F69*N69)+($F70*N70)+($F71*N71)+($F72*N72)+($F73*N73)+($F61*N61) -> 30 | ... S74: =($F62*S62)+($F63*S63)+($F64*S64)+($F65*S65)+($F66*S66)+($F67*S67)+($F68*S68)+($F69*S69)+($F70*S70)+($F71*S71)+($F72*S72)+($F73*S73)+($F61*S61) -> 0 | T74: =SUM(T61:T73) -> 298.1 | U74: =SUM(U61:U73) -> 0 | V74: =SUM(V61:V73) -> 32.422041 | W74: =SUM(W61:W73) -> 153.45 | X74: =SUM(X61:X73) -> 0 | Y74: =SUM(Y61:Y73) -> 50.2125 | Z74: =SUM(Z61:Z73) -> 20.695607 | AA74: =SUM(AA61:AA73) -> 100 | ... AL74: =SUM(AL61:AL73) -> 878.21135
B76: In-vitro fertilisation | C76: 1 | D76: if necessary: Pre-treatment with long agonist treatment protocol (3 months) | E76: CCR2 CCR3 | F76: =IF($AP$77="yes", 1, 0) -> 0 | G76: 30 | H76: 0 | I76: 90 | J76: 90 | K76: 0 | L76: 0 | M76: 0 | N76: 0 | O76: 0 | P76: 0 | Q76: 30 | R76: 0 | S76: 0 | T76: =SUM(H76:S76)*F76 -> 0 | V76: =T76*$V$3*F76 -> 0 | W76: =H76*$W$3*F76 -> 0 | X76: =I76*$X$3*F76 -> 0 | Y76: =J76*$Y$3*F76 -> 0 | Z76: =IF(ISNUMBER(SEARCH("CCR4", E76)),(T76-K76)*$Z$3, 0) -> 0 | AA76: =L76*$AA$3*F76 -> 0 | AB76: =K76*$AB$3*F76 -> 0 | AC76: =(IF(ISNUMBER(SEARCH("CCR7", E76)),K76*$AC$3, 0))*F76 -> 0 | AD76: =(IF(ISNUMBER(SEARCH("CCR8", E76)),K76*$AD$3, 0))*F76 -> 0 | AE76: =IF(ISNUMBER(SEARCH("CCR9", E76)),K76*$AE$3*F76, 0) -> 0 | AF76: =(IF(ISNUMBER(SEARCH("CCR10", E76)),K76*$AF$3, 0))*F76 -> 0 | AG76: =IF(ISNUMBER(SEARCH("CCR11", E76)),T76*$AG$3, 0) -> 0 | AH76: =(IF(ISNUMBER(SEARCH("CCR12", E76)),T76*$AH$3, 0))*F76 -> 0 | AI76: 0 | AK76: 0 | AL76: =SUM(V76:AK76)*F76 -> 0 | AM76: Phase 1 Stimulation | AO76: item | AP76: input | AQ76: options | AT76: Treatment | AU76: Diagnostic | AX76: Cost breakdown/stratification: | AY76: IVF only
C77: 2 | D77: Consultation with IVF nurse | E77: CCR3 | F77: 1 | G77: 30 | H77: 0 | I77: 0 | J77: 30 | K77: 0 | L77: 0 | M77: 0 | N77: 0 | O77: 0 | P77: 0 | Q77: 30 | R77: 0 | S77: 0 | T77: =SUM(H77:S77)*F77 -> 60 | V77: =T77*$V$3*F77 -> 6.525738 | W77: =H77*$W$3*F77 -> 0 | X77: =I77*$X$3*F77 -> 0 | Y77: =J77*$Y$3*F77 -> 25.10625 | Z77: =IF(ISNUMBER(SEARCH("CCR4", E77)),(T77-K77)*$Z$3, 0) -> 0 | AA77: =L77*$AA$3*F77 -> 0 | AB77: =K77*$AB$3*F77 -> 0 | AC77: =(IF(ISNUMBER(SEARCH("CCR7", E77)),K77*$AC$3, 0))*F77 -> 0 | AD77: =(IF(ISNUMBER(SEARCH("CCR8", E77)),K77*$AD$3, 0))*F77 -> 0 | AE77: =IF(ISNUMBER(SEARCH("CCR9", E77)),K77*$AE$3*F77, 0) -> 0 | AF77: =(IF(ISNUMBER(SEARCH("CCR10", E77)),K77*$AF$3, 0))*F77 -> 0 | AG77: =IF(ISNUMBER(SEARCH("CCR11", E77)),T77*$AG$3, 0) -> 0 | AH77: =(IF(ISNUMBER(SEARCH("CCR12", E77)),T77*$AH$3, 0))*F77 -> 0 | AI77: 0 | AK77: 0 | AL77: =SUM(V77:AK77)*F77 -> 31.631988 | AO77: Scheme 1 with 3 months Lucrin (default no) | AP77: no | AT77: Specification of treatment | AU77: IVF | AX77: Significant disposables, blood tests | AY77: =SUM(AI76:AI113)+SUM(AK76:AK113) -> 173.70293
C78: 3 | D78: Patient emails IVF nurse to inform her of her cycle start | E78: CCR3 | F78: 1 | G78: 20 | H78: 0 | I78: 0 | J78: 5 | K78: 0 | L78: 0 | M78: 0 | N78: 0 | O78: 0 | P78: 0 | Q78: 0 | R78: 0 | S78: 0 | T78: =SUM(H78:S78)*F78 -> 5 | V78: =T78*$V$3*F78 -> 0.5438115 | W78: =H78*$W$3*F78 -> 0 | X78: =I78*$X$3*F78 -> 0 | Y78: =J78*$Y$3*F78 -> 4.184375 | Z78: =IF(ISNUMBER(SEARCH("CCR4", E78)),(T78-K78)*$Z$3, 0) -> 0 | AA78: =L78*$AA$3*F78 -> 0 | AB78: =K78*$AB$3*F78 -> 0 | AC78: =(IF(ISNUMBER(SEARCH("CCR7", E78)),K78*$AC$3, 0))*F78 -> 0 | AD78: =(IF(ISNUMBER(SEARCH("CCR8", E78)),K78*$AD$3, 0))*F78 -> 0 | AE78: =IF(ISNUMBER(SEARCH("CCR9", E78)),K78*$AE$3*F78, 0) -> 0 | AF78: =(IF(ISNUMBER(SEARCH("CCR10", E78)),K78*$AF$3, 0))*F78 -> 0 | AG78: =IF(ISNUMBER(SEARCH("CCR11", E78)),T78*$AG$3, 0) -> 0 | AH78: =(IF(ISNUMBER(SEARCH("CCR12", E78)),T78*$AH$3, 0))*F78 -> 0 | AI78: 0 | AK78: 0 | AL78: =SUM(V78:AK78)*F78 -> 4.7281865 | AO78: Stimulation protocol (default Agonist) | AP78: Agonist | AX78: Direct medication costs | AY78: =SUM(AJ76:AJ113) -> 526.80571
C79: 4 | D79: Agonist/Antagonist treatment protocol | E79: CCR2 CCR3 | F79: 1 | G79: 30 | H79: 0 | I79: 0 | J79: 0 | K79: 0 | L79: 0 | M79: 0 | N79: 0 | O79: 0 | P79: 0 | Q79: 30 | R79: 0 | S79: 0 | T79: =SUM(H79:S79)*F79 -> 30 | V79: =T79*$V$3*F79 -> 3.262869 | W79: =H79*$W$3*F79 -> 0 | X79: =I79*$X$3*F79 -> 0 | Y79: =J79*$Y$3*F79 -> 0 | Z79: =IF(ISNUMBER(SEARCH("CCR4", E79)),(T79-K79)*$Z$3, 0) -> 0 | AA79: =L79*$AA$3*F79 -> 0 | AB79: =K79*$AB$3*F79 -> 0 | AC79: =(IF(ISNUMBER(SEARCH("CCR7", E79)),K79*$AC$3, 0))*F79 -> 0 | AD79: =(IF(ISNUMBER(SEARCH("CCR8", E79)),K79*$AD$3, 0))*F79 -> 0 | AE79: =IF(ISNUMBER(SEARCH("CCR9", E79)),K79*$AE$3*F79, 0) -> 0 | AF79: =(IF(ISNUMBER(SEARCH("CCR10", E79)),K79*$AF$3, 0))*F79 -> 0 | AG79: =IF(ISNUMBER(SEARCH("CCR11", E79)),T79*$AG$3, 0) -> 0 | AH79: =(IF(ISNUMBER(SEARCH("CCR12", E79)),T79*$AH$3, 0))*F79 -> 0 | AI79: 0 | AJ79: =inputs!E28 -> 508.58571 | AK79: 0 | AL79: =SUM(V79:AK79)*F79 -> 511.84858 | AO79: Number of echos/consultations before puncture | AP79: 4 | AT79: Phase of treatment | AX79: CCR0: building, facilities, support staff | AY79: =SUM(V76:V113) -> 102.04079
C80: 5 | D80: Ultrasound and consultation | E80: CCR2 CCR3 CCR4 | F80: 1 | G80: 30 | H80: 0 | I80: 30 | J80: 30 | K80: 0 | L80: 0 | M80: 0 | N80: 0 | O80: 0 | P80: 0 | Q80: 0 | R80: 0 | S80: 0 | T80: =SUM(H80:S80)*F80 -> 60 | V80: =T80*$V$3*F80 -> 6.525738 | W80: =H80*$W$3*F80 -> 0 | X80: =I80*$X$3*F80 -> 32.3 | Y80: =J80*$Y$3*F80 -> 25.10625 | Z80: =IF(ISNUMBER(SEARCH("CCR4", E80)),(T80-K80)*$Z$3, 0) -> 12.417364 | AA80: =L80*$AA$3*F80 -> 0 | AB80: =K80*$AB$3*F80 -> 0 | AC80: =(IF(ISNUMBER(SEARCH("CCR7", E80)),K80*$AC$3, 0))*F80 -> 0 | AD80: =(IF(ISNUMBER(SEARCH("CCR8", E80)),K80*$AD$3, 0))*F80 -> 0 | AE80: =IF(ISNUMBER(SEARCH("CCR9", E80)),K80*$AE$3*F80, 0) -> 0 | AF80: =(IF(ISNUMBER(SEARCH("CCR10", E80)),K80*$AF$3, 0))*F80 -> 0 | AG80: =IF(ISNUMBER(SEARCH("CCR11", E80)),T80*$AG$3, 0) -> 0 | AH80: =(IF(ISNUMBER(SEARCH("CCR12", E80)),T80*$AH$3, 0))*F80 -> 0 | AI80: 0 | AK80: 0 | AL80: =SUM(V80:AK80)*F80 -> 76.349352 | AO80: Number of blood tests (default 1) | AP80: 1 | AT80: Intake and/or diagnostics | AX80: CCR1: Gyn with DA | AY80: =SUM(W76:W113) -> 57.54375
C81: 6 | D81: Blood test (if necessary) | E81: CCR3 | F81: 1 | G81: 10 | H81: 0 | I81: 0 | J81: 5 | K81: 0 | L81: 0 | M81: 0 | N81: 0 | O81: 0 | P81: 0 | Q81: 0 | R81: 0 | S81: 0 | T81: =SUM(H81:S81)*F81 -> 5 | V81: =T81*$V$3*F81 -> 0.5438115 | W81: =H81*$W$3*F81 -> 0 | X81: =I81*$X$3*F81 -> 0 | Y81: =J81*$Y$3*F81 -> 4.184375 | Z81: =IF(ISNUMBER(SEARCH("CCR4", E81)),(T81-K81)*$Z$3, 0) -> 0 | AA81: =L81*$AA$3*F81 -> 0 | AB81: =K81*$AB$3*F81 -> 0 | AC81: =(IF(ISNUMBER(SEARCH("CCR7", E81)),K81*$AC$3, 0))*F81 -> 0 | AD81: =(IF(ISNUMBER(SEARCH("CCR8", E81)),K81*$AD$3, 0))*F81 -> 0 | AE81: =IF(ISNUMBER(SEARCH("CCR9", E81)),K81*$AE$3*F81, 0) -> 0 | AF81: =(IF(ISNUMBER(SEARCH("CCR10", E81)),K81*$AF$3, 0))*F81 -> 0 | AG81: =IF(ISNUMBER(SEARCH("CCR11", E81)),T81*$AG$3, 0) -> 0 | AH81: =(IF(ISNUMBER(SEARCH("CCR12", E81)),T81*$AH$3, 0))*F81 -> 0 | AI81: 0 | AK81: =inputs!E37*F81 -> 26.86 | AL81: =SUM(V81:AK81)*F81 -> 31.588186 | AO81: Number of tubes from puncture | AP81: 6 | AQ81: 2,3,4,5,6,7,8,9,10…. Med=6 | AT81: Stimulation and/or monitoring | AU81: =SUM(AL76:AL89) -> 853.925 | AX81: CCR2 Physician/Arts VPG | AY81: =SUM(X76:X113) -> 204.56667
C82: 7 | D82: if necessary: wait until cysts have shrunk | F82: 0 | G82: 0 | H82: 0 | I82: 0 | J82: 0 | K82: 0 | L82: 0 | M82: 0 | N82: 0 | O82: 0 | P82: 0 | Q82: 0 | R82: 0 | S82: 0 | T82: =SUM(H82:S82)*F82 -> 0 | V82: =T82*$V$3*F82 -> 0 | W82: =H82*$W$3*F82 -> 0 | X82: =I82*$X$3*F82 -> 0 | Y82: =J82*$Y$3*F82 -> 0 | Z82: =IF(ISNUMBER(SEARCH("CCR4", E82)),(T82-K82)*$Z$3, 0) -> 0 | AA82: =L82*$AA$3*F82 -> 0 | AB82: =K82*$AB$3*F82 -> 0 | AC82: =(IF(ISNUMBER(SEARCH("CCR7", E82)),K82*$AC$3, 0))*F82 -> 0 | AD82: =(IF(ISNUMBER(SEARCH("CCR8", E82)),K82*$AD$3, 0))*F82 -> 0 | AE82: =IF(ISNUMBER(SEARCH("CCR9", E82)),K82*$AE$3*F82, 0) -> 0 | AF82: =(IF(ISNUMBER(SEARCH("CCR10", E82)),K82*$AF$3, 0))*F82 -> 0 | AG82: =IF(ISNUMBER(SEARCH("CCR11", E82)),T82*$AG$3, 0) -> 0 | AH82: =(IF(ISNUMBER(SEARCH("CCR12", E82)),T82*$AH$3, 0))*F82 -> 0 | AI82: 0 | AK82: 0 | AL82: =SUM(V82:AK82)*F82 -> 0 | AO82: Number of IVF oocytes (predicted) | AP82: =AP90 -> 20.25641 | AQ82: 1, 2, 3, … (default mean) | AT82: Egg retrieval | AU82: =SUM(AL90:AL96) -> 637.66173 | AX82: CCR3 IVF Nurse | AY82: =SUM(Y76:Y113) -> 288.72188
C83: 8 | D83: Prepatory treatment with progestin (if needed) | E83: CCR3 | F83: =IF(AP86="no", 0, 1) -> 0 | G83: 10 | H83: 0 | I83: 0 | J83: 10 | K83: 0 | L83: 0 | M83: 0 | N83: 0 | O83: 0 | P83: 0 | Q83: 0 | R83: 0 | S83: 0 | T83: =SUM(H83:S83)*F83 -> 0 | V83: =T83*$V$3*F83 -> 0 | W83: =H83*$W$3*F83 -> 0 | X83: =I83*$X$3*F83 -> 0 | Y83: =J83*$Y$3*F83 -> 0 | Z83: =IF(ISNUMBER(SEARCH("CCR4", E83)),(T83-K83)*$Z$3, 0) -> 0 | AA83: =L83*$AA$3*F83 -> 0 | AB83: =K83*$AB$3*F83 -> 0 | AC83: =(IF(ISNUMBER(SEARCH("CCR7", E83)),K83*$AC$3, 0))*F83 -> 0 | AD83: =(IF(ISNUMBER(SEARCH("CCR8", E83)),K83*$AD$3, 0))*F83 -> 0 | AE83: =IF(ISNUMBER(SEARCH("CCR9", E83)),K83*$AE$3*F83, 0) -> 0 | AF83: =(IF(ISNUMBER(SEARCH("CCR10", E83)),K83*$AF$3, 0))*F83 -> 0 | AG83: =IF(ISNUMBER(SEARCH("CCR11", E83)),T83*$AG$3, 0) -> 0 | AH83: =(IF(ISNUMBER(SEARCH("CCR12", E83)),T83*$AH$3, 0))*F83 -> 0 | AI83: 0 | AK83: 0 | AL83: =SUM(V83:AK83)*F83 -> 0 | AO83: Number of IVF oocytes (realized) | AP83: =AP91 -> 10.588235 | AQ83: 1, 2, 3, … (default mean) | AT83: Insemination and/or fertilization | AU83: =SUM(AL97:AL106) -> 441.75445 | AX83: CCR4 Clinic equipment and disp. | AY83: =SUM(Z76:Z113) -> 91.060671
C84: 9 | D84: Agonist/Antagonist treatment protocol | F84: 1 | G84: 0 | H84: 0 | I84: 0 | J84: 0 | K84: 0 | L84: 0 | M84: 0 | N84: 0 | O84: 0 | P84: 0 | Q84: 0 | R84: 0 | S84: 0 | T84: =SUM(H84:S84)*F84 -> 0 | V84: =T84*$V$3*F84 -> 0 | W84: =H84*$W$3*F84 -> 0 | X84: =I84*$X$3*F84 -> 0 | Y84: =J84*$Y$3*F84 -> 0 | Z84: =IF(ISNUMBER(SEARCH("CCR4", E84)),(T84-K84)*$Z$3, 0) -> 0 | AA84: =L84*$AA$3*F84 -> 0 | AB84: =K84*$AB$3*F84 -> 0 | AC84: =(IF(ISNUMBER(SEARCH("CCR7", E84)),K84*$AC$3, 0))*F84 -> 0 | AD84: =(IF(ISNUMBER(SEARCH("CCR8", E84)),K84*$AD$3, 0))*F84 -> 0 | AE84: =IF(ISNUMBER(SEARCH("CCR9", E84)),K84*$AE$3*F84, 0) -> 0 | AF84: =(IF(ISNUMBER(SEARCH("CCR10", E84)),K84*$AF$3, 0))*F84 -> 0 | AG84: =IF(ISNUMBER(SEARCH("CCR11", E84)),T84*$AG$3, 0) -> 0 | AH84: =(IF(ISNUMBER(SEARCH("CCR12", E84)),T84*$AH$3, 0))*F84 -> 0 | AI84: 0 | AK84: 0 | AL84: =SUM(V84:AK84)*F84 -> 0 | AO84: Failed cycle, no puncture possible | AP84: no | AQ84: no, failed | AT84: Embryo Transfer | AU84: =AL107 -> 293.98836 | AX84: CCR5 Urologist | AY84: =SUM(AA76:AA113) -> 0
C85: 10 | D85: Ultrasound and consultation | E85: CCR2 CCR3 CCR4 | F85: 1 | G85: 30 | H85: 0 | I85: 30 | J85: 30 | K85: 0 | L85: 0 | M85: 0 | N85: 0 | O85: 0 | P85: 0 | Q85: 0 | R85: 0 | S85: 0 | T85: =SUM(H85:S85)*F85 -> 60 | V85: =T85*$V$3*F85 -> 6.525738 | W85: =H85*$W$3*F85 -> 0 | X85: =I85*$X$3*F85 -> 32.3 | Y85: =J85*$Y$3*F85 -> 25.10625 | Z85: =IF(ISNUMBER(SEARCH("CCR4", E85)),(T85-K85)*$Z$3, 0) -> 12.417364 | AA85: =L85*$AA$3*F85 -> 0 | AB85: =K85*$AB$3*F85 -> 0 | AC85: =(IF(ISNUMBER(SEARCH("CCR7", E85)),K85*$AC$3, 0))*F85 -> 0 | AD85: =(IF(ISNUMBER(SEARCH("CCR8", E85)),K85*$AD$3, 0))*F85 -> 0 | AE85: =IF(ISNUMBER(SEARCH("CCR9", E85)),K85*$AE$3*F85, 0) -> 0 | AF85: =(IF(ISNUMBER(SEARCH("CCR10", E85)),K85*$AF$3, 0))*F85 -> 0 | AG85: =IF(ISNUMBER(SEARCH("CCR11", E85)),T85*$AG$3, 0) -> 0 | AH85: =(IF(ISNUMBER(SEARCH("CCR12", E85)),T85*$AH$3, 0))*F85 -> 0 | AI85: 0 | AK85: 0 | AL85: =SUM(V85:AK85)*F85 -> 76.349352 | AO85: Failed cycle, no ET possible | AP85: no | AQ85: no, failed | AT85: Freezing or thawing | AU85: =SUM(AL108:AL111) -> 207.55321 | AX85: CCR6 Staff IVF lab | AY85: =SUM(AB76:AB113) -> 653.66751
C86: 11 | D86: Ultrasound and consultation | E86: CCR2 CCR3 CCR4 | F86: 1 | G86: 30 | H86: 0 | I86: 30 | J86: 30 | K86: 0 | L86: 0 | M86: 0 | N86: 0 | O86: 0 | P86: 0 | Q86: 0 | R86: 0 | S86: 0 | T86: =SUM(H86:S86)*F86 -> 60 | V86: =T86*$V$3*F86 -> 6.525738 | W86: =H86*$W$3*F86 -> 0 | X86: =I86*$X$3*F86 -> 32.3 | Y86: =J86*$Y$3*F86 -> 25.10625 | Z86: =IF(ISNUMBER(SEARCH("CCR4", E86)),(T86-K86)*$Z$3, 0) -> 12.417364 | AA86: =L86*$AA$3*F86 -> 0 | AB86: =K86*$AB$3*F86 -> 0 | AC86: =(IF(ISNUMBER(SEARCH("CCR7", E86)),K86*$AC$3, 0))*F86 -> 0 | AD86: =(IF(ISNUMBER(SEARCH("CCR8", E86)),K86*$AD$3, 0))*F86 -> 0 | AE86: =IF(ISNUMBER(SEARCH("CCR9", E86)),K86*$AE$3*F86, 0) -> 0 | AF86: =(IF(ISNUMBER(SEARCH("CCR10", E86)),K86*$AF$3, 0))*F86 -> 0 | AG86: =IF(ISNUMBER(SEARCH("CCR11", E86)),T86*$AG$3, 0) -> 0 | AH86: =(IF(ISNUMBER(SEARCH("CCR12", E86)),T86*$AH$3, 0))*F86 -> 0 | AI86: 0 | AK86: 0 | AL86: =SUM(V86:AK86) -> 76.349352 | AO86: voorbereiding ontrekkingsbloeding | AP86: no | AQ86: yes, no | AT86: Evaluation | AU86: =SUM(AL112:AL113) -> 174.84465 | AX86: CCR7 Semen lab | AY86: =SUM(AC76:AC113) -> 86.537986
C87: 12 | D87: Blood test (if necessary) | E87: CCR3 | F87: =AP80 -> 1 | G87: 5 | H87: 0 | I87: 0 | J87: 0 | K87: 0 | L87: 0 | M87: 0 | N87: 0 | O87: 0 | P87: 0 | Q87: 0 | R87: 0 | S87: 0 | T87: =SUM(H87:S87)*F87 -> 0 | V87: =T87*$V$3*F87 -> 0 | W87: =H87*$W$3*F87 -> 0 | X87: =I87*$X$3*F87 -> 0 | Y87: =J87*$Y$3*F87 -> 0 | Z87: =IF(ISNUMBER(SEARCH("CCR4", E87)),(T87-K87)*$Z$3, 0) -> 0 | AA87: =L87*$AA$3*F87 -> 0 | AB87: =K87*$AB$3*F87 -> 0 | AC87: =(IF(ISNUMBER(SEARCH("CCR7", E87)),K87*$AC$3, 0))*F87 -> 0 | AD87: =(IF(ISNUMBER(SEARCH("CCR8", E87)),K87*$AD$3, 0))*F87 -> 0 | AE87: =IF(ISNUMBER(SEARCH("CCR9", E87)),K87*$AE$3*F87, 0) -> 0 | AF87: =(IF(ISNUMBER(SEARCH("CCR10", E87)),K87*$AF$3, 0))*F87 -> 0 | AG87: =IF(ISNUMBER(SEARCH("CCR11", E87)),T87*$AG$3, 0) -> 0 | AH87: =(IF(ISNUMBER(SEARCH("CCR12", E87)),T87*$AH$3, 0))*F87 -> 0 | AI87: 0 | AK87: =inputs!E37*F87 -> 26.86 | AL87: =SUM(V87:AK87)*F87 -> 26.86 | AO87: Freeze method (also indicates day of freeze) | AP87: Cryo Blasto | AQ87: Cryo DMSO, Cryo Blasto, Vitri | AT87: Total | AU87: =SUM(AU80:AU86) -> 2609.7274 | AX87: CCR8 IVF & ICSI lab | AY87: =SUM(AD76:AD113) -> 384.74011
C88: 13 | D88: if necessary: consultation to discuss further treatment options | E88: CCR2 CCR3 CCR4 | F88: =IF(AP84="yes", 1, 0) -> 0 | G88: 30 | H88: 30 | I88: 0 | J88: 0 | K88: 0 | L88: 0 | M88: 0 | N88: 0 | O88: 0 | P88: 0 | Q88: 0 | R88: 0 | S88: 0 | T88: =SUM(H88:S88)*F88 -> 0 | V88: =T88*$V$3*F88 -> 0 | W88: =H88*$W$3*F88 -> 0 | X88: =I88*$X$3*F88 -> 0 | Y88: =J88*$Y$3*F88 -> 0 | Z88: =IF(ISNUMBER(SEARCH("CCR4", E88)),(T88-K88)*$Z$3, 0) -> 0 | AA88: =L88*$AA$3*F88 -> 0 | AB88: =K88*$AB$3*F88 -> 0 | AC88: =(IF(ISNUMBER(SEARCH("CCR7", E88)),K88*$AC$3, 0))*F88 -> 0 | AD88: =(IF(ISNUMBER(SEARCH("CCR8", E88)),K88*$AD$3, 0))*F88 -> 0 | AE88: =IF(ISNUMBER(SEARCH("CCR9", E88)),K88*$AE$3*F88, 0) -> 0 | AF88: =(IF(ISNUMBER(SEARCH("CCR10", E88)),K88*$AF$3, 0))*F88 -> 0 | AG88: =IF(ISNUMBER(SEARCH("CCR11", E88)),T88*$AG$3, 0) -> 0 | AH88: =(IF(ISNUMBER(SEARCH("CCR12", E88)),T88*$AH$3, 0))*F88 -> 0 | AI88: 0 | AK88: 0 | AL88: =SUM(V88:AK88)*F88 -> 0 | AO88: Embryos | AP88: =AP92 -> 6.4423077 | AQ88: 1, 2, 3… | AX88: CCR9 ICSI lab | AY88: =SUM(AE76:AE113) -> 0
C89: 14 | D89: Ovulation trigger | F89: 1 | G89: 0 | H89: 0 | I89: 0 | J89: 0 | K89: 0 | L89: 0 | M89: 0 | N89: 0 | O89: 0 | P89: 0 | Q89: 0 | R89: 0 | S89: 0 | T89: =SUM(H89:S89)*F89 -> 0 | V89: =T89*$V$3*F89 -> 0 | W89: =H89*$W$3*F89 -> 0 | X89: =I89*$X$3*F89 -> 0 | Y89: =J89*$Y$3*F89 -> 0 | Z89: =IF(ISNUMBER(SEARCH("CCR4", E89)),(T89-K89)*$Z$3, 0) -> 0 | AA89: =L89*$AA$3*F89 -> 0 | AB89: =K89*$AB$3*F89 -> 0 | AC89: =(IF(ISNUMBER(SEARCH("CCR7", E89)),K89*$AC$3, 0))*F89 -> 0 | AD89: =(IF(ISNUMBER(SEARCH("CCR8", E89)),K89*$AD$3, 0))*F89 -> 0 | AE89: =IF(ISNUMBER(SEARCH("CCR9", E89)),K89*$AE$3*F89, 0) -> 0 | AF89: =(IF(ISNUMBER(SEARCH("CCR10", E89)),K89*$AF$3, 0))*F89 -> 0 | AG89: =IF(ISNUMBER(SEARCH("CCR11", E89)),T89*$AG$3, 0) -> 0 | AH89: =(IF(ISNUMBER(SEARCH("CCR12", E89)),T89*$AH$3, 0))*F89 -> 0 | AI89: 0 | AJ89: =inputs!E30*F89 -> 18.22 | AK89: 0 | AL89: =SUM(V89:AK89)*F89 -> 18.22 | AO89: Volume: | AX89: CCR10 Cryopreservation lab | AY89: =SUM(AF76:AF113) -> 40.339411
C90: 15 | D90: Laboratory prepares puncture | E90: CCR6 CCR8 | F90: =IF($AP$84="failed", 0, 1) -> 1 | G90: 0 | H90: 0 | I90: 0 | J90: 0 | K90: 5 | L90: 0 | M90: 0 | N90: 0 | O90: 0 | P90: 0 | Q90: 0 | R90: 0 | S90: 0 | T90: =SUM(H90:S90)*F90 -> 5 | V90: =T90*$V$3*F90 -> 0.5438115 | W90: =H90*$W$3*F90 -> 0 | X90: =I90*$X$3*F90 -> 0 | Y90: =J90*$Y$3*F90 -> 0 | Z90: =IF(ISNUMBER(SEARCH("CCR4", E90)),(T90-K90)*$Z$3, 0) -> 0 | AA90: =L90*$AA$3*F90 -> 0 | AB90: =K90*$AB$3*F90 -> 10.435305 | AC90: =(IF(ISNUMBER(SEARCH("CCR7", E90)),K90*$AC$3, 0))*F90 -> 0 | AD90: =(IF(ISNUMBER(SEARCH("CCR8", E90)),K90*$AD$3, 0))*F90 -> 9.2263815 | AE90: =IF(ISNUMBER(SEARCH("CCR9", E90)),K90*$AE$3*F90, 0) -> 0 | AF90: =(IF(ISNUMBER(SEARCH("CCR10", E90)),K90*$AF$3, 0))*F90 -> 0 | AG90: =IF(ISNUMBER(SEARCH("CCR11", E90)),T90*$AG$3, 0) -> 0 | AH90: =(IF(ISNUMBER(SEARCH("CCR12", E90)),T90*$AH$3, 0))*F90 -> 0 | AI90: 0 | AK90: 0 | AL90: =SUM(V90:AK90)*F90 -> 20.205498 | AM90: Phase 2 Egg retrieval | AO90: Mean of Number of IVF oocytes (predicted) | AP90: 20.25641 | AX90: CCR11 Radiology | AY90: =SUM(AG76:AG113) -> 0
C91: 16 | D91: Laboratory prepares semen wash materials | E91: CCR6 CCR7 | F91: =IF($AP$84="failed", 0, 1) -> 1 | G91: 0 | H91: 0 | I91: 0 | J91: 0 | K91: 6.1 | L91: 0 | M91: 0 | N91: 0 | O91: 0 | P91: 0 | Q91: 0 | R91: 0 | S91: 0 | T91: =SUM(H91:S91)*F91 -> 6.1 | V91: =T91*$V$3*F91 -> 0.66345003 | W91: =H91*$W$3*F91 -> 0 | X91: =I91*$X$3*F91 -> 0 | Y91: =J91*$Y$3*F91 -> 0 | Z91: =IF(ISNUMBER(SEARCH("CCR4", E91)),(T91-K91)*$Z$3, 0) -> 0 | AA91: =L91*$AA$3*F91 -> 0 | AB91: =K91*$AB$3*F91 -> 12.731072 | AC91: =(IF(ISNUMBER(SEARCH("CCR7", E91)),K91*$AC$3, 0))*F91 -> 2.7224431 | AD91: =(IF(ISNUMBER(SEARCH("CCR8", E91)),K91*$AD$3, 0))*F91 -> 0 | AE91: =IF(ISNUMBER(SEARCH("CCR9", E91)),K91*$AE$3*F91, 0) -> 0 | AF91: =(IF(ISNUMBER(SEARCH("CCR10", E91)),K91*$AF$3, 0))*F91 -> 0 | AG91: =IF(ISNUMBER(SEARCH("CCR11", E91)),T91*$AG$3, 0) -> 0 | AH91: =(IF(ISNUMBER(SEARCH("CCR12", E91)),T91*$AH$3, 0))*F91 -> 0 | AI91: 0 | AK91: 0 | AL91: =SUM(V91:AK91)*F91 -> 16.116965 | AO91: Mean of Number of IVF oocytes (realized) | AP91: 10.588235 | AX91: CCR12 Laparoscopy | AY91: =SUM(AH76:AH113) -> 0
C92: 17 | D92: IVF dishes are prepared with stickers, administration, etc. | E92: CCR6 CCR7 CCR8 | F92: =IF($AP$84="failed", 0, 1) -> 1 | G92: 0 | H92: 0 | I92: 0 | J92: 0 | K92: =AP94*AP82 -> 23.7 | L92: 0 | M92: 0 | N92: 0 | O92: 0 | P92: 0 | Q92: 0 | R92: 0 | S92: 0 | T92: =SUM(H92:S92)*F92 -> 23.7 | V92: =T92*$V$3*F92 -> 2.5776665 | W92: =H92*$W$3*F92 -> 0 | X92: =I92*$X$3*F92 -> 0 | Y92: =J92*$Y$3*F92 -> 0 | Z92: =IF(ISNUMBER(SEARCH("CCR4", E92)),(T92-K92)*$Z$3, 0) -> 0 | AA92: =L92*$AA$3*F92 -> 0 | AB92: =K92*$AB$3*F92 -> 49.463346 | AC92: =(IF(ISNUMBER(SEARCH("CCR7", E92)),K92*$AC$3, 0))*F92 -> 10.577361 | AD92: =(IF(ISNUMBER(SEARCH("CCR8", E92)),K92*$AD$3, 0))*F92 -> 43.733048 | AE92: =IF(ISNUMBER(SEARCH("CCR9", E92)),K92*$AE$3*F92, 0) -> 0 | AF92: =(IF(ISNUMBER(SEARCH("CCR10", E92)),K92*$AF$3, 0))*F92 -> 0 | AG92: =IF(ISNUMBER(SEARCH("CCR11", E92)),T92*$AG$3, 0) -> 0 | AH92: =(IF(ISNUMBER(SEARCH("CCR12", E92)),T92*$AH$3, 0))*F92 -> 0 | AI92: 0 | AK92: 0 | AL92: =SUM(V92:AK92)*F92 -> 106.35142 | AO92: Mean of Number of Embryos | AP92: 6.4423077 | AY92: =SUM(AY76:AY91) -> 2609.7274
C93: 19 | D93: Patient submits sperm sample, laboratory prepares sample | E93: CCR6 CCR7 | F93: =IF($AP$84="failed", 0, 1) -> 1 | G93: 0 | H93: 0 | I93: 0 | J93: 0 | K93: 47 | L93: 0 | M93: 0 | N93: 0 | O93: 0 | P93: 0 | Q93: 0 | R93: 0 | S93: 0 | T93: =SUM(H93:S93)*F93 -> 47 | V93: =T93*$V$3*F93 -> 5.1118281 | W93: =H93*$W$3*F93 -> 0 | X93: =I93*$X$3*F93 -> 0 | Y93: =J93*$Y$3*F93 -> 0 | Z93: =IF(ISNUMBER(SEARCH("CCR4", E93)),(T93-K93)*$Z$3, 0) -> 0 | AA93: =L93*$AA$3*F93 -> 0 | AB93: =K93*$AB$3*F93 -> 98.091868 | AC93: =(IF(ISNUMBER(SEARCH("CCR7", E93)),K93*$AC$3, 0))*F93 -> 20.976201 | AD93: =(IF(ISNUMBER(SEARCH("CCR8", E93)),K93*$AD$3, 0))*F93 -> 0 | AE93: =IF(ISNUMBER(SEARCH("CCR9", E93)),K93*$AE$3*F93, 0) -> 0 | AF93: =(IF(ISNUMBER(SEARCH("CCR10", E93)),K93*$AF$3, 0))*F93 -> 0 | AG93: =IF(ISNUMBER(SEARCH("CCR11", E93)),T93*$AG$3, 0) -> 0 | AH93: =(IF(ISNUMBER(SEARCH("CCR12", E93)),T93*$AH$3, 0))*F93 -> 0 | AI93: 0 | AK93: 0 | AL93: =SUM(V93:AK93)*F93 -> 124.1799 | AO93: Duration
C94: 20 | D94: Patient is prepared for the follicular puncture | E94: CCR3 | F94: =IF($AP$84="failed", 0, 1) -> 1 | G94: 30 | H94: 0 | I94: 0 | J94: 60 | K94: 0 | L94: 0 | M94: 0 | N94: 0 | O94: 0 | P94: 0 | Q94: 0 | R94: 0 | S94: 0 | T94: =SUM(H94:S94)*F94 -> 60 | V94: =T94*$V$3*F94 -> 6.525738 | W94: =H94*$W$3*F94 -> 0 | X94: =I94*$X$3*F94 -> 0 | Y94: =J94*$Y$3*F94 -> 50.2125 | Z94: =IF(ISNUMBER(SEARCH("CCR4", E94)),(T94-K94)*$Z$3, 0) -> 0 | AA94: =L94*$AA$3*F94 -> 0 | AB94: =K94*$AB$3*F94 -> 0 | AC94: =(IF(ISNUMBER(SEARCH("CCR7", E94)),K94*$AC$3, 0))*F94 -> 0 | AD94: =(IF(ISNUMBER(SEARCH("CCR8", E94)),K94*$AD$3, 0))*F94 -> 0 | AE94: =IF(ISNUMBER(SEARCH("CCR9", E94)),K94*$AE$3*F94, 0) -> 0 | AF94: =(IF(ISNUMBER(SEARCH("CCR10", E94)),K94*$AF$3, 0))*F94 -> 0 | AG94: =IF(ISNUMBER(SEARCH("CCR11", E94)),T94*$AG$3, 0) -> 0 | AH94: =(IF(ISNUMBER(SEARCH("CCR12", E94)),T94*$AH$3, 0))*F94 -> 0 | AI94: 0 | AK94: 0 | AL94: =SUM(V94:AK94)*F94 -> 56.738238 | AO94: Mean time needed per "IVF: IVF dishes voorbereiden" | AP94: =23.7/AP82 -> 1.17
C95: 21 | D95: Vaginal follicular aspiration (puncture) | E95: CCR2 CCR3 CCR4 | F95: =IF($AP$84="failed", 0, 1) -> 1 | G95: 30 | H95: 0 | I95: 40 | J95: 40 | K95: 5 | L95: 0 | M95: 0 | N95: 0 | O95: 0 | P95: 0 | Q95: 0 | R95: 0 | S95: 0 | T95: =SUM(H95:S95)*F95 -> 85 | V95: =T95*$V$3*F95 -> 9.2447954 | W95: =H95*$W$3*F95 -> 0 | X95: =I95*$X$3*F95 -> 43.066667 | Y95: =J95*$Y$3*F95 -> 33.475 | Z95: =IF(ISNUMBER(SEARCH("CCR4", E95)),(T95-K95)*$Z$3, 0) -> 16.556486 | AA95: =L95*$AA$3*F95 -> 0 | AB95: =K95*$AB$3*F95 -> 10.435305 | AC95: =(IF(ISNUMBER(SEARCH("CCR7", E95)),K95*$AC$3, 0))*F95 -> 0 | AD95: =(IF(ISNUMBER(SEARCH("CCR8", E95)),K95*$AD$3, 0))*F95 -> 0 | AE95: =IF(ISNUMBER(SEARCH("CCR9", E95)),K95*$AE$3*F95, 0) -> 0 | AF95: =(IF(ISNUMBER(SEARCH("CCR10", E95)),K95*$AF$3, 0))*F95 -> 0 | AG95: =IF(ISNUMBER(SEARCH("CCR11", E95)),T95*$AG$3, 0) -> 0 | AH95: =(IF(ISNUMBER(SEARCH("CCR12", E95)),T95*$AH$3, 0))*F95 -> 0 | AI95: =inputs!$E$48*F95 -> 46.4761 | AK95: 0 | AL95: =SUM(V95:AK95)*F95 -> 159.25435 | AO95: Mean time needed per "IVF: dag 1 inspectie en cumulus removal" | AP95: 2.89
C96: 23 | D96: Ovum pickup after follicle aspiration | E96: CCR6 CCR7 CCR8 | F96: =IF($AP$84="failed", 0, 1) -> 1 | G96: 0 | H96: 0 | I96: 0 | J96: 0 | K96: 34.5 | L96: 0 | M96: 0 | N96: 0 | O96: 0 | P96: 0 | Q96: 0 | R96: 0 | S96: 0 | T96: =SUM(H96:S96)*F96 -> 34.5 | V96: =T96*$V$3*F96 -> 3.7522993 | W96: =H96*$W$3*F96 -> 0 | X96: =I96*$X$3*F96 -> 0 | Y96: =J96*$Y$3*F96 -> 0 | Z96: =IF(ISNUMBER(SEARCH("CCR4", E96)),(T96-K96)*$Z$3, 0) -> 0 | AA96: =L96*$AA$3*F96 -> 0 | AB96: =K96*$AB$3*F96 -> 72.003605 | AC96: =(IF(ISNUMBER(SEARCH("CCR7", E96)),K96*$AC$3, 0))*F96 -> 15.397424 | AD96: =(IF(ISNUMBER(SEARCH("CCR8", E96)),K96*$AD$3, 0))*F96 -> 63.662032 | AE96: =IF(ISNUMBER(SEARCH("CCR9", E96)),K96*$AE$3*F96, 0) -> 0 | AF96: =(IF(ISNUMBER(SEARCH("CCR10", E96)),K96*$AF$3, 0))*F96 -> 0 | AG96: =IF(ISNUMBER(SEARCH("CCR11", E96)),T96*$AG$3, 0) -> 0 | AH96: =(IF(ISNUMBER(SEARCH("CCR12", E96)),T96*$AH$3, 0))*F96 -> 0 | AI96: 0 | AK96: 0 | AL96: =SUM(V96:AK96)*F96 -> 154.81536 | AO96: Mean time needed per "IVF: day 2/3/4/5 inspection" plus 5 minutes of setup | AP96: 1.04
C97: 25 | D97: IVF insemination | E97: CCR6 CCR7 CCR8 | F97: =IF($AP$84="failed", 0, 1) -> 1 | G97: 0 | H97: 0 | I97: 0 | J97: 0 | K97: 10.4 | L97: 0 | M97: 0 | N97: 0 | O97: 0 | P97: 0 | Q97: 0 | R97: 0 | S97: 0 | T97: =SUM(H97:S97)*F97 -> 10.4 | V97: =T97*$V$3*F97 -> 1.1311279 | W97: =H97*$W$3*F97 -> 0 | X97: =I97*$X$3*F97 -> 0 | Y97: =J97*$Y$3*F97 -> 0 | Z97: =IF(ISNUMBER(SEARCH("CCR4", E97)),(T97-K97)*$Z$3, 0) -> 0 | AA97: =L97*$AA$3*F97 -> 0 | AB97: =K97*$AB$3*F97 -> 21.705435 | AC97: =(IF(ISNUMBER(SEARCH("CCR7", E97)),K97*$AC$3, 0))*F97 -> 4.6415423 | AD97: =(IF(ISNUMBER(SEARCH("CCR8", E97)),K97*$AD$3, 0))*F97 -> 19.190873 | AE97: =IF(ISNUMBER(SEARCH("CCR9", E97)),K97*$AE$3*F97, 0) -> 0 | AF97: =(IF(ISNUMBER(SEARCH("CCR10", E97)),K97*$AF$3, 0))*F97 -> 0 | AG97: =IF(ISNUMBER(SEARCH("CCR11", E97)),T97*$AG$3, 0) -> 0 | AH97: =(IF(ISNUMBER(SEARCH("CCR12", E97)),T97*$AH$3, 0))*F97 -> 0 | AI97: 0 | AK97: 0 | AL97: =SUM(V97:AK97)*F97 -> 46.668978 | AM97: Phase 3 Fertilization
C98: 27 | D98: Tel. consult to discuss the results of the puncture | E98: CCR3 | F98: =IF($AP$84="failed", 0, 1) -> 1 | G98: 5 | H98: 0 | I98: 0 | J98: 10 | K98: 10 | L98: 0 | M98: 0 | N98: 0 | O98: 0 | P98: 0 | Q98: 0 | R98: 0 | S98: 0 | T98: =SUM(H98:S98)*F98 -> 20 | V98: =T98*$V$3*F98 -> 2.175246 | W98: =H98*$W$3*F98 -> 0 | X98: =I98*$X$3*F98 -> 0 | Y98: =J98*$Y$3*F98 -> 8.36875 | Z98: =IF(ISNUMBER(SEARCH("CCR4", E98)),(T98-K98)*$Z$3, 0) -> 0 | AA98: =L98*$AA$3*F98 -> 0 | AB98: =K98*$AB$3*F98 -> 20.87061 | AC98: =(IF(ISNUMBER(SEARCH("CCR7", E98)),K98*$AC$3, 0))*F98 -> 0 | AD98: =(IF(ISNUMBER(SEARCH("CCR8", E98)),K98*$AD$3, 0))*F98 -> 0 | AE98: =IF(ISNUMBER(SEARCH("CCR9", E98)),K98*$AE$3*F98, 0) -> 0 | AF98: =(IF(ISNUMBER(SEARCH("CCR10", E98)),K98*$AF$3, 0))*F98 -> 0 | AG98: =IF(ISNUMBER(SEARCH("CCR11", E98)),T98*$AG$3, 0) -> 0 | AH98: =(IF(ISNUMBER(SEARCH("CCR12", E98)),T98*$AH$3, 0))*F98 -> 0 | AI98: 0 | AK98: 0 | AL98: =SUM(V98:AK98)*F98 -> 31.414606
C99: 28 | D99: IVF day 1 inspection | E99: CCR6 CCR7 CCR8 | F99: =IF($AP$84="failed", 0, 1) -> 1 | G99: 0 | H99: 0 | I99: 0 | J99: 0 | K99: =AP95*AP83 -> 30.6 | L99: 0 | M99: 0 | N99: 0 | O99: 0 | P99: 0 | Q99: 0 | R99: 0 | S99: 0 | T99: =SUM(H99:S99)*F99 -> 30.6 | V99: =T99*$V$3*F99 -> 3.3281264 | W99: =H99*$W$3*F99 -> 0 | X99: =I99*$X$3*F99 -> 0 | Y99: =J99*$Y$3*F99 -> 0 | Z99: =IF(ISNUMBER(SEARCH("CCR4", E99)),(T99-K99)*$Z$3, 0) -> 0 | AA99: =L99*$AA$3*F99 -> 0 | AB99: =K99*$AB$3*F99 -> 63.864067 | AC99: =(IF(ISNUMBER(SEARCH("CCR7", E99)),K99*$AC$3, 0))*F99 -> 13.656846 | AD99: =(IF(ISNUMBER(SEARCH("CCR8", E99)),K99*$AD$3, 0))*F99 -> 56.465454 | AE99: =IF(ISNUMBER(SEARCH("CCR9", E99)),K99*$AE$3*F99, 0) -> 0 | AF99: =(IF(ISNUMBER(SEARCH("CCR10", E99)),K99*$AF$3, 0))*F99 -> 0 | AG99: =IF(ISNUMBER(SEARCH("CCR11", E99)),T99*$AG$3, 0) -> 0 | AH99: =(IF(ISNUMBER(SEARCH("CCR12", E99)),T99*$AH$3, 0))*F99 -> 0 | AI99: 0 | AK99: 0 | AL99: =SUM(V99:AK99)*F99 -> 137.31449
C100: 30 | D100: Tel. consult to discuss the results of the fertilisation, plan ET | E100: CCR6 CCR7 | F100: =IF($AP$84="failed", 0, 1) -> 1 | G100: 15 | H100: 0 | I100: 0 | J100: 0 | K100: =5.6 -> 5.6 | L100: 0 | M100: 0 | N100: 0 | O100: 0 | P100: 0 | Q100: 0 | R100: 0 | S100: 0 | T100: =SUM(H100:S100)*F100 -> 5.6 | V100: =T100*$V$3*F100 -> 0.60906888 | W100: =H100*$W$3*F100 -> 0 | X100: =I100*$X$3*F100 -> 0 | Y100: =J100*$Y$3*F100 -> 0 | Z100: =IF(ISNUMBER(SEARCH("CCR4", E100)),(T100-K100)*$Z$3, 0) -> 0 | AA100: =L100*$AA$3*F100 -> 0 | AB100: =K100*$AB$3*F100 -> 11.687542 | AC100: =(IF(ISNUMBER(SEARCH("CCR7", E100)),K100*$AC$3, 0))*F100 -> 2.499292 | AD100: =(IF(ISNUMBER(SEARCH("CCR8", E100)),K100*$AD$3, 0))*F100 -> 0 | AE100: =IF(ISNUMBER(SEARCH("CCR9", E100)),K100*$AE$3*F100, 0) -> 0 | AF100: =(IF(ISNUMBER(SEARCH("CCR10", E100)),K100*$AF$3, 0))*F100 -> 0 | AG100: =IF(ISNUMBER(SEARCH("CCR11", E100)),T100*$AG$3, 0) -> 0 | AH100: =(IF(ISNUMBER(SEARCH("CCR12", E100)),T100*$AH$3, 0))*F100 -> 0 | AI100: 0 | AK100: 0 | AL100: =SUM(V100:AK100)*F100 -> 14.795903
C101: 32 | D101: IVF day 2 inspection | E101: CCR6 CCR8 | F101: =IF($AP$84="failed", 0, 1) -> 1 | G101: 0 | H101: 0 | I101: 0 | J101: 0 | K101: =(AP88*AP96)+5 -> 11.7 | L101: 0 | M101: 0 | N101: 0 | O101: 0 | P101: 0 | Q101: 0 | R101: 0 | S101: 0 | T101: =SUM(H101:S101)*F101 -> 11.7 | V101: =T101*$V$3*F101 -> 1.2725189 | W101: =H101*$W$3*F101 -> 0 | X101: =I101*$X$3*F101 -> 0 | Y101: =J101*$Y$3*F101 -> 0 | Z101: =IF(ISNUMBER(SEARCH("CCR4", E101)),(T101-K101)*$Z$3, 0) -> 0 | AA101: =L101*$AA$3*F101 -> 0 | AB101: =K101*$AB$3*F101 -> 24.418614 | AC101: =(IF(ISNUMBER(SEARCH("CCR7", E101)),K101*$AC$3, 0))*F101 -> 0 | AD101: =(IF(ISNUMBER(SEARCH("CCR8", E101)),K101*$AD$3, 0))*F101 -> 21.589733 | AE101: =IF(ISNUMBER(SEARCH("CCR9", E101)),K101*$AE$3*F101, 0) -> 0 | AF101: =(IF(ISNUMBER(SEARCH("CCR10", E101)),K101*$AF$3, 0))*F101 -> 0 | AG101: =IF(ISNUMBER(SEARCH("CCR11", E101)),T101*$AG$3, 0) -> 0 | AH101: =(IF(ISNUMBER(SEARCH("CCR12", E101)),T101*$AH$3, 0))*F101 -> 0 | AI101: 0 | AK101: 0 | AL101: =SUM(V101:AK101)*F101 -> 47.280865
C102: 34 | D102: IVF day 3 inspection | E102: CCR6 CCR8 | F102: =IF($AP$84="failed", 0, 1) -> 1 | G102: 0 | H102: 0 | I102: 0 | J102: 0 | K102: =K101 -> 11.7 | L102: 0 | M102: 0 | N102: 0 | O102: 0 | P102: 0 | Q102: 0 | R102: 0 | S102: 0 | T102: =SUM(H102:S102)*F102 -> 11.7 | V102: =T102*$V$3*F102 -> 1.2725189 | W102: =H102*$W$3*F102 -> 0 | X102: =I102*$X$3*F102 -> 0 | Y102: =J102*$Y$3*F102 -> 0 | Z102: =IF(ISNUMBER(SEARCH("CCR4", E102)),(T102-K102)*$Z$3, 0) -> 0 | AA102: =L102*$AA$3*F102 -> 0 | AB102: =K102*$AB$3*F102 -> 24.418614 | AC102: =(IF(ISNUMBER(SEARCH("CCR7", E102)),K102*$AC$3, 0))*F102 -> 0 | AD102: =(IF(ISNUMBER(SEARCH("CCR8", E102)),K102*$AD$3, 0))*F102 -> 21.589733 | AE102: =IF(ISNUMBER(SEARCH("CCR9", E102)),K102*$AE$3*F102, 0) -> 0 | AF102: =(IF(ISNUMBER(SEARCH("CCR10", E102)),K102*$AF$3, 0))*F102 -> 0 | AG102: =IF(ISNUMBER(SEARCH("CCR11", E102)),T102*$AG$3, 0) -> 0 | AH102: =(IF(ISNUMBER(SEARCH("CCR12", E102)),T102*$AH$3, 0))*F102 -> 0 | AI102: 0 | AK102: 0 | AL102: =SUM(V102:AK102)*F102 -> 47.280865
C103: 35 | D103: Embryo transfer preparation laboratory | E103: CCR6 CCR7 CCR8 | F103: =IF($AP$85="failed", 0, 1) -> 1 | G103: 0 | H103: 0 | I103: 0 | J103: 0 | K103: 5 | L103: 0 | M103: 0 | N103: 0 | O103: 0 | P103: 0 | Q103: 0 | R103: 0 | S103: 0 | T103: =SUM(H103:S103)*F103 -> 5 | V103: =T103*$V$3*F103 -> 0.5438115 | W103: =H103*$W$3*F103 -> 0 | X103: =I103*$X$3*F103 -> 0 | Y103: =J103*$Y$3*F103 -> 0 | Z103: =IF(ISNUMBER(SEARCH("CCR4", E103)),(T103-K103)*$Z$3, 0) -> 0 | AA103: =L103*$AA$3*F103 -> 0 | AB103: =K103*$AB$3*F103 -> 10.435305 | AC103: =(IF(ISNUMBER(SEARCH("CCR7", E103)),K103*$AC$3, 0))*F103 -> 2.2315107 | AD103: =(IF(ISNUMBER(SEARCH("CCR8", E103)),K103*$AD$3, 0))*F103 -> 9.2263815 | AE103: =IF(ISNUMBER(SEARCH("CCR9", E103)),K103*$AE$3*F103, 0) -> 0 | AF103: =(IF(ISNUMBER(SEARCH("CCR10", E103)),K103*$AF$3, 0))*F103 -> 0 | AG103: =IF(ISNUMBER(SEARCH("CCR11", E103)),T103*$AG$3, 0) -> 0 | AH103: =(IF(ISNUMBER(SEARCH("CCR12", E103)),T103*$AH$3, 0))*F103 -> 0 | AI103: 0 | AK103: 0 | AL103: =SUM(V103:AK103)*F103 -> 22.437009
C104: 36 | D104: if necessary: day 4 and day 5 inspection | E104: CCR6 CCR8 | F104: =IF($AP$87="Cryo DMSO", 0, 1) -> 1 | G104: 0 | H104: 0 | I104: 0 | J104: 0 | K104: =2*K101 -> 23.4 | L104: 0 | M104: 0 | N104: 0 | O104: 0 | P104: 0 | Q104: 0 | R104: 0 | S104: 0 | T104: =SUM(H104:S104)*F104 -> 23.4 | V104: =T104*$V$3*F104 -> 2.5450378 | W104: =H104*$W$3*F104 -> 0 | X104: =I104*$X$3*F104 -> 0 | Y104: =J104*$Y$3*F104 -> 0 | Z104: =IF(ISNUMBER(SEARCH("CCR4", E104)),(T104-K104)*$Z$3, 0) -> 0 | AA104: =L104*$AA$3*F104 -> 0 | AB104: =K104*$AB$3*F104 -> 48.837228 | AC104: =(IF(ISNUMBER(SEARCH("CCR7", E104)),K104*$AC$3, 0))*F104 -> 0 | AD104: =(IF(ISNUMBER(SEARCH("CCR8", E104)),K104*$AD$3, 0))*F104 -> 43.179465 | AE104: =IF(ISNUMBER(SEARCH("CCR9", E104)),K104*$AE$3*F104, 0) -> 0 | AF104: =(IF(ISNUMBER(SEARCH("CCR10", E104)),K104*$AF$3, 0))*F104 -> 0 | AG104: =IF(ISNUMBER(SEARCH("CCR11", E104)),T104*$AG$3, 0) -> 0 | AH104: =(IF(ISNUMBER(SEARCH("CCR12", E104)),T104*$AH$3, 0))*F104 -> 0 | AI104: 0 | AK104: 0 | AL104: =SUM(V104:AK104)*F104 -> 94.561731
...

Sheet FertEvalChoices
C2: Diagnostics | F2: Treatment cycles; OI | H2: Treatment cycles; IUI | J2: Treatment cycles; IVF | V2: Treatment cycles; FET
C3: Initial Fertility Assessment | F3: Ovulation Induction (OI) | H3: Intra-uterine Insemination (IUI) | J3: In-vitro Fertilisation | V3: Frozen Embryo Transfer
C5: Number of diagnostic consultations with Gynecologist | F5: Type of stimulation | H5: Number of consultations IUI | J5: Number of consultations (IVF) | L5: Number of oocytes predicted | N5: Number of oocytes fertilized with IVF | P5: Number of oocytes fertilized with ICSI | R5: Embryo transfer cancelled? | T5: Freezing technique | V5: Thawing technique | X5: Number of embryos thawed for Embryo Transfer | Z5: Number of consultations (FET) | AB5: FET stimulation
C6: 1 | F6: Clomid CC or Letrozole | H6: 0 | J6: 0 | L6: 1 | N6: 1 | P6: 1 | R6: yes | T6: Cryopreservation (day 5; Blastocyst stage) | V6: Cryopreservation (day 5; Blastocyst stage) | X6: 1 (default) | Z6: 0 | AB6: yes
C7: 2 | F7: Gonal-F/FSH | H7: 1 (default if unstimulated) | J7: 1 | L7: 2 | N7: 2 | P7: 2 | R7: no (default) | T7: Cryopreservation (day 3 or 4; early cleavage stage) | V7: Cryopreservation (day 3 or 4; early cleavage stage) | X7: 2 | Z7: 1 | AB7: no
C8: 3 | F8: na | H8: 2 | J8: 2 | L8: 3 | N8: 3 | P8: 3 | R8: na | T8: Vitrification (day 5 Blastocyst stage) | V8: Vitrification (day 5 Blastocyst stage) | X8: 3 | Z8: 2 | AB8: na
C9: 4 | H9: 3 (default with stimulation) | J9: 3 | L9: 4 | N9: 4 | P9: 4 | T9: na | V9: na | X9: 4 | Z9: 3
C10: 5 | F10: Number of consultations OI | H10: 4 | J10: 4 | L10: 5 | N10: 5 | P10: 5 | X10: 5 | Z10: 4
C11: 0 | F11: 0 | H11: 5 | J11: 5 (default if successful cycle) | L11: 6 | N11: 6 | P11: 6 | X11: 5+ | Z11: 5
C12: HSG required? | F12: 1 | H12: 6 | J12: 6 (default if unsuccessful cycle) | L12: 7 | N12: 7 | P12: 7 | Z12: 6
C13: yes | F13: 2 | H13: 7 | J13: 7 | L13: 8 | N13: 8 | P13: 8 | Z13: 7
C14: no (default) | F14: 3 | H14: 8 | J14: 8 | L14: 9 | N14: 9 | P14: 9 | Z14: 8
F15: 4 | H15: na | J15: 9 | L15: 10 | N15: 10 | P15: 10 | Z15: 9
C16: Diagnostic operation required? | F16: 5 | J16: 10 | L16: 11 | N16: 11 | P16: 11 | Z16: 10
C17: yes | F17: 6 | J17: 11 | L17: 12 | N17: 12 | P17: 12 | Z17: 11
C18: no (default) | F18: 7 | J18: 12 | L18: 13 | N18: 13 | P18: 13 | Z18: 12
F19: 8 | J19: 13 | L19: 14 | N19: 14 | P19: 14 | Z19: 13
C20: Number of IVF intake consultations with Gynecologist | F20: na | J20: 14 | L20: 15 | N20: 15 | P20: 15 | Z20: 14
C21: 1 | J21: 15 | L21: 16 | N21: 16 | P21: 16 | Z21: 15
C22: 2 (default) | J22: na | L22: 17 | N22: 17 | P22: 17 | Z22: na
C23: 3 | L23: 18 | N23: 18 | P23: 18
C24: 4 | L24: 19 | N24: 19 | P24: 19
C25: 5 | L25: 20 | N25: 20 | P25: 20
C26: 0 | L26: 21 | N26: 20+ | P26: 20+
C27: Number of semen survival tests (SSTs) required | L27: 22 | N27: na | P27: na
C28: 1 | L28: 23
C29: 2 | L29: 24
C30: 3 | L30: 25
C31: 0 | L31: 26
L32: 27
C33: Urology or Andrology consult? | L33: 28
C34: 0 | L34: 29
C35: 1 | L35: 30
C36: 2 | L36: 30+
C37: 3 | L37: na
C39: Testicular Ultrasound?
C40: 0
C41: 1
C42: 2

Sheet inputs
A1: Nr | B1: Cost Item | C1: category | D1: TDABC incorporation | E1: cost | F1: per | H1: Nr | I1: CCR name | J1: code | K1: Yearly cost - description | L1: Practical capacity of resource doing the work - description | M1: CCR per min
A2: 1 | B2: Gynecologist | C2: staff | D2: CCR1 | E2: 1.3239583 | F2: min | H2: 0 | I2: CCR0 Building, facilities, support staff | J2: CCR0 | K2: Rent, infrastructure, IT, support staff, weekly team meeting | L2: Number of Gynecologists, Doctors, Nurses, Embryologists, Analysts,working on average on one day | M2: 0.1087623
A3: 2 | B3: AIOS | C3: staff | D3: n/a | E3: 0.97208333 | F3: min | H3: 1 | I3: CCR1 Gyn with DA | J3: CCR1 | K3: Gynecologist and assisstant's salary (1:1) | L3: Gyn with DA, gyn available for 24 of 38 hours for consults, 80% | M3: 1.918125
A4: 3 | B4: Arts VPG | C4: staff | D4: CCR2 | E4: 1.0766667 | F4: min | H4: 2 | I4: CCR2 Physician | J4: CCR2 | K4: Fertility Doctor's/Physician salaries | L4: Physician (Arts VPG), available for 32 hours for consults, 80% | M4: 1.0766667
A5: 4 | B5: Doctor's assistant (DA) | C5: staff | D5: CCR1 | E5: 0.59416667 | F5: min | H5: 3 | I5: CCR3 IVF Nurse | J5: CCR3 | K5: Nurse's salaries | L5: IVF Nurse, always available when working, 80% to account for breaks | M5: 0.836875
A6: 5 | B6: Reproductive Endocrinologists | C6: staff | D6: n/a | E6: 1.3239583 | F6: min | H6: 4 | I6: CCR4 Clinic equipment, disposables, general medication | J6: CCR4 | K6: 3 ultrasound machines, purchase price, depreciated over lifetime | L6: Gynecologists & physicians, assuming available for 4 hours a day for consultations each | M6: 0.20695607
A7: 6 | B7: Embryologist | C7: staff | D7: CCR6 | E7: 1.3239583 | F7: min | H7: 5 | I7: CCR5 Urologist | J7: CCR5 | K7: Salaries | L7: Urologists' time | M7: 3.3333333
A8: 7 | B8: Embryologist in training | C8: staff | D8: CCR6 | E8: 0.97208333 | F8: min | H8: 6 | I8: CCR6 Staff lab ( Embryologist & Analysts) | J8: CCR6 | K8: Salaries | L8: Weighted average of 3 analysts and 1 embryologist per day, and the head of laboratory | M8: 2.087061
A9: 8 | B9: IVF Nurse | C9: staff | D9: CCR3 | E9: 0.836875 | F9: min | H9: 7 | I9: CCR7 General lab incl semen | J9: CCR7 | K9: Equipment depreciation and maintenance, all disposables used in general lab area | L9: Clinical laboratory analyst (1 morning shift) | M9: 0.44630215
A10: 9 | B10: Lab Analyst Fertility center | C10: staff | D10: CCR6 | E10: 0.82833333 | F10: min | H10: 8 | I10: CCR8 Lab IVF & ICSI | J10: CCR8 | K10: Equipment depreciation costs and disposables relating only to IVF | L10: Clinical laboratory analyst (1 assigned per day) | M10: 1.8452763
A11: 10 | B11: Secretary Fertility Center | C11: staff | D11: CCR0 | E11: 0.756875 | F11: min | H11: 9 | I11: CCR9 Lab ICSI | J11: CCR9 | K11: Equipment depreciation costs and disposables relating only to ICSI | L11: Clinical laboratory analyst (1 afternoon shift) | M11: 1.2050546
A12: 11 | B12: Quality assurance officer | C12: staff | D12: CCR0 | E12: 0.61770833 | F12: min | H12: 10 | I12: CCR10 Lab Cryo | J12: CCR10 | K12: Equipment depreciation costs and disposables relating only to Cryopreservation, incl. liquid nitrogen orders | L12: Clinical laboratory analyst (1 assigned per day) | M12: 0.93812584
A13: 12 | B13: Urologist | C13: staff | D13: CCR5 | E13: 3.3333333 | F13: min | H13: 11 | I13: CCR11 Radiology | J13: CCR11 | K13: Salaries of radiologist, assisstant, nurse | L13: Radiologist's time | M13: 2.0888194
A14: 13 | B14: Andrologist | C14: staff | D14: n/a | E14: 3.3333333 | F14: min | H14: 12 | I14: CCR12 OK Laparoscopy | J14: CCR12 | K14: Salaries of all staff involved in procedure | L14: Gynecologist | M14: 3.193125
A15: 14 | B15: Radiologist | C15: staff | D15: CCR11 | E15: 3.3333333 | F15: min
A16: 15 | B16: Radiology lab technician | C16: staff | D16: CCR11 | E16: 0.77229167 | F16: min
A17: 16 | B17: Anesthesiologist | C17: staff | D17: CCR14 | E17: 3.3333333 | F17: min
A18: 17 | B18: Anesthesiologist assistant | C18: staff | D18: CCR14 | E18: 0.89208333 | F18: min
A19: 18 | B19: Pharmacy medicatieverificatie&logistiek | C19: staff | D19: n/a | E19: 0.59875 | F19: min
A20: 19 | B20: Pharmacy depotheek | C20: staff | D20: n/a | E20: 0.67125 | F20: min
A21: 20 | B21: Pharmacy productie | C21: staff | D21: n/a | E21: 0.60416667 | F21: min
A22: 21 | B22: Ultrasound, Philips ClearVue850 (3x) | C22: Equipment | D22: CCR4 | E22: 7500 | F22: year
A23: 22 | B23: Puncture suction pump | C23: Equipment | D23: CCR4 | E23: 461.4 | F23: year
A24: 23 | B24: Other medications not directly attributable | C24: Medication | D24: CCR0 | E24: 63675.947 | F24: year
A25: 24 | B25: Stimulation medication bundle OI (Gonadotropins) | C25: Medication | D25: direct | E25: 163.8 | F25: pc
A26: 25 | B26: Stimulation medication bundle OI (Letrozole/Clomid CC) | C26: Medication | D26: direct | E26: 4.5 | F26: pc
... A30: 29 | B30: Ovitrelle trigger | C30: Medication | D30: direct | E30: 18.22 | F30: pc
A31: 30 | B31: ICT costs | C31: Overheads | D31: CCR0 | E31: redacted, in CCR0 | F31: year
A32: 31 | B32: Building rent | C32: Overheads | D32: CCR0 | E32: redacted, in CCR0 | F32: year
A33: 32 | B33: ICT and HR support | C33: Overheads | D33: CCR0 | E33: redacted, in CCR0 | F33: year
A34: 33 | B34: Gynecologist supervision of Arts VPG | C34: staff | D34: CCR0 | E34: redacted, in CCR0 | F34: year
A35: 34 | B35: Overhead staff (quality assurance office, office manager) | C35: staff | D35: CCR0 | E35: redacted, in CCR0 | F35: year
A36: 35 | B36: Weekly multidisciplinary team meeting (all clinical staff) | C36: Overheads | D36: CCR0 | E36: redacted, in CCR0 | F36: year
A37: 36 | B37: Standard blood test (f) during stimulation phases of IVF or OI (FSH, E2) | C37: blood test | D37: direct | E37: 26.86 | F37: pc (bundle)
A38: 37 | B38: Blood test OFO (2x progesterone, FSH, E2, AMH, Chlamydia trachomatis) | C38: blood test | D38: direct | E38: 110.64 | F38: pc (bundle)
A39: 38 | B39: Blood test infection screening (serology; during IVF intake; Hep B, Hep C, HIV; Lues) | C39: blood test | D39: direct | E39: 71.95 | F39: pc (bundle)
A40: 39 | B40: Blood test pregnancy test | C40: blood test | D40: direct | E40: 31.48 | F40: pc (bundle)
A41: 40 | B41: Equipment bundle lab IVF & ICSI | C41: Equipment | D41: CCR8 | E41: 37415.635 | F41: year, incl maintenance
A42: 41 | B42: Equipment bundle lab ICSI | C42: Equipment | D42: CCR9 | E42: 46768.863 | F42: year, incl maintenance
A43: 42 | B43: Equipment bundle lab Cryopreservation | C43: Equipment | D43: CCR10 | E43: 21854.836 | F43: year, incl maintenance
A44: 43 | B44: Equipment bundle lab general (incl andrology lab) | C44: Equipment | D44: CCR7 | E44: 11935.479 | F44: year, incl maintenance
A45: 44 | B45: Disposable bundle IUI for insemination | C45: Disposables | D45: direct | E45: 13.0106 | F45: pc (bundle)
A46: 45 | B46: Disposable bundle ICSI needles (one pair) | C46: Disposables | D46: direct | E46: 33.11407 | F46: pc (bundle)
A47: 46 | B47: Disposable bundle ET set incl. cathether (frozen or fresh cycle) | C47: Disposables | D47: direct | E47: 42.026833 | F47: pc (bundle)
A48: 47 | B48: Disposable bundle puncture/follicular aspiration | C48: Disposables | D48: direct | E48: 46.4761 | F48: pc (bundle)
... A57: 56 | B57: Blood test (f) Progesterone and LH during FET | C57: blood test | D57: direct | E57: 27.3 | F57: pc
